Workbook

Sheet прил1
B1: Приложение № 1
A2: к решению Собрания Депутатов Щекинского сельсовета
B3: Рыльского района
B4: "О бюджете Щекинского сельсовета Рыльского района
A5: Курской области на 2021 год и плановый период 2022-2023 годы"
A6: от ________ №____
A7: Источники внутреннего финансирования дефицита
A8: бюджета Щекинского сельсовета Рыльского района Курской области на 2021 год
C10: рублей
A11: Код группы, подгруппы, статьи и вида источников | B11: Наименование | C11: Сумма на 2021 год | D11: дефицит-профицит | E11: доходы | F11: расходы | G11: дефицит расчетный 5%
A12: 000 01 00 00 00 00 0000 000 | B12: ИСТОЧНИКИ ВНУТРЕННЕГО ФИНАНСИРОВАНИЯ ДЕФИЦИТОВ БЮДЖЕТОВ | C12: =C13+C18+C23 -> 0 | D12: =+E12-F12 -> 0 | E12: =+прил5!D14 -> 1934760 | F12: =+прил9!I10 -> 1934760 | G12: =+прил5!D15*5% -> 40000.7
A13: 000 01 02 00 00 00 0000 000 | B13: Кредиты кредитных организаций в валюте Российской Федерации | C13: =+C14+C16 -> 0
A14: 000 01 02 00 00 00 0000 700 | B14: Получение кредитов от кредитных организаций в валюте Российской Федерации | C14: =+C15 -> 0
A15: 000 01 02 00 00 10 0000 710 | B15: Получение кредитов от кредитных организаций бюджетами поселений в валюте Российской Федерации
A16: 000 01 02 00 00 00 0000 800 | B16: Погашение кредитов, предоставленных кредитными организациями в валюте Российской Федерации | C16: =+C17 -> 0
A17: 000 01 02 00 00 10 0000 810 | B17: Погашение бюджетами поселений кредитов от кредитных организаций в валюте Российской Федерации
A18: 000 01 03 01 00 00 0000 000 | B18: Бюджетные кредиты от других бюджетов бюджетной системы Российской Федерации | C18: =+C19+C21 -> 0
A19: 000 01 03 01 00 00 0000 700 | B19: Получение бюджетных кредитов от других бюджетов бюджетной системы Российской Федерации в валюте Российской Федерации | C19: =C20 -> 0
A20: 000 01 03 01 00 10 0000 710 | B20: Получение кредитов от других бюджетов бюджетной системы Российской Федерации бюджетами поселений в валюте Российской Федерации | C20: 0
A21: 000 01 03 01 00 00 0000 800 | B21: Погашение бюджетных кредитов, полученных от других бюджетов бюджетной системы Российской Федерации в валюте Российской Федерации | C21: =C22 -> 0
A22: 000 01 03 01 00 10 0000 810 | B22: Погашение бюджетами поселений кредитов от других бюджетов бюджетной системы Российской Федерации в валюте Российской Федерации | C22: 0
A23: 000 01 05 00 00 00 0000 000 | B23: Изменение остатков средств на счетах по учету средств бюджета | C23: =C24+C28 -> 0 | E23: =C23-D23 -> 0
A24: 000 01 05 00 00 00 0000 500 | B24: Увеличение остатков средств бюджетов | C24: =C25 -> -1934760
A25: 000 01 05 02 00 00 0000 500 | B25: Увеличение прочих остатков средств бюджетов | C25: =C26 -> -1934760
A26: 000 01 05 02 01 00 0000 510 | B26: Увеличение прочих остатков денежных средств бюджетов | C26: =C27 -> -1934760
A27: 000 01 05 02 01 10 0000 510 | B27: Увеличение прочих остатков денежных средств бюджетов поселений | C27: =-E12-C15-C20 -> -1934760
A28: 000 01 05 00 00 00 0000 600 | B28: Уменьшение остатков средств бюджетов | C28: =C29 -> 1934760
A29: 000 01 05 02 00 00 0000 600 | B29: Уменьшение прочих остатков средств бюджетов | C29: =C30 -> 1934760
A30: 000 01 05 02 01 00 0000 610 | B30: Уменьшение прочих остатков денежных средств бюджетов | C30: =C31 -> 1934760
A31: 000 01 05 02 01 10 0000 610 | B31: Уменьшение прочих остатков денежных средств бюджетов поселений | C31: =F12+C17-C22 -> 1934760

Sheet прил2
A1: Приложение №2
A2: к решению Собрания Депутатов Щекинского сельсовета
B3: Рыльского района от _______ № ___
C4: "О бюджете Щекинского сельсовета Рыльского района
B5: Курской области на 2021 год и плановый период 2022-2023 годы"
A7: Источники внутреннего финансирования дефицита
A8: бюджета Щекинского сельсовета Рыльского района Курской области на 2022 г-2023годы
C10: рублей | E10: 2022 | I10: 2023
A11: Код группы, подгруппы, статьи и вида источников | B11: Наименование | C11: Сумма на 2022 год | D11: Сумма на 2023 год | E11: дефицит-профицит | F11: доходы | G11: расходы | H11: дефицит расчетный 5% | I11: дефицит-профицит | J11: доходы | K11: расходы | L11: дефицит расчетный 5%
A12: 000 01 00 00 00 00 0000 000 | B12: ИСТОЧНИКИ ВНУТРЕННЕГО ФИНАНСИРОВАНИЯ ДЕФИЦИТОВ БЮДЖЕТОВ | C12: =C13+C18+C23 -> 0 | D12: =D13+D18+D23 -> 0 | E12: =+F12-G12 -> 0 | F12: =прил6!D11 -> 1139542 | G12: =прил10!I10 -> 1139542 | H12: =прил6!D12*15% -> 121255.95 | I12: =+J12-K12 -> 0 | J12: =прил6!E11 -> 1128038 | K12: =прил10!J10 -> 1128038 | L12: =прил6!E12*15% -> 122282.7
A13: 000 01 02 00 00 00 0000 000 | B13: Кредиты кредитных организаций в валюте Российской Федерации | C13: =+C14+C16 -> 0 | D13: =+D14+D16 -> 0
A14: 000 01 02 00 00 00 0000 700 | B14: Получение кредитов от кредитных организаций в валюте Российской Федерации | C14: =+C15 -> 0 | D14: =+D15 -> 0
A15: 000 01 02 00 00 10 0000 710 | B15: Получение кредитов от кредитных организаций бюджетами поселений в валюте Российской Федерации
A16: 000 01 02 00 00 00 0000 800 | B16: Погашение кредитов, предоставленных кредитными организациями в валюте Российской Федерации | C16: =+C17 -> 0 | D16: =+D17 -> 0
A17: 000 01 02 00 00 10 0000 810 | B17: Погашение бюджетами поселений кредитов от кредитных организаций в валюте Российской Федерации | C17: =-прил1!C15 -> 0 | D17: =-C15 -> 0
A18: 000 01 03 01 00 00 0000 000 | B18: Бюджетные кредиты от других бюджетов бюджетной системы Российской Федерации | C18: =+C19+C21 -> 0 | D18: =+D19+D21 -> 0
A19: 000 01 03 01 00 00 0000 700 | B19: Получение бюджетных кредитов от других бюджетов бюджетной системы Российской Федерации в валюте Российской Федерации | C19: =C20 -> 0 | D19: =D20 -> 0
A20: 000 01 03 01 00 10 0000 710 | B20: Получение кредитов от других бюджетов бюджетной системы Российской Федерации бюджетами поселений в валюте Российской Федерации
A21: 000 01 03 01 00 00 0000 800 | B21: Погашение бюджетных кредитов, полученных от других бюджетов бюджетной системы Российской Федерации в валюте Российской Федерации | C21: =C22 -> 0 | D21: =D22 -> 0
A22: 000 01 03 01 00 10 0000 810 | B22: Погашение бюджетами поселений кредитов от других бюджетов бюджетной системы Российской Федерации в валюте Российской Федерации
A23: 000 01 05 00 00 00 0000 000 | B23: Изменение остатков средств на счетах по учету средств бюджета | C23: =C24+C28 -> 0 | D23: =D24+D28 -> 0
A24: 000 01 05 00 00 00 0000 500 | B24: Увеличение остатков средств бюджетов | C24: =C25 -> -1139542 | D24: =D25 -> -1128038
A25: 000 01 05 02 00 00 0000 500 | B25: Увеличение прочих остатков средств бюджетов | C25: =C26 -> -1139542 | D25: =D26 -> -1128038
A26: 000 01 05 02 01 00 0000 510 | B26: Увеличение прочих остатков денежных средств бюджетов | C26: =C27 -> -1139542 | D26: =D27 -> -1128038
A27: 000 01 05 02 01 10 0000 510 | B27: Увеличение прочих остатков денежных средств бюджетов поселений | C27: =-F12-C15-C20 -> -1139542 | D27: =-J12-D15-D20 -> -1128038
A28: 000 01 05 00 00 00 0000 600 | B28: Уменьшение остатков средств бюджетов | C28: =C29 -> 1139542 | D28: =D29 -> 1128038
A29: 000 01 05 02 00 00 0000 600 | B29: Уменьшение прочих остатков средств бюджетов | C29: =C30 -> 1139542 | D29: =D30 -> 1128038
A30: 000 01 05 02 01 00 0000 610 | B30: Уменьшение прочих остатков денежных средств бюджетов | C30: =C31 -> 1139542 | D30: =D31 -> 1128038
A31: 000 01 05 02 01 10 0000 610 | B31: Уменьшение прочих остатков денежных средств бюджетов поселений | C31: =G12-C17+C22 -> 1139542 | D31: =K12-D17+D22 -> 1128038

Sheet прил3
A1: Приложение №3
A2: к решению Собрания Депутатов Щекинского сельсовета
A3: Рыльского района
A4: "О бюджете Щекинского сельсовета Рыльского района
A5: Курской области на 2021 год и на плановый период 2022 и 2023 годов"
A6: от __________ №____
A8: Перечень главных администраторов доходов
A9: бюджета Щекинского сельсовета Рыльского района Курской области
A11: Код главного администратора доходов | B11: Код бюджетной классификации Российской Федерации доходов бюджета | C11: Наименование главного администратора доходов бюджета муниципального образования
A12: Администрация Щекинского сельсовета Рыльского района
A13: 001 | B13: 1 08 04020 01 0000 110 | C13: Государственная пошлина за совершение нотариальных действий должностными лицами органов местного самоуправления, уполномоченными в соответствии с законодательными актами Российской Федерации на совершение нотариальных действий
A14: 001 | B14: 1 11 01050 10 0000 120 | C14: Доходы в виде прибыли, приходящейся на доли в уставных (складочных) капиталах хозяйственных товариществ и обществ, или дивидендов по акциям, принадлежащим сельским поселениям
A15: 001 | B15: 1 11 02085 10 0000 120 | C15: Доходы от размещения сумм, аккумулируемых в ходе проведения аукционов по продаже акций, находящихся в собственности сельских поселений
A16: 001 | B16: 1 11 03050 10 0000 120 | C16: Проценты, полученные от предоставления бюджетных кредитов внутри страны за счет средств бюджетов сельских поселений
A17: 001 | B17: 1 11 05025 10 0000 120 | C17: Доходы, получаемые в виде арендной платы, а также средства от продажи права на заключение договоров аренды за земли, находящиеся в собственности сельских поселений (за исключением земельных участков муниципальных бюджетных и автономных учреждений)
A18: 001 | B18: 1 11 05075 10 0000 120 | C18: Доходы от сдачи в аренду имущества, составляющего казну сельских поселений (за исключением земельных участков)
A19: 001 | B19: 1 11 05093 10 0000 120 | C19: Доходы от предоставления на платной основе парковок (парковочных мест), расположенных на автомобильных дорогах общего пользования местного значения и местах внеуличной дорожной сети, относящихся к собственности сельских поселений
A20: 001 | B20: 1 11 07015 10 0000 120 | C20: Доходы от перечисления части прибыли, остающейся после уплаты налогов и иных обязательных платежей муниципальных унитарных предприятий, созданных сельскими поселениями
A21: 001 | B21: 1 11 08050 10 0000 120 | C21: Средства, получаемые от передачи имущества, находящегося в собственности сельских поселений (за исключением имущества муниципальных бюджетных и автономных учреждений, а также имущества муниципальных унитарных предприятий, в том числе казенных), в залог, в доверительное управление
A22: 001 | B22: 1 11 09015 10 0000 120 | C22: Доходы от распоряжения правами на результаты интеллектуальной деятельности военного, специального и двойного назначения, находящимися в собственности сельских поселений
A23: 001 | B23: 1 11 09025 10 0000 120 | C23: Доходы от распоряжения правами на результаты научно-технической деятельности, находящимися в собственности сельских поселений
A24: 001 | B24: 1 11 09035 10 0000 120 | C24: Доходы от эксплуатации и использования имущества автомобильных дорог, находящихся в собственности сельских поселений
... A55: 001 | B55: 2 00 00000 00 0000 000 | C55: Безвозмездные поступления*
A56: * Главными администраторами доходов, администраторами доходов по группе доходов «2 00 00000 00 0000 000 Безвозмездные поступления» (в части доходов, зачисляемых в бюджет сельского поселения) являются уполномоченные органы местного самоуправления, а также созданные ими казённые учреждения.

Sheet прил4
A1: Приложение №4
A2: к решению Собрания Депутатов Щекинского сельсовета
A3: Рыльского района от_________ №____
A4: "О бюджете Щекинского сельсовета Рыльского района
A5: Курской области на 2021 год и плановый период 2022-2023 годы"
A8: Перечень главных администраторов источников финансирования
A9: дефицита бюджета Щекинского сельсовета Рыльского района Курской области
A12: Код главы | B12: Код группы, подгруппы, статьи и вида источников | C12: Наименование
A13: 001 | B13: Администрация Щекинского сельсовета Рыльского района
A14: 001 | B14: 01 02 00 00 10 0000 710 | C14: Получение кредитов от кредитных организаций бюджетами сельских поселений в валюте Российской Федерации
A15: 001 | B15: 01 02 00 00 10 0000 810 | C15: Погашение бюджетами сельских поселений кредитов от кредитных организаций в валюте Российской Федерации
A16: 001 | B16: 01 03 01 00 10 0000 710 | C16: Получение кредитов от других бюджетов бюджетной системы Российской Федерации бюджетами сельских поселений в валюте Российской Федерации
A17: 001 | B17: 01 03 01 00 10 0000 810 | C17: Погашение бюджетами сельских поселений кредитов от других бюджетов бюджетной системы Российской Федерации в валюте Российской Федерации
A18: 001 | B18: 01 05 02 01 10 0000 510 | C18: Увеличение прочих остатков денежных средств бюджетов сельских поселений
A19: 001 | B19: 01 05 02 01 10 0000 610 | C19: Уменьшение прочих остатков денежных средств бюджетов сельских поселений

Sheet прил5
B1: Приложение № 5
A2: к решению Собрания Депутатов Щекинского сельсовета
A3: Рыльского района от _________ №___
A4: "О бюджете Щекинского сельсовета Рыльского района
A5: Курской области на 2021 год и плановый период 2022 - 2023 годы"
A10: Поступления доходов в бюджет Щекинского сельсовета Рыльского района Курской области и межбюджетных
A11: трансфертов, получаемых из других бюджетов бюджетной системы Российской Федерации в 2021 году
D12: (руб)
A13: Код бюджетной классификации Российской Федерации | B13: Наименование доходов | C13: Уровень кода | D13: Сумма на 2021 год
B14: ВСЕГО | D14: =+D15+D70 -> 1934760
A15: 1 00 00000 00 0000 000 | B15: НАЛОГОВЫЕ И НЕНАЛОГОВЫЕ ДОХОДЫ | C15: 1 | D15: =D16+D21+D25+D33+D36+D44+D51+D59+D65 -> 800014
A16: 1 01 00000 00 0000 000 | B16: НАЛОГИ НА ПРИБЫЛЬ, ДОХОДЫ | C16: 2 | D16: =+D17 -> 125875
A17: 1 01 02000 01 0000 110 | B17: Налог на доходы физических лиц | C17: 3 | D17: =SUM(D18:D20) -> 125875
A18: 1 01 02010 01 0000 110 | B18: Налог на доходы физических лиц с доходов, источником которых является налоговый агент, за исключением доходов, в отношении которых исчисление и уплата налога осуществляются в соответствии со статьями 227, 227.1 и 228 Налогового кодекса Российской Федерации | C18: 4 | D18: 125031
A19: 1 01 02020 01 0000 110 | B19: Налог на доходы физических лиц с доходов, полученных от осуществления деятельности физическими лицами, зарегистрированными в качестве индивидуальных предпринимателей, нотариусов, занимающихся частной практикой, адвокатов, учредивших адвокатские кабинеты, и других лиц, занимающихся частной практикой в соответствии со статьей 227 Налогового кодекса Российской Федерации | C19: 4
A20: 1 01 02030 01 0000 110 | B20: Налог на доходы физических лиц с доходов, полученных физическими лицами в соответствии со статьей 228 Налогового кодекса Российской Федерации | C20: 4 | D20: 844
A21: 1 05 00000 00 0000 000 | B21: НАЛОГИ НА СОВОКУПНЫЙ ДОХОД | C21: 2 | D21: =+D22 -> 66251
A22: 1 05 03000 01 0000 110 | B22: Единый сельскохозяйственный налог | C22: 3 | D22: =SUM(D23:D24) -> 66251
A23: 1 05 03010 01 0000 110 | B23: Единый сельскохозяйственный налог | C23: 4 | D23: 66251
A24: 1 05 03020 01 0000 110 | B24: Единый сельскохозяйственный налог (за налоговые периоды, истекшие до 1 января 2011 года) | C24: 4
A25: 1 06 00000 00 0000 000 | B25: НАЛОГИ НА ИМУЩЕСТВО | C25: 2 | D25: =+D26+D28 -> 604288
A26: 1 06 01000 00 0000 110 | B26: Налог на имущество физических лиц | C26: 3 | D26: =+D27 -> 35900
A27: 1 06 01030 10 0000 110 | B27: Налог на имущество физических лиц, взимаемый по ставкам, применяемым к объектам налогообложения, расположенным в границах сельских поселений | C27: 4 | D27: 35900
A28: 1 06 06000 00 0000 110 | B28: Земельный налог | C28: 3 | D28: =+D29+D31 -> 568388
A29: 1 06 06030 00 0000 110 | B29: Земельный налог с организаций | C29: 4 | D29: =+D30 -> 369450
A30: 1 06 06033 10 0000 110 | B30: Земельный налог с организаций, обладающих земельным участком, расположенным в границах сельских поселений | C30: 5 | D30: 369450
A31: 1 06 06040 00 0000 110 | B31: Земельный налог с физических лиц | C31: 4 | D31: =+D32 -> 198938
A32: 1 06 06043 10 0000 110 | B32: Земельный налог с физических лиц, обладающих земельным участком, расположенным в границах сельских поселений | C32: 5 | D32: 198938
A33: 1 08 00000 00 0000 000 | B33: ГОСУДАРСТВЕННАЯ ПОШЛИНА | C33: 2 | D33: =+D34 -> 0
A34: 1 08 04000 01 0000 110 | B34: Государственная пошлина за совершение нотариальных действий (за исключением действий, совершаемых консульскими учреждениями Российской Федерации) | C34: 3 | D34: =+D35 -> 0
A35: 1 08 04020 01 0000 110 | B35: Государственная пошлина за совершение нотариальных действий должностными лицами органов местного самоуправления, уполномоченными в соответствии с законодательными актами Российской Федерации на совершение нотариальных действий | C35: 4
A36: 1 11 00000 00 0000 000 | B36: ДОХОДЫ ОТ ИСПОЛЬЗОВАНИЯ ИМУЩЕСТВА, НАХОДЯЩЕГОСЯ В ГОСУДАРСТВЕННОЙ И МУНИЦИПАЛЬНОЙ СОБСТВЕННОСТИ | C36: 2 | D36: =+D37 -> 0
A37: 1 11 05000 00 0000 120 | B37: Доходы, получаемые в виде арендной либо иной платы за передачу в возмездное пользование государственного и муниципального имущества (за исключением имущества бюджетных и автономных учреждений, а также имущества государственных и муниципальных унитарных предприятий, в том числе казенных) | C37: 3 | D37: =+D38+D40+D42 -> 0
A38: 1 11 05020 00 0000 120 | B38: Доходы, получаемые в виде арендной платы за земли после разграничения государственной собственности на землю, а также средства от продажи права на заключение договоров аренды указанных земельных участков (за исключением земельных участков бюджетных и автономных учреждений) | C38: 4 | D38: =+D39 -> 0
A39: 1 11 05025 10 0000 120 | B39: Доходы, получаемые в виде арендной платы, а также средства от продажи права на заключение договоров аренды за земли, находящиеся в собственности сельских поселений (за исключением земельных участков муниципальных бюджетных и автономных учреждений) | C39: 5
A40: 1 11 05030 00 0000 120 | B40: Доходы от сдачи в аренду имущества, находящегося в оперативном управлении органов государственной власти, органов местного самоуправления, государственных внебюджетных фондов и созданных ими учреждений (за исключением имущества бюджетных и автономных учреждений) | C40: 4 | D40: =+D41 -> 0
A41: 1 11 05035 10 0000 120 | B41: Доходы от сдачи в аренду имущества, находящегося в оперативном управлении органов управления сельских поселений и созданных ими учреждений (за исключением имущества муниципальных бюджетных и автономных учреждений) | C41: 5
A42: 1 11 05070 00 0000 120 | B42: Доходы от сдачи в аренду имущества, составляющего государственную (муниципальную) казну (за исключением земельных участков) | C42: 4 | D42: =+D43 -> 0
A43: 1 11 05075 10 0000 120 | B43: Доходы от сдачи в аренду имущества, составляющего казну сельских поселений (за исключением земельных участков) | C43: 5
A44: 1 13 00000 00 0000 000 | B44: ДОХОДЫ ОТ ОКАЗАНИЯ ПЛАТНЫХ УСЛУГ (РАБОТ) И КОМПЕНСАЦИИ ЗАТРАТ ГОСУДАРСТВА | C44: 2 | D44: =+D45+D48 -> 3600
A45: 1 13 01000 00 0000 130 | B45: Доходы от оказания платных услуг (работ) | C45: 0 | D45: =+D46 -> 3600
A46: 1 13 01990 00 0000 130 | B46: Прочие доходы от оказания платных услуг (работ) | C46: 0 | D46: =+D47 -> 3600
A47: 1 13 01995 10 0000 130 | B47: Прочие доходы от оказания платных услуг (работ) получателями средств бюджетов сельских поселений | D47: 3600
A48: 1 13 02000 00 0000 130 | B48: Доходы от компенсации затрат государства | C48: 3 | D48: =+D49 -> 0
A49: 1 13 02990 00 0000 130 | B49: Прочие доходы от компенсации затрат государства | C49: 4 | D49: =+D50 -> 0
A50: 1 13 02995 10 0000 130 | B50: Прочие доходы от компенсации затрат бюджетов сельских поселений | C50: 5
A51: 1 14 00000 00 0000 000 | B51: ДОХОДЫ ОТ ПРОДАЖИ МАТЕРИАЛЬНЫХ И НЕМАТЕРИАЛЬНЫХ АКТИВОВ | C51: 2 | D51: =+D52+D56 -> 0
A52: 1 14 02000 00 0000 000 | B52: Доходы от реализации имущества, находящегося в государственной и муниципальной собственности (за исключением движимого имущества бюджетных и автономных учреждений, а также имущества государственных и муниципальных унитарных предприятий, в том числе казенных) | C52: 3 | D52: =+D53 -> 0
A53: 1 14 02050 10 0000 410 | B53: Доходы от реализации имущества, находящегося в собственности сельских поселений (за исключением движимого имущества муниципальных бюджетных и автономных учреждений, а также имущества муниципальных унитарных предприятий, в том числе казенных), в части реализации основных средств по указанному имуществу | C53: 4 | D53: =SUM(D54:D55) -> 0
A54: 1 14 02052 10 0000 410 | B54: Доходы от реализации имущества, находящегося в оперативном управлении учреждений, находящихся в ведении органов управления сельских поселений (за исключением имущества муниципальных бюджетных и автономных учреждений), в части реализации основных средств по указанному имуществу | C54: 5
A55: 1 14 02053 10 0000 410 | B55: Доходы от реализации иного имущества, находящегося в собственности сельских поселений (за исключением имущества муниципальных бюджетных и автономных учреждений, а также имущества муниципальных унитарных предприятий, в том числе казенных), в части реализации основных средств по указанному имуществу | C55: 5
A56: 1 14 06000 00 0000 430 | B56: Доходы от продажи земельных участков, находящихся в государственной и муниципальной собственности | C56: 3 | D56: =+D57 -> 0
A57: 1 14 06020 00 0000 430 | B57: Доходы от продажи земельных участков, государственная собственность на которые разграничена (за исключением земельных участков бюджетных и автономных учреждений) | C57: 4 | D57: =+D58 -> 0
A58: 1 14 06025 10 0000 430 | B58: Доходы от продажи земельных участков, находящихся в собственности сельских поселений (за исключением земельных участков муниципальных бюджетных и автономных учреждений) | C58: 5
A59: 1 16 00000 00 0000 000 | B59: ШТРАФЫ, САНКЦИИ, ВОЗМЕЩЕНИЕ УЩЕРБА | C59: 2 | D59: =+D60+D63 -> 0
A60: 1 16 23000 00 0000 140 | B60: Доходы от возмещения ущерба при возникновении страховых случаев | C60: 3 | D60: =+D61 -> 0
A61: 1 16 23050 10 0000 140 | B61: Доходы от возмещения ущерба при возникновении страховых случаев, когда выгодоприобретателями выступают получатели средств бюджетов сельских поселений | C61: 4 | D61: =+D62 -> 0
A62: 1 16 23051 10 0000 140 | B62: Доходы от возмещения ущерба при возникновении страховых случаев по обязательному страхованию гражданской ответственности, когда выгодоприобретателями выступают получатели средств бюджетов сельских поселений | C62: 5
A63: 1 16 32000 00 0000 140 | B63: Денежные взыскания, налагаемые в возмещение ущерба, причиненного в результате незаконного или нецелевого использования бюджетных средств | C63: 3 | D63: =+D64 -> 0
A64: 1 16 32000 10 0000 140 | B64: Денежные взыскания, налагаемые в возмещение ущерба, причиненного в результате незаконного или нецелевого использования бюджетных средств (в части бюджетов сельских поселений) | C64: 4
A65: 1 17 00000 00 0000 000 | B65: ПРОЧИЕ НЕНАЛОГОВЫЕ ДОХОДЫ | C65: 2 | D65: =+D66+D68 -> 0
A66: 1 17 01000 00 0000 180 | B66: Невыясненные поступления | C66: 3 | D66: =+D67 -> 0
A67: 1 17 01050 10 0000 180 | B67: Невыясненные поступления, зачисляемые в бюджеты сельских поселений | C67: 4
A68: 1 17 05000 00 0000 180 | B68: Прочие неналоговые доходы | C68: 3 | D68: =+D69 -> 0
A69: 1 17 05050 10 0000 180 | B69: Прочие неналоговые доходы бюджетов сельских поселений | C69: 4
A70: 2 00 00000 00 0000 000 | B70: БЕЗВОЗМЕЗДНЫЕ ПОСТУПЛЕНИЯ | C70: 1 | D70: =+D71+D90+D96+D93 -> 1134746
A71: 2 02 00000 00 0000 000 | B71: БЕЗВОЗМЕЗДНЫЕ ПОСТУПЛЕНИЯ ОТ ДРУГИХ БЮДЖЕТОВ БЮДЖЕТНОЙ СИСТЕМЫ РОССИЙСКОЙ ФЕДЕРАЦИИ | C71: 2 | D71: =+D72+D77+D84+D87 -> 1134746
A72: 2 02 10000 00 0000 150 | B72: Дотации бюджетам бюджетной системы Российской Федерации | C72: 3 | D72: =D73+D75 -> 567353
A73: 2 02 15002 00 0000 150 | B73: Дотации бюджетам на поддержку мер по обеспечению сбалансированности бюджетов | C73: 317450 | D73: =D74 -> 325916
A74: 2 02 15002 10 0000 150 | B74: Дотации бюджетам сельских поселений на поддержку мер по обеспечению сбалансированности бюджетов | C74: 317450 | D74: 325916
A75: 2 02 16001 00 0000 150 | B75: Дотации на выравнивание бюджетной обеспеченности из бюджетов муниципальных районов, городских округов с внутригородским делением | C75: 277010 | D75: =D76 -> 241437
A76: 2 02 16001 10 0000 150 | B76: Дотации бюджетам сельских поселений на выравнивание бюджетной обеспеченности из бюджетов муниципальных районов | C76: 277010 | D76: 241437
A77: 2 02 20000 00 0000 150 | B77: Субсидии бюджетам бюджетной системы Российской Федерации (межбюджетные субсидии) | C77: 3 | D77: =+D78+D80+D82 -> 478126
A78: 2 02 25467 00 0000 150 | B78: Субсидии бюджетам на обеспечение развития и укрепления материально-технической базы домов культуры в населенных пунктах с числом жителей до 50 тысяч человек | C78: 4 | D78: =+D79 -> 0
A79: 2 02 25467 10 0000 150 | B79: Субсидии бюджетам сельских поселений на обеспечение развития и укрепления материально-технической базы домов культуры в населенных пунктах с числом жителей до 50 тысяч человек | C79: 5
A80: 2 02 25555 00 0000 150 | B80: Субсидии бюджетам на поддержку государственных программ субъектов Российской Федерации и муниципальных программ формирования современной городской среды | C80: 4 | D80: =+D81 -> 0
A81: 2 02 25555 10 0000 150 | B81: Субсидии бюджетам сельских поселений на поддержку государственных программ субъектов Российской Федерации и муниципальных программ формирования современной городской среды | C81: 5
A82: 2 02 29999 00 0000 150 | B82: Прочие субсидии | C82: 4 | D82: =+D83 -> 478126
A83: 2 02 29999 10 0000 150 | B83: Прочие субсидии бюджетам сельских поселений | C83: 5 | D83: 478126
A84: 2 02 30000 00 0000 150 | B84: Субвенции бюджетам бюджетной системы Российской Федерации | C84: 3 | D84: =+D85 -> 89267
A85: 2 02 35118 00 0000 150 | B85: Субвенции бюджетам на осуществление первичного воинского учета на территориях, где отсутствуют военные комиссариаты | C85: 4 | D85: =+D86 -> 89267
A86: 2 02 35118 10 0000 150 | B86: Субвенции бюджетам сельских поселений на осуществление первичного воинского учета на территориях, где отсутствуют военные комиссариаты | C86: 5 | D86: 89267
A87: 2 02 40000 00 0000 150 | B87: Иные межбюджетные трансферты | C87: 3 | D87: =+D88 -> 0
A88: 2 02 40014 00 0000 150 | B88: Межбюджетные трансферты, передаваемые бюджетам муниципальных образований на осуществление части полномочий по решению вопросов местного значения в соответствии с заключенными соглашениями | C88: 4 | D88: =+D89 -> 0
A89: 2 02 40014 10 0000 150 | B89: Межбюджетные трансферты, передаваемые бюджетам сельских поселений из бюджетов муниципальных районов на осуществление части полномочий по решению вопросов местного значения в соответствии с заключенными соглашениями | C89: 5
A90: 2 07 00000 00 0000 000 | B90: ПРОЧИЕ БЕЗВОЗМЕЗДНЫЕ ПОСТУПЛЕНИЯ | C90: 2 | D90: =+D91 -> 0
A91: 2 07 05000 10 0000 150 | B91: Прочие безвозмездные поступления в бюджеты сельских поселений | C91: 3 | D91: =+D92 -> 0
A92: 2 07 05030 10 0000 150 | B92: Прочие безвозмездные поступления в бюджеты сельских поселений | C92: 4
A93: 2 18 00000 00 0000 000 | B93: ДОХОДЫ БЮДЖЕТОВ БЮДЖЕТНОЙ СИСТЕМЫ РОССИЙСКОЙ ФЕДЕРАЦИИ ОТ ВОЗВРАТА БЮДЖЕТАМИ БЮДЖЕТНОЙ СИСТЕМЫ РОССИЙСКОЙ ФЕДЕРАЦИИ И ОРГАНИЗАЦИЯМИ ОСТАТКОВ СУБСИДИЙ, СУБВЕНЦИЙ И ИНЫХ МЕЖБЮДЖЕТНЫХ ТРАНСФЕРТОВ, ИМЕЮЩИХ ЦЕЛЕВОЕ НАЗНАЧЕНИЕ, ПРОШЛЫХ ЛЕТ | C93: 2 | D93: =+D94 -> 0
A94: 2 18 00000 10 0000 150 | B94: Доходы бюджетов сельских поселений от возврата бюджетами бюджетной системы Российской Федерации остатков субсидий, субвенций и иных межбюджетных трансфертов, имеющих целевое назначение, прошлых лет | C94: 3 | D94: =+D95 -> 0
A95: 2 18 60010 10 0000 150 | B95: Доходы бюджетов сельских поселений от возврата остатков субсидий, субвенций и иных межбюджетных трансфертов, имеющих целевое назначение, прошлых лет из бюджетов муниципальных районов | C95: 4
A96: 2 19 00000 00 0000 000 | B96: ВОЗВРАТ ОСТАТКОВ СУБСИДИЙ, СУБВЕНЦИЙ И ИНЫХ МЕЖБЮДЖЕТНЫХ ТРАНСФЕРТОВ, ИМЕЮЩИХ ЦЕЛЕВОЕ НАЗНАЧЕНИЕ, ПРОШЛЫХ ЛЕТ | C96: 2 | D96: =+D97 -> 0
A97: 2 19 00000 10 0000 150 | B97: Возврат остатков субсидий, субвенций и иных межбюджетных трансфертов, имеющих целевое назначение, прошлых лет из бюджетов сельских поселений | C97: 3 | D97: =+D98 -> 0
A98: 2 19 60010 10 0000 150 | B98: Возврат прочих остатков субсидий, субвенций и иных межбюджетных трансфертов, имеющих целевое назначение, прошлых лет из бюджетов сельских поселений | C98: 4

Sheet прил6
A1: Приложение №6
A2: к решению Собрания Депутатов Щекинского сельсовета
A3: Рыльского района от _________ №___
A4: "О бюджете Щекинского сельсовета Рыльского района
A5: Курской области на 2021 год и плановый период 2022-2023 годы"
A7: Поступления доходов в бюджет Щекинского сельсовета Рыльского района Курской области и межбюджетных трансфертов, получаемых из других бюджетов бюджетной системы Российской Федерации в плановом периоде 2021 и 2022 годов
C9: рублей
A10: Код бюджетной классификации Российской Федерации | B10: Наименование доходов | C10: Уровень кода | D10: Сумма на 2022 год | E10: Сумма на 2023 год
B11: ВСЕГО | D11: =+D12+D64 -> 1139542 | E11: =+E12+E64 -> 1128038
A12: 1 00 00000 00 0000 000 | B12: НАЛОГОВЫЕ И НЕНАЛОГОВЫЕ ДОХОДЫ | C12: 1 | D12: =D13+D18+D22+D30+D33+D41+D45+D53+D59 -> 808373 | E12: =E13+E18+E22+E30+E33+E41+E45+E53+E59 -> 815218
A13: 1 01 00000 00 0000 000 | B13: НАЛОГИ НА ПРИБЫЛЬ, ДОХОДЫ | C13: 2 | D13: =+D14 -> 131650 | E13: =+E14 -> 135810
A14: 1 01 02000 01 0000 110 | B14: Налог на доходы физических лиц | C14: 3 | D14: =SUM(D15:D17) -> 131650 | E14: =SUM(E15:E17) -> 135810
A15: 1 01 02010 01 0000 110 | B15: Налог на доходы физических лиц с доходов, источником которых является налоговый агент, за исключением доходов, в отношении которых исчисление и уплата налога осуществляются в соответствии со статьями 227, 227.1 и 228 Налогового кодекса Российской Федерации | C15: 4 | D15: 130806 | E15: 134966
A16: 1 01 02020 01 0000 110 | B16: Налог на доходы физических лиц с доходов, полученных от осуществления деятельности физическими лицами, зарегистрированными в качестве индивидуальных предпринимателей, нотариусов, занимающихся частной практикой, адвокатов, учредивших адвокатские кабинеты, и других лиц, занимающихся частной практикой в соответствии со статьей 227 Налогового кодекса Российской Федерации | C16: 4
A17: 1 01 02030 01 0000 110 | B17: Налог на доходы физических лиц с доходов, полученных физическими лицами в соответствии со статьей 228 Налогового кодекса Российской Федерации | C17: 4 | D17: 844 | E17: 844
A18: 1 05 00000 00 0000 000 | B18: НАЛОГИ НА СОВОКУПНЫЙ ДОХОД | C18: 2 | D18: =+D19 -> 68835 | E18: =+E19 -> 71520
A19: 1 05 03000 01 0000 110 | B19: Единый сельскохозяйственный налог | C19: 3 | D19: =SUM(D20:D21) -> 68835 | E19: =SUM(E20:E21) -> 71520
A20: 1 05 03010 01 0000 110 | B20: Единый сельскохозяйственный налог | C20: 4 | D20: 68835 | E20: 71520
A21: 1 05 03020 01 0000 110 | B21: Единый сельскохозяйственный налог (за налоговые периоды, истекшие до 1 января 2011 года) | C21: 4
A22: 1 06 00000 00 0000 000 | B22: НАЛОГИ НА ИМУЩЕСТВО | C22: 2 | D22: =+D23+D25 -> 604288 | E22: =+E23+E25 -> 604288
A23: 1 06 01000 00 0000 110 | B23: Налог на имущество физических лиц | C23: 3 | D23: =+D24 -> 35900 | E23: =+E24 -> 35900
A24: 1 06 01030 10 0000 110 | B24: Налог на имущество физических лиц, взимаемый по ставкам, применяемым к объектам налогообложения, расположенным в границах сельских поселений | C24: 4 | D24: 35900 | E24: 35900
A25: 1 06 06000 00 0000 110 | B25: Земельный налог | C25: 3 | D25: =+D26+D28 -> 568388 | E25: =+E26+E28 -> 568388
A26: 1 06 06030 00 0000 110 | B26: Земельный налог с организаций | C26: 4 | D26: =+D27 -> 369450 | E26: =+E27 -> 369450
A27: 1 06 06033 10 0000 110 | B27: Земельный налог с организаций, обладающих земельным участком, расположенным в границах сельских поселений | C27: 5 | D27: 369450 | E27: 369450
A28: 1 06 06040 00 0000 110 | B28: Земельный налог с физических лиц | C28: 4 | D28: =+D29 -> 198938 | E28: =+E29 -> 198938
A29: 1 06 06043 10 0000 110 | B29: Земельный налог с физических лиц, обладающих земельным участком, расположенным в границах сельских поселений | C29: 5 | D29: 198938 | E29: 198938
A30: 1 08 00000 00 0000 000 | B30: ГОСУДАРСТВЕННАЯ ПОШЛИНА | C30: 2 | D30: =+D31 -> 0 | E30: =+E31 -> 0
A31: 1 08 04000 01 0000 110 | B31: Государственная пошлина за совершение нотариальных действий (за исключением действий, совершаемых консульскими учреждениями Российской Федерации) | C31: 3 | D31: =+D32 -> 0 | E31: =+E32 -> 0
A32: 1 08 04020 01 0000 110 | B32: Государственная пошлина за совершение нотариальных действий должностными лицами органов местного самоуправления, уполномоченными в соответствии с законодательными актами Российской Федерации на совершение нотариальных действий | C32: 4
A33: 1 11 00000 00 0000 000 | B33: ДОХОДЫ ОТ ИСПОЛЬЗОВАНИЯ ИМУЩЕСТВА, НАХОДЯЩЕГОСЯ В ГОСУДАРСТВЕННОЙ И МУНИЦИПАЛЬНОЙ СОБСТВЕННОСТИ | C33: 2 | D33: =+D34 -> 0 | E33: =+E34 -> 0
A34: 1 11 05000 00 0000 120 | B34: Доходы, получаемые в виде арендной либо иной платы за передачу в возмездное пользование государственного и муниципального имущества (за исключением имущества бюджетных и автономных учреждений, а также имущества государственных и муниципальных унитарных предприятий, в том числе казенных) | C34: 3 | D34: =+D35+D37+D39 -> 0 | E34: =+E35+E37+E39 -> 0
A35: 1 11 05020 00 0000 120 | B35: Доходы, получаемые в виде арендной платы за земли после разграничения государственной собственности на землю, а также средства от продажи права на заключение договоров аренды указанных земельных участков (за исключением земельных участков бюджетных и автономных учреждений) | C35: 4 | D35: =+D36 -> 0 | E35: =+E36 -> 0
A36: 1 11 05025 10 0000 120 | B36: Доходы, получаемые в виде арендной платы, а также средства от продажи права на заключение договоров аренды за земли, находящиеся в собственности сельских поселений (за исключением земельных участков муниципальных бюджетных и автономных учреждений) | C36: 5 | D36: 0 | E36: 0
A37: 1 11 05030 00 0000 120 | B37: Доходы от сдачи в аренду имущества, находящегося в оперативном управлении органов государственной власти, органов местного самоуправления, государственных внебюджетных фондов и созданных ими учреждений (за исключением имущества бюджетных и автономных учреждений) | C37: 4 | D37: =+D38 -> 0 | E37: =+E38 -> 0
A38: 1 11 05035 10 0000 120 | B38: Доходы от сдачи в аренду имущества, находящегося в оперативном управлении органов управления сельских поселений и созданных ими учреждений (за исключением имущества муниципальных бюджетных и автономных учреждений) | C38: 5
A39: 1 11 05070 00 0000 120 | B39: Доходы от сдачи в аренду имущества, составляющего государственную (муниципальную) казну (за исключением земельных участков) | C39: 4 | D39: =+D40 -> 0 | E39: =+E40 -> 0
A40: 1 11 05075 10 0000 120 | B40: Доходы от сдачи в аренду имущества, составляющего казну сельских поселений (за исключением земельных участков) | C40: 5
A41: 1 13 00000 00 0000 000 | B41: ДОХОДЫ ОТ ОКАЗАНИЯ ПЛАТНЫХ УСЛУГ (РАБОТ) И КОМПЕНСАЦИИ ЗАТРАТ ГОСУДАРСТВА | C41: 2 | D41: =+D42 -> 3600 | E41: =+E42 -> 3600
A42: 1 13 01000 00 0000 130 | B42: Доходы от оказания платных услуг (работ) | C42: 3 | D42: =+D43 -> 3600 | E42: =+E43 -> 3600
A43: 1 13 01990 00 0000 130 | B43: Прочие доходы от оказания платных услуг (работ) | C43: 4 | D43: =+D44 -> 3600 | E43: =+E44 -> 3600
A44: 1 13 01995 10 0000 130 | B44: Прочие доходы от оказания платных услуг (работ) получателями средств бюджетов сельских поселений | C44: 5 | D44: 3600 | E44: 3600
A45: 1 14 00000 00 0000 000 | B45: ДОХОДЫ ОТ ПРОДАЖИ МАТЕРИАЛЬНЫХ И НЕМАТЕРИАЛЬНЫХ АКТИВОВ | C45: 2 | D45: =+D46+D50 -> 0 | E45: =+E46+E50 -> 0
A46: 1 14 02000 00 0000 000 | B46: Доходы от реализации имущества, находящегося в государственной и муниципальной собственности (за исключением движимого имущества бюджетных и автономных учреждений, а также имущества государственных и муниципальных унитарных предприятий, в том числе казенных) | C46: 3 | D46: =+D47 -> 0 | E46: =+E47 -> 0
A47: 1 14 02050 10 0000 410 | B47: Доходы от реализации имущества, находящегося в собственности сельских поселений (за исключением движимого имущества муниципальных бюджетных и автономных учреждений, а также имущества муниципальных унитарных предприятий, в том числе казенных), в части реализации основных средств по указанному имуществу | C47: 4 | D47: =SUM(D48:D49) -> 0 | E47: =SUM(E48:E49) -> 0
A48: 1 14 02052 10 0000 410 | B48: Доходы от реализации имущества, находящегося в оперативном управлении учреждений, находящихся в ведении органов управления сельских поселений (за исключением имущества муниципальных бюджетных и автономных учреждений), в части реализации основных средств по указанному имуществу | C48: 5
A49: 1 14 02053 10 0000 410 | B49: Доходы от реализации иного имущества, находящегося в собственности сельских поселений (за исключением имущества муниципальных бюджетных и автономных учреждений, а также имущества муниципальных унитарных предприятий, в том числе казенных), в части реализации основных средств по указанному имуществу | C49: 5
A50: 1 14 06000 00 0000 430 | B50: Доходы от продажи земельных участков, находящихся в государственной и муниципальной собственности | C50: 3 | D50: =+D51 -> 0 | E50: =+E51 -> 0
A51: 1 14 06020 00 0000 430 | B51: Доходы от продажи земельных участков, государственная собственность на которые разграничена (за исключением земельных участков бюджетных и автономных учреждений) | C51: 4 | D51: =+D52 -> 0 | E51: =+E52 -> 0
A52: 1 14 06025 10 0000 430 | B52: Доходы от продажи земельных участков, находящихся в собственности сельских поселений (за исключением земельных участков муниципальных бюджетных и автономных учреждений) | C52: 5
A53: 1 16 00000 00 0000 000 | B53: ШТРАФЫ, САНКЦИИ, ВОЗМЕЩЕНИЕ УЩЕРБА | C53: 2 | D53: =+D54+D57 -> 0 | E53: =+E54+E57 -> 0
A54: 1 16 23000 00 0000 140 | B54: Доходы от возмещения ущерба при возникновении страховых случаев | C54: 3 | D54: =+D55 -> 0 | E54: =+E55 -> 0
A55: 1 16 23050 10 0000 140 | B55: Доходы от возмещения ущерба при возникновении страховых случаев, когда выгодоприобретателями выступают получатели средств бюджетов сельских поселений | C55: 4 | D55: =+D56 -> 0 | E55: =+E56 -> 0
A56: 1 16 23051 10 0000 140 | B56: Доходы от возмещения ущерба при возникновении страховых случаев по обязательному страхованию гражданской ответственности, когда выгодоприобретателями выступают получатели средств бюджетов сельских поселений | C56: 5
A57: 1 16 32000 00 0000 140 | B57: Денежные взыскания, налагаемые в возмещение ущерба, причиненного в результате незаконного или нецелевого использования бюджетных средств | C57: 3 | D57: =+D58 -> 0 | E57: =+E58 -> 0
A58: 1 16 32000 10 0000 140 | B58: Денежные взыскания, налагаемые в возмещение ущерба, причиненного в результате незаконного или нецелевого использования бюджетных средств (в части бюджетов сельских поселений) | C58: 4
A59: 1 17 00000 00 0000 000 | B59: ПРОЧИЕ НЕНАЛОГОВЫЕ ДОХОДЫ | C59: 2 | D59: =+D60+D62 -> 0 | E59: =+E60+E62 -> 0
A60: 1 17 01000 00 0000 180 | B60: Невыясненные поступления | C60: 3 | D60: =+D61 -> 0 | E60: =+E61 -> 0
A61: 1 17 01050 10 0000 180 | B61: Невыясненные поступления, зачисляемые в бюджеты сельских поселений | C61: 4
A62: 1 17 05000 00 0000 180 | B62: Прочие неналоговые доходы | C62: 3 | D62: =+D63 -> 0 | E62: =+E63 -> 0
A63: 1 17 05050 10 0000 180 | B63: Прочие неналоговые доходы бюджетов сельских поселений | C63: 4
A64: 2 00 00000 00 0000 000 | B64: БЕЗВОЗМЕЗДНЫЕ ПОСТУПЛЕНИЯ | C64: 1 | D64: =+D65+D84+D87 -> 331169 | E64: =+E65+E84+E87 -> 312820
A65: 2 02 00000 00 0000 000 | B65: БЕЗВОЗМЕЗДНЫЕ ПОСТУПЛЕНИЯ ОТ ДРУГИХ БЮДЖЕТОВ БЮДЖЕТНОЙ СИСТЕМЫ РОССИЙСКОЙ ФЕДЕРАЦИИ | C65: 2 | D65: =+D66+D71+D78+D81 -> 331169 | E65: =+E66+E71+E78+E81 -> 312820
A66: 2 02 10000 00 0000 150 | B66: Дотации бюджетам бюджетной системы Российской Федерации | C66: 3 | D66: =+D67+D69 -> 240981 | E66: =+E67+E69 -> 219074
A67: 2 02 16001 00 0000 150 | B67: Дотации на выравнивание бюджетной обеспеченности из бюджетов муниципальных районов, городских округов с внутригородским делением | C67: 4 | D67: =+D68 -> 240981 | E67: =+E68 -> 219074
A68: 2 02 16001 10 0000 150 | B68: Дотации бюджетам сельских поселений на выравнивание бюджетной обеспеченности из бюджетов муниципальных районов | C68: 5 | D68: 240981 | E68: 219074
A69: 2 02 15002 00 0000 150 | B69: Дотации бюджетам на поддержку мер по обеспечению сбалансированности бюджетов | C69: 4 | D69: =+D70 -> 0 | E69: =+E70 -> 0
A70: 2 02 15002 10 0000 150 | B70: Дотации бюджетам сельских поселений на поддержку мер по обеспечению сбалансированности бюджетов | C70: 5 | D70: 0 | E70: 0
A71: 2 02 20000 00 0000 150 | B71: Субсидии бюджетам бюджетной системы Российской Федерации (межбюджетные субсидии) | C71: 3 | D71: =+D72+D74+D76 -> 0 | E71: =+E72+E74+E76 -> 0
A72: 2 02 25467 00 0000 150 | B72: Субсидии бюджетам на обеспечение развития и укрепления материально-технической базы домов культуры в населенных пунктах с числом жителей до 50 тысяч человек | C72: 4 | D72: =+D73 -> 0 | E72: =+E73 -> 0
A73: 2 02 25467 10 0000 150 | B73: Субсидии бюджетам сельских поселений на обеспечение развития и укрепления материально-технической базы домов культуры в населенных пунктах с числом жителей до 50 тысяч человек | C73: 5
A74: 2 02 25555 00 0000 150 | B74: Субсидии бюджетам на поддержку государственных программ субъектов Российской Федерации и муниципальных программ формирования современной городской среды | C74: 4 | D74: =+D75 -> 0 | E74: =+E75 -> 0
A75: 2 02 25555 10 0000 150 | B75: Субсидии бюджетам сельских поселений на поддержку государственных программ субъектов Российской Федерации и муниципальных программ формирования современной городской среды | C75: 5
A76: 2 02 29999 00 0000 150 | B76: Прочие субсидии | C76: 4 | D76: =+D77 -> 0 | E76: =+E77 -> 0
A77: 2 02 29999 10 0000 150 | B77: Прочие субсидии бюджетам сельских поселений | C77: 5 | D77: 0 | E77: 0
A78: 2 02 30000 00 0000 150 | B78: Субвенции бюджетам бюджетной системы Российской Федерации | C78: 3 | D78: =+D79 -> 90188 | E78: =+E79 -> 93746
A79: 2 02 35118 00 0000 150 | B79: Субвенции бюджетам на осуществление первичного воинского учета на территориях, где отсутствуют военные комиссариаты | C79: 4 | D79: =+D80 -> 90188 | E79: =+E80 -> 93746
A80: 2 02 35118 10 0000 150 | B80: Субвенции бюджетам сельских поселений на осуществление первичного воинского учета на территориях, где отсутствуют военные комиссариаты | C80: 5 | D80: 90188 | E80: 93746
A81: 2 02 40000 00 0000 150 | B81: Иные межбюджетные трансферты | C81: 3 | D81: =+D82 -> 0 | E81: =+E82 -> 0
A82: 2 02 40014 00 0000 150 | B82: Межбюджетные трансферты, передаваемые бюджетам муниципальных образований на осуществление части полномочий по решению вопросов местного значения в соответствии с заключенными соглашениями | C82: 4 | D82: =+D83 -> 0 | E82: =+E83 -> 0
A83: 2 02 40014 10 0000 150 | B83: Межбюджетные трансферты, передаваемые бюджетам сельских поселений из бюджетов муниципальных районов на осуществление части полномочий по решению вопросов местного значения в соответствии с заключенными соглашениями | C83: 5
A84: 2 07 00000 00 0000 000 | B84: ПРОЧИЕ БЕЗВОЗМЕЗДНЫЕ ПОСТУПЛЕНИЯ | C84: 2 | D84: =+D85 -> 0 | E84: =+E85 -> 0
A85: 2 07 05000 10 0000 150 | B85: Прочие безвозмездные поступления в бюджеты сельских поселений | C85: 3 | D85: =+D86 -> 0 | E85: =+E86 -> 0
A86: 2 07 05030 10 0000 150 | B86: Прочие безвозмездные поступления в бюджеты сельских поселений | C86: 4
A87: 2 19 00000 00 0000 000 | B87: ВОЗВРАТ ОСТАТКОВ СУБСИДИЙ, СУБВЕНЦИЙ И ИНЫХ МЕЖБЮДЖЕТНЫХ ТРАНСФЕРТОВ, ИМЕЮЩИХ ЦЕЛЕВОЕ НАЗНАЧЕНИЕ, ПРОШЛЫХ ЛЕТ | C87: 2 | D87: =+D88 -> 0 | E87: =+E88 -> 0
A88: 2 19 00000 10 0000 150 | B88: Возврат остатков субсидий, субвенций и иных межбюджетных трансфертов, имеющих целевое назначение, прошлых лет из бюджетов сельских поселений | C88: 3 | D88: =+D89 -> 0 | E88: =+E89 -> 0
A89: 2 19 60010 10 0000 150 | B89: Возврат прочих остатков субсидий, субвенций и иных межбюджетных трансфертов, имеющих целевое назначение, прошлых лет из бюджетов сельских поселений | C89: 4

Sheet прил7
A1: Приложение №7
A2: к решению Собрания Депутатов Щекинского сельсовета
A3: Рыльского района от________ №____
A4: "О бюджете Щекинского сельсовета Рыльского района
A5: Курской области на 2021 год и плановый период 2022 - 2023 годы"
A7: Распределение бюджетных ассигнований по разделам, подразделам, целевым статьям (муниципальным программам Щекинского сельсовета Рыльского района Курской области и непрограммным направлениям деятельности), группам видов расходов классификации расходов бюджета Щекинского сельсовета Рыльского района Курской области на 2019год
H8: рублей
A9: Наименование | B9: Рз | C9: ПР | E9: ЦСР | G9: ВР | H9: Сумма на 2021 год
A10: В С Е Г О | H10: =+H11 -> 1934760 | I10: =+прил9!I10 -> 1934760 | J10: =+H10-I10 -> 0
A11: Администрация Щекинского сельсовета Рыльского района | H11: =+H12+H60+H67+H91+H117+H130+H157+H150 -> 1934760
A12: ОБЩЕГОСУДАРСТВЕННЫЕ ВОПРОСЫ | B12: 01 | H12: =H13+H18+H24+H38+H33 -> 613485
A13: Функционирование высшего должностного лица субъекта Российской Федерации и муниципального образования | B13: 01 | C13: 02 | H13: =+H14 -> 187488
A14: Обеспечение функционирования главы муниципального образования | B14: 01 | C14: 02 | D14: 71 0 | E14: 00 | F14: 00000 | H14: =+H15 -> 187488
A15: Глава муниципального образования | B15: 01 | C15: 02 | D15: 71 1 | E15: 00 | F15: 00000 | H15: =+H16 -> 187488
A16: Обеспечение деятельности и выполнение функций органов местного самоуправления | B16: 01 | C16: 02 | D16: 71 1 | E16: 00 | F16: С1402 | H16: =+H17 -> 187488
A17: Расходы на выплаты персоналу в целях обеспечения выполнения функций государственными (муниципальными) органами, казенными учреждениями, органами управления государственными внебюджетными фондами | B17: 01 | C17: 02 | D17: 71 1 | E17: 00 | F17: С1402 | G17: 100 | H17: =прил9!I17 -> 187488
A18: Функционирование Правительства Российской Федерации, высших исполнительных органов государственной власти субъектов Российской Федерации, местных администраций | B18: 01 | C18: 04 | H18: =+H19 -> 214336
A19: Обеспечение функционирования местных администраций | B19: 01 | C19: 04 | D19: 73 0 | E19: 00 | F19: 00000 | H19: =+H20 -> 214336
A20: Обеспечение деятельности администрации муниципального образования | B20: 01 | C20: 04 | D20: 73 1 | E20: 00 | F20: 00000 | H20: =+H21 -> 214336
A21: Обеспечение деятельности и выполнение функций органов местного самоуправления | B21: 01 | C21: 04 | D21: 73 1 | E21: 00 | F21: С1402 | H21: =SUM(H22:H23) -> 214336
A22: Расходы на выплаты персоналу в целях обеспечения выполнения функций государственными (муниципальными) органами, казенными учреждениями, органами управления государственными внебюджетными фондами | B22: 01 | C22: 04 | D22: 73 1 | E22: 00 | F22: С1402 | G22: 100 | H22: =прил9!I22 -> 214336
A23: Закупка товаров, работ и услуг для обеспечения государственных (муниципальных) нужд | B23: 01 | C23: 04 | D23: 73 1 | E23: 00 | F23: С1402 | G23: 200 | H23: =прил9!I23 -> 0
A24: Обеспечение деятельности финансовых, налоговых и таможенных органов и органов финансового (финансово-бюджетного) надзора | B24: 01 | C24: 06 | H24: =+H25+H29 -> 42670
A25: Обеспечение деятельности контрольно-счетных органов муниципального образования | B25: 01 | C25: 06 | D25: 74 0 | E25: 00 | F25: 00000 | H25: =+H26 -> 36000
A26: Аппарат контрольно-счетного органа муниципального образования | B26: 01 | C26: 06 | D26: 74 3 | E26: 00 | F26: 00000 | H26: =+H27 -> 36000
A27: Иные межбюджетные трансферты на осуществление переданных полномочий в сфере внешнего муниципального финансового контроля | B27: 01 | C27: 06 | D27: 74 3 | E27: 00 | F27: П1484 | H27: =H28 -> 36000
A28: Межбюджетные трансферты | B28: 01 | C28: 06 | D28: 74 3 | E28: 00 | F28: П1484 | G28: 500 | H28: =прил9!I28 -> 36000
A29: Непрограммная деятельность органов местного самоуправления | B29: 01 | C29: 06 | D29: 77 0 | E29: 00 | F29: 00000 | H29: =+H30 -> 6670
A30: Непрограммные расходы органов местного самоуправления | B30: 01 | C30: 06 | D30: 77 2 | E30: 00 | F30: 00000 | H30: =+H31 -> 6670
A31: Осуществление переданных полномочий от поселений муниципальному району в сфере внутреннего муниципального финансового контроля | B31: 01 | C31: 06 | D31: 77 2 | E31: 00 | F31: П1485 | H31: =+H32 -> 6670
A32: Межбюджетные трансферты | B32: 01 | C32: 06 | D32: 77 2 | E32: 00 | F32: П1485 | G32: 500 | H32: =прил9!I32 -> 6670
A33: Обеспечение проведения выборов и референдумов | B33: 01 | C33: 07 | H33: =H34 -> 40000
A34: Непрограмная деятельность органов местного самоуправления | B34: 01 | C34: 07 | D34: 74 0 | E34: 00 | F34: 00000 | H34: =+H35 -> 40000
A35: Непрограмные расходы органов местного самоуправления | B35: 01 | C35: 07 | D35: 74 3 | E35: 00 | F35: 00000 | H35: =+H36 -> 40000
A36: Подготовка и проведение выборов | B36: 01 | C36: 07 | D36: 74 3 | E36: 00 | F36: С1441 | H36: =+H37 -> 40000
A37: Специальные расходы | B37: 01 | C37: 07 | D37: 74 3 | E37: 00 | F37: С1441 | G37: 880 | H37: =прил9!I37 -> 40000
A38: Другие общегосударственные вопросы | B38: 01 | C38: 13 | H38: =H39+H44+H49+H55 -> 128991
A39: Муниципальная программа Щекинского сельсовета Рыльского района Курской области «Энергосбережение и повышение энергетической эффективности Щекинского сельсовета Рыльского района Курской области на период 2010– 2015 годы и на перспективу до 2020 года» | B39: 01 | C39: 13 | D39: 05 0 | E39: 00 | F39: 00000 | H39: =+H40 -> 0
A40: Подпрограмма"Активизация работы по повышению энергоэффективности на территории Щекинского сельсовета " муниципальной программы Щекинского сельсовета Рыльского района Курской области "Энергосбережение и повышение энергетической эффективности Щекинского сельсовета Рыльского района Курской области на период 2010– 2015 годы и на перспективу до 2020 года» | B40: 01 | C40: 13 | D40: 05 1 | E40: 00 | F40: 00000 | H40: =+H41 -> 0
A41: Основное мероприятие "Проведение эффективной энергосберегающей политики в Щекинском сельсовете Рыльского района Курской области" | B41: 01 | C41: 13 | D41: 05 1 | E41: 01 | F41: 00000 | H41: =H42 -> 0
A42: Мероприятия в области энергосбережения | B42: 01 | C42: 13 | D42: 05 1 | E42: 01 | F42: С1434 | H42: =H43 -> 0
A43: Закупка товаров, работ и услуг для обеспечения государственных (муниципальных) нужд | B43: 01 | C43: 13 | D43: 05 1 | E43: 01 | F43: С1434 | G43: 200 | H43: =прил9!I43 -> 0
A44: Муниципальная программа Щекинского сельсовета Рыльского района Курской области «Развитие муниципальной службы в Щекинском сельсовете на 2014-2023 годы» | B44: 01 | C44: 13 | D44: 09 0 | E44: 00 | F44: 00000 | H44: =+H45 -> 4295
A45: Подпрограмма «Реализация мероприятий, направленных на развитие муниципальной службы» муниципальной программы «Развитие муниципальной службы в Щекинском сельсовете на 2014-2023 годы» | B45: 01 | C45: 13 | D45: 09 1 | E45: 00 | F45: 00000 | H45: =+H47 -> 4295
A46: Основное мероприятие "Создание максимальных условий для прохождения муниципальной службы и укомплектования органов местного самоуправления высокопрофессиональными кадрами" | B46: 01 | C46: 13 | D46: 09 1 | E46: 01 | F46: 00000 | H46: =H47 -> 4295
A47: Мероприятия, направленные на развитие муниципальной службы | B47: 01 | C47: 13 | D47: 09 1 | E47: 01 | F47: С1437 | H47: =+H48 -> 4295
A48: Закупка товаров, работ и услуг для обеспечения государственных (муниципальных) нужд | B48: 01 | C48: 13 | D48: 09 1 | E48: 01 | F48: С1437 | G48: 200 | H48: =прил9!I48 -> 4295
A49: Реализация государственных функций, связанных с общегосударственным управлением | B49: 01 | C49: 13 | D49: 76 0 | E49: 00 | F49: 00000 | H49: =+H50 -> 124696
A50: Выполнение других обязательств органа местного самоуправления | B50: 01 | C50: 13 | D50: 76 1 | E50: 00 | F50: 00000 | H50: =H51 -> 124696
A51: Выполнение других (прочих) обязательств органа местного самоуправления | B51: 01 | C51: 13 | D51: 76 1 | E51: 00 | F51: С1404 | H51: =SUM(H52:H54) -> 124696
A52: Расходы на выплаты персоналу в целях обеспечения выполнения функций государственными (муниципальными) органами, казенными учреждениями, органами управления государственными внебюджетными фондами | B52: 01 | C52: 13 | D52: 76 1 | E52: 00 | F52: С1404 | G52: 100 | H52: =прил9!I52 -> 0
A53: Закупка товаров, работ и услуг для обеспечения государственных (муниципальных) нужд | B53: 01 | C53: 13 | D53: 76 1 | E53: 00 | F53: С1404 | G53: 200 | H53: =прил9!I53 -> 70401
A54: Иные бюджетные ассигнования | B54: 01 | C54: 13 | D54: 76 1 | E54: 00 | F54: С1404 | G54: 800 | H54: =прил9!I54 -> 54295
A55: Непрограммная деятельность органов местного самоуправления | B55: 01 | C55: 13 | D55: 77 0 | E55: 00 | F55: 00000 | H55: =+H56 -> 0
A56: Непрограммные расходы органов местного самоуправления | B56: 01 | C56: 13 | D56: 77 2 | E56: 00 | F56: 00000 | H56: =+H57 -> 0
A57: Иные межбюджетные трансферты на содержание работника, осуществляющего выполнение переданных полномочий | B57: 01 | C57: 13 | D57: 77 2 | E57: 00 | F57: П1490 | H57: =SUM(H58:H59) -> 0
A58: Расходы на выплаты персоналу в целях обеспечения выполнения функций государственными (муниципальными) органами, казенными учреждениями, органами управления государственными внебюджетными фондами | B58: 01 | C58: 13 | D58: 77 2 | E58: 00 | F58: П1490 | G58: 100 | H58: =прил9!I58 -> 0
A59: Закупка товаров, работ и услуг для обеспечения государственных (муниципальных) нужд | B59: 01 | C59: 13 | D59: 77 2 | E59: 00 | F59: П1490 | G59: 200 | H59: =прил9!I59 -> 0
A60: НАЦИОНАЛЬНАЯ ОБОРОНА | B60: 02 | H60: =+H61 -> 89267
A61: Мобилизационная и вневойсковая подготовка | B61: 02 | C61: 03 | H61: =H62 -> 89267
A62: Непрограммная деятельность органов местного самоуправления | B62: 02 | C62: 03 | D62: 77 0 | E62: 00 | F62: 00000 | H62: =H63 -> 89267
A63: Непрограммные расходы органов местного самоуправления | B63: 02 | C63: 03 | D63: 77 2 | E63: 00 | F63: 00000 | H63: =H64 -> 89267
A64: Осуществление первичного воинского учета на территориях, где отсутствуют военные комиссариаты | B64: 02 | C64: 03 | D64: 77 2 | E64: 00 | F64: 51180 | H64: =SUM(H65:H66) -> 89267
A65: Расходы на выплаты персоналу в целях обеспечения выполнения функций государственными (муниципальными) органами, казенными учреждениями, органами управления государственными внебюджетными фондами | B65: 02 | C65: 03 | D65: 77 2 | E65: 00 | F65: 51180 | G65: 100 | H65: =прил9!I65 -> 76557.6
A66: Закупка товаров, работ и услуг для обеспечения государственных (муниципальных) нужд | B66: 02 | C66: 03 | D66: 77 2 | E66: 00 | F66: 51180 | G66: 200 | H66: =прил9!I66 -> 12709.4
A67: НАЦИОНАЛЬНАЯ БЕЗОПАСНОСТЬ И ПРАВООХРАНИТЕЛЬНАЯ ДЕЯТЕЛЬНОСТЬ | B67: 03 | H67: =H68+H77+H83 -> 14000
A68: Гражданская оборона | B68: 03 | C68: 09 | H68: =+H69 -> 0
A69: Муниципальная программа Щекинского сельсовета Рыльского района Курской области «Пожарная безопасность и защита населения и территории Щекинского сельсовета Рыльского района Курской области от чрезвычайных ситуаций на 2014-2020 годы и на период до 2023 года" | B69: 03 | C69: 09 | D69: 13 0 | E69: 00 | F69: 00000 | H69: =+H70 -> 0
A70: Подпрограмма «Обеспечение комплексной безопасности жизнедеятельности населения от чрезвычайных ситуаций природного и техногенного характера, стабильности техногенной обстановки на территории Щекинского сельсовета Рыльского района Курской области" муниципальной программы Щекинского сельсовета Рыльского района Курской области «Пожарная безопасность и защита населения и территории Щекинского сельсовета Рыльского района Курской области от чрезвычайных ситуаций на 2014-2020 годы и на период до 2023 года" | B70: 03 | C70: 09 | D70: 13 1 | E70: 00 | F70: 00000 | H70: =+H71+H74 -> 0
A71: Основное направление "Осуществление переданных полномочий от муниципального района сельским поселениям в сфере осуществления мероприятий по территориальной обороне и гражданской обороне, защите населения и территории поселения от чрезвычайных ситуаций природного и техногенного характера" | B71: 03 | C71: 09 | D71: 13 1 | E71: 02 | F71: 00000 | H71: =+H72 -> 0
A72: Осуществление переданных полномочий в области гражданской обороны, защиты населения и территорий от чрезвычайных ситуаций, безопасности людей на водных объектах | B72: 03 | C72: 09 | D72: 13 1 | E72: 02 | F72: П1460 | H72: =+H73 -> 0
A73: Закупка товаров, работ и услуг для обеспечения государственных (муниципальных) нужд | B73: 03 | C73: 09 | D73: 13 1 | E73: 02 | F73: П1460 | G73: 200 | H73: =прил9!I73 -> 0
A74: Основное направление "Осуществление переданных полномочий от муниципального района сельским поселениям в сфере создания, содержания и организации деятельности аварийно-спасательных служб и (или) аварийно-спасательных формирований на территории поселения" | B74: 03 | C74: 09 | D74: 13 1 | E74: 03 | F74: 00000 | H74: =+H75 -> 0
A75: Осуществление переданных полномочий в области гражданской обороны, защиты населения и территорий от чрезвычайных ситуаций, безопасности людей на водных объектах | B75: 03 | C75: 09 | D75: 13 1 | E75: 03 | F75: П1460 | H75: =+H76 -> 0
A76: Закупка товаров, работ и услуг для обеспечения государственных (муниципальных) нужд | B76: 03 | C76: 09 | D76: 13 1 | E76: 03 | F76: П1460 | G76: 200 | H76: =прил9!I76 -> 0
A77: Защита населения и территории от чрезвычайных ситуаций природного и техногенного характера, пожарная безопасность | B77: 03 | C77: 10 | H77: =H78 -> 14000
A78: Муниципальная программа Щекинского сельсовета Рыльского района Курской области «Пожарная безопасность и защита населения и территории Щекинского сельсовета от чрезвычайных ситуаций на 2014-2016 годы и на период до 2020 года» | B78: 03 | C78: 10 | D78: 13 0 | E78: 00 | F78: 00000 | H78: =+H79 -> 14000
A79: Подпрограмма «Обеспечение комплексной безопасности жизнедеятельности населения от чрезвычайных ситуаций природного и техногенного характера, стабильности техногенной обстановки» муниципальной программы Щекинского сельсовета Рыльского района Курской области «Пожарная безопасность и защита населения и территории Щекинского сельсовета Рыльского района Курской области от чрезвычайных ситуаций на 2014-2020 годы и на перспективу до 2023 года " | B79: 03 | C79: 10 | D79: 13 2 | E79: 00 | F79: 00000 | H79: =+H80 -> 14000
A80: Основное мероприятие "Организация работы по предупреждению и пресечению нарушений требований пожарной безопасности и правил поведения на водных объектах" | B80: 03 | C80: 10 | D80: 13 2 | E80: 01 | F80: 00000 | H80: =H81 -> 14000
A81: Расходы муниципального образования на обеспечения мер правовой и социальной защиты добровольных пожарных и поддержки общественных объединений пожарной охраны на территории муниципального образования | B81: 03 | C81: 10 | D81: 13 2 | E81: 01 | F81: С1478 | H81: =+H82 -> 14000
A82: Закупка товаров, работ и услуг для обеспечения государственных (муниципальных) нужд | B82: 03 | C82: 10 | D82: 13 2 | E82: 01 | F82: С1478 | G82: 200 | H82: =прил9!I82 -> 14000
A83: Другие вопросы в области национальной безопасности и правоохранительной деятельности | B83: 03 | C83: 14 | H83: =+H84 -> 0
A84: Муниципальная программа Щекинского сельсовета Рыльского района Курской области"Профилактика преступлений и иных правонарушений в Щекинском сельсовете Рыльского района Курской области на 2014-2023" | B84: 03 | C84: 14 | D84: 12 0 | E84: 00 | F84: 00000 | H84: =+H85 -> 0
A85: Подпрограмма «Обеспечение правопорядка на территории муниципального образования» муниципальной программы Щекинского сельсовета Рыльского района Курской области"Профилактика преступлений и иных правонарушений в Щекинском сельсовете Рыльского района Курской области на 2014-2023" | B85: 03 | C85: 14 | D85: 12 1 | E85: 00 | F85: 00000 | H85: =+H86 -> 0
A86: Основное мероприятие"Реализация мероприятий направленных на обеспечение правопорядка на территории муниципального образования" | B86: 03 | C86: 14 | D86: 12 1 | E86: 01 | F86: 00000 | H86: =+H87+H89 -> 0
A87: Реализация мероприятий направленных на обеспечение правопорядка на территории муниципального образования | B87: 03 | C87: 14 | D87: 12 1 | E87: 01 | F87: С1435 | H87: =H88 -> 0
A88: Закупка товаров, работ и услуг для обеспечения государственных (муниципальных) нужд | B88: 03 | C88: 14 | D88: 12 1 | E88: 01 | F88: С1435 | G88: 200 | H88: =прил9!I88 -> 0
A89: Реализация мероприятий по переданным полномочиям в сфере участия в профилактике терроризма и экстремизма, а также в минимизации и (или) ликвидации последствий проявлений терроризма и экстремизма в границах поселения | B89: 03 | C89: 14 | D89: 12 1 | E89: 01 | F89: П1435 | H89: =H90 -> 0
A90: Закупка товаров, работ и услуг для обеспечения государственных (муниципальных) нужд | B90: 03 | C90: 14 | D90: 12 1 | E90: 01 | F90: П1435 | G90: 200 | H90: =прил9!I90 -> 0
A91: НАЦИОНАЛЬНАЯ ЭКОНОМИКА | B91: 04 | H91: =+H92+H97 -> 12500
A92: Транспорт | B92: 04 | C92: 08 | H92: =+H93 -> 0
A93: Непрограммная деятельность органов местного самоуправления | B93: 04 | C93: 08 | D93: 77 0 | E93: 00 | F93: 00000 | H93: =+H94 -> 0
A94: Непрограммные расходы органов местного самоуправления | B94: 04 | C94: 08 | D94: 77 2 | E94: 00 | F94: 00000 | H94: =+H95 -> 0
A95: Осуществление переданных полномочий от муниципального района сельским поселениям по созданию условий для предоставления транспортных услуг населению и организация транспортного обслуживания населения в границах поселения | B95: 04 | C95: 08 | D95: 77 2 | E95: 00 | F95: П1426 | H95: =+H96 -> 0
A96: Закупка товаров, работ и услуг для обеспечения государственных (муниципальных) нужд | B96: 04 | C96: 08 | D96: 77 2 | E96: 00 | F96: П1426 | G96: 200 | H96: =прил9!I96 -> 0
A97: Другие вопросы в области национальной экономики | B97: 04 | C97: 12 | H97: =H98+H105+H112 -> 12500
A98: Муниципальная программа Щекинского сельсовета Рыльского района Курской области "Управление муниципальным имуществом и земельными ресурсами Щекинского сельсовета Рыльского района Курской области на 2019 - 2021 годы и на перспективу до 2023 года" | B98: 04 | C98: 12 | D98: 04 0 | E98: 00 | F98: 00000 | H98: =H99 -> 11500
A99: Подпрограмма "Совершенствование системы управления муниципальным имуществом и земельными ресурсами на территории Щекинского сельсовета Рыльского района Курской области муниципальной программы Щекинского сельсовета Рыльского района Курской области "Управление муниципальным имуществом и земельными ресурсами Щекинского сельсовета Рыльского района Курской области на 2019 - 2021 годы и на перспективу до 2023 года" | B99: 04 | C99: 12 | D99: 04 1 | E99: 00 | F99: 00000 | H99: =H100 -> 11500
A100: Основное мероприятие "Проведение муниципальной политики в области имущественных и земельных отношений на территории Щекинского сельсовета Рыльского района Курской области" | B100: 04 | C100: 12 | D100: 04 1 | E100: 01 | F100: 00000 | H100: =H101+H103 -> 11500
A101: Мероприятия в области имущественных отношений | B101: 04 | C101: 12 | D101: 04 1 | E101: 01 | F101: С1467 | H101: =H102 -> 1500
...

Sheet прил8
A1: Приложение № 8
A2: к решению Собрания Депутатов Щекинского сельсовета
A3: Рыльского района от __________ № ____
A4: "О бюджете Щекинского сельсовета Рыльского района
A5: Курской области на 2021 год и плановый период 2022-2023годы"
A7: Распределение бюджетных ассигнований по разделам, подразделам, целевым статьям (муниципальным программам Щекинского сельсовета Рыльского района Курской области и непрограммным направлениям деятельности), группам видов расходов классификации расходов бюджета Щекинского сельсовета Рыльского района Курской области на 2021-2022годы
H8: рублей
A9: Наименование | B9: Рз | C9: ПР | E9: ЦСР | G9: ВР | H9: Сумма на 2022год | I9: Сумма на 2023год | J9: 2021 | K9: 2021
A10: В С Е Г О | H10: =+H12+H54+H61+H85+H99+H112+H135+H11+H128 -> 1139542 | I10: =+I12+I54+I61+I85+I99+I112+I135+I11+I128 -> 1128038 | J10: =прил10!I10 -> 1139542 | K10: =H10-J10 -> 0
A11: Условно утвержденные расходы | H11: =прил10!I11 -> 26234 | I11: =прил10!J11 -> 51715
A12: ОБЩЕГОСУДАРСТВЕННЫЕ ВОПРОСЫ | B12: 01 | H12: =H13+H18+H24+H33 -> 353353 | I12: =I13+I18+I24+I33 -> 346120
A13: Функционирование высшего должностного лица субъекта Российской Федерации и муниципального образования | B13: 01 | C13: 02 | H13: =+H14 -> 117180 | I13: =+I14 -> 117180 | J13: 2022 | K13: 2022
A14: Обеспечение функционирования главы муниципального образования | B14: 01 | C14: 02 | D14: 71 0 | E14: 00 | F14: 00000 | H14: =+H15 -> 117180 | I14: =+I15 -> 117180 | J14: =прил10!J10 -> 1128038 | K14: =I10-J14 -> 0
A15: Глава муниципального образования | B15: 01 | C15: 02 | D15: 71 1 | E15: 00 | F15: 00000 | H15: =+H16 -> 117180 | I15: =+I16 -> 117180
A16: Обеспечение деятельности и выполнение функций органов местного самоуправления | B16: 01 | C16: 02 | D16: 71 1 | E16: 00 | F16: С1402 | H16: =+H17 -> 117180 | I16: =+I17 -> 117180
A17: Расходы на выплаты персоналу в целях обеспечения выполнения функций государственными (муниципальными) органами, казенными учреждениями, органами управления государственными внебюджетными фондами | B17: 01 | C17: 02 | D17: 71 1 | E17: 00 | F17: С1402 | G17: 100 | H17: =+прил10!I17 -> 117180 | I17: =+прил10!J18 -> 117180
A18: Функционирование Правительства Российской Федерации, высших исполнительных органов государственной власти субъектов Российской Федерации, местных администраций | B18: 01 | C18: 04 | H18: =+H19 -> 133960 | I18: =+I19 -> 133960
A19: Обеспечение функционирования местных администраций | B19: 01 | C19: 04 | D19: 73 0 | E19: 00 | F19: 00000 | H19: =+H20 -> 133960 | I19: =+I20 -> 133960
A20: Обеспечение деятельности администрации муниципального образования | B20: 01 | C20: 04 | D20: 73 1 | E20: 00 | F20: 00000 | H20: =+H21 -> 133960 | I20: =+I21 -> 133960
A21: Обеспечение деятельности и выполнение функций органов местного самоуправления | B21: 01 | C21: 04 | D21: 73 1 | E21: 00 | F21: С1402 | H21: =SUM(H22:H23) -> 133960 | I21: =SUM(I22:I23) -> 133960
A22: Расходы на выплаты персоналу в целях обеспечения выполнения функций государственными (муниципальными) органами, казенными учреждениями, органами управления государственными внебюджетными фондами | B22: 01 | C22: 04 | D22: 73 1 | E22: 00 | F22: С1402 | G22: 100 | H22: =+прил10!I23 -> 133960 | I22: =+прил10!J23 -> 133960
A23: Закупка товаров, работ и услуг для обеспечения государственных (муниципальных) нужд | B23: 01 | C23: 04 | D23: 73 1 | E23: 00 | F23: С1402 | G23: 200 | H23: =+прил10!I24 -> 0 | I23: =+прил10!J24 -> 0
A24: Обеспечение деятельности финансовых, налоговых и таможенных органов и органов финансового (финансово-бюджетного) надзора | B24: 01 | C24: 06 | H24: =+H25+H29 -> 42670 | I24: =+I25+I29 -> 42670
A25: Обеспечение деятельности контрольно-счетных органов муниципального образования | B25: 01 | C25: 06 | D25: 74 0 | E25: 00 | F25: 00000 | H25: =+H26 -> 36000 | I25: =+I26 -> 36000
A26: Аппарат контрольно-счетного органа муниципального образования | B26: 01 | C26: 06 | D26: 74 3 | E26: 00 | F26: 00000 | H26: =+H27 -> 36000 | I26: =+I27 -> 36000
A27: Иные межбюджетные трансферты на осуществление переданных полномочий в сфере внешнего муниципального финансового контроля | B27: 01 | C27: 06 | D27: 74 3 | E27: 00 | F27: П1484 | H27: =H28 -> 36000 | I27: =I28 -> 36000
A28: Межбюджетные трансферты | B28: 01 | C28: 06 | D28: 74 3 | E28: 00 | F28: П1484 | G28: 500 | H28: =+прил10!I29 -> 36000 | I28: =+прил10!J29 -> 36000
A29: Непрограммная деятельность органов местного самоуправления | B29: 01 | C29: 06 | D29: 77 0 | E29: 00 | F29: 00000 | H29: =+H30 -> 6670 | I29: =+I30 -> 6670
A30: Непрограммные расходы органов местного самоуправления | B30: 01 | C30: 06 | D30: 77 2 | E30: 00 | F30: 00000 | H30: =+H31 -> 6670 | I30: =+I31 -> 6670
A31: Осуществление переданных полномочий от поселений муниципальному району в сфере внутреннего муниципального финансового контроля | B31: 01 | C31: 06 | D31: 77 2 | E31: 00 | F31: П1485 | H31: =+H32 -> 6670 | I31: =+I32 -> 6670
A32: Межбюджетные трансферты | B32: 01 | C32: 06 | D32: 77 2 | E32: 00 | F32: П1485 | G32: 500 | H32: =+прил10!I33 -> 6670 | I32: =+прил10!J33 -> 6670
A33: Другие общегосударственные вопросы | B33: 01 | C33: 13 | H33: =H34+H39+H44+H49 -> 59543 | I33: =I34+I39+I44+I49 -> 52310
A34: Муниципальная программа Щекинского сельсовета Рыльского района Курской области «Энергосбережение и повышение энергетической эффективности Щекинского сельсовета Рыльского района Курской области на период 2010– 2015 годы и на перспективу до 2020 года» | B34: 01 | C34: 13 | D34: 05 0 | E34: 00 | F34: 00000 | H34: =+H35 -> 0 | I34: =+I35 -> 0
A35: Подпрограмма"Активизация работы по повышению энергоэффективности на территории Щекинского сельсовета " муниципальной программы Щекинского сельсовета Рыльского района Курской области "Энергосбережение и повышение энергетической эффективности Щекинского сельсовета Рыльского района Курской области на период 2010– 2015 годы и на перспективу до 2020 года» | B35: 01 | C35: 13 | D35: 05 1 | E35: 00 | F35: 00000 | H35: =+H36 -> 0 | I35: =+I36 -> 0
A36: Основное мероприятие "Проведение эффективной энергосберегающей политики в Щекинском сельсовете Рыльского района Курской области" | B36: 01 | C36: 13 | D36: 05 1 | E36: 01 | F36: 00000 | H36: =H37 -> 0 | I36: =I37 -> 0
A37: Мероприятия в области энергосбережения | B37: 01 | C37: 13 | D37: 05 1 | E37: 01 | F37: С1434 | H37: =H38 -> 0 | I37: =I38 -> 0
A38: Закупка товаров, работ и услуг для обеспечения государственных (муниципальных) нужд | B38: 01 | C38: 13 | D38: 05 1 | E38: 01 | F38: С1434 | G38: 200 | H38: =+прил10!I38 -> 0 | I38: =+прил10!J39 -> 0
A39: Муниципальная программа Щекинского сельсовета Рыльского района Курской области «Развитие муниципальной службы в Щекинском сельсовете на 2014-2023 годы» | B39: 01 | C39: 13 | D39: 09 0 | E39: 00 | F39: 00000 | H39: =+H40 -> 4295 | I39: =+I40 -> 4295
A40: Подпрограмма «Реализация мероприятий, направленных на развитие муниципальной службы» муниципальной программы «Развитие муниципальной службы в Щекинском сельсовете на 2014-2023 годы» | B40: 01 | C40: 13 | D40: 09 1 | E40: 00 | F40: 00000 | H40: =+H42 -> 4295 | I40: =+I42 -> 4295
A41: Основное мероприятие "Создание максимальных условий для прохождения муниципальной службы и укомплектования органов местного самоуправления высокопрофессиональными кадрами" | B41: 01 | C41: 13 | D41: 09 1 | E41: 01 | F41: 00000 | H41: =H42 -> 4295 | I41: =I42 -> 4295
A42: Мероприятия, направленные на развитие муниципальной службы | B42: 01 | C42: 13 | D42: 09 1 | E42: 01 | F42: С1437 | H42: =+H43 -> 4295 | I42: =+I43 -> 4295
A43: Закупка товаров, работ и услуг для обеспечения государственных (муниципальных) нужд | B43: 01 | C43: 13 | D43: 09 1 | E43: 01 | F43: С1437 | G43: 200 | H43: =+прил10!I44 -> 4295 | I43: =+прил10!J44 -> 4295
A44: Реализация государственных функций, связанных с общегосударственным управлением | B44: 01 | C44: 13 | D44: 76 0 | E44: 00 | F44: 00000 | H44: =+H45 -> 55248 | I44: =+I45 -> 48015
A45: Выполнение других обязательств органа местного самоуправления | B45: 01 | C45: 13 | D45: 76 1 | E45: 00 | F45: 00000 | H45: =H46 -> 55248 | I45: =I46 -> 48015
A46: Выполнение других (прочих) обязательств органа местного самоуправления | B46: 01 | C46: 13 | D46: 76 1 | E46: 00 | F46: С1404 | H46: =SUM(H47:H48) -> 55248 | I46: =SUM(I47:I48) -> 48015
A47: Закупка товаров, работ и услуг для обеспечения государственных (муниципальных) нужд | B47: 01 | C47: 13 | D47: 76 1 | E47: 00 | F47: С1404 | G47: 200 | H47: =+прил10!I48 -> 40953 | I47: =+прил10!J48 -> 33720
A48: Иные бюджетные ассигнования | B48: 01 | C48: 13 | D48: 76 1 | E48: 00 | F48: С1404 | G48: 800 | H48: =+прил10!I49 -> 14295 | I48: =+прил10!J49 -> 14295
A49: Непрограммная деятельность органов местного самоуправления | B49: 01 | C49: 13 | D49: 77 0 | E49: 00 | F49: 00000 | H49: =+H50 -> 0 | I49: =+I50 -> 0
A50: Непрограммные расходы органов местного самоуправления | B50: 01 | C50: 13 | D50: 77 2 | E50: 00 | F50: 00000 | H50: =+H51 -> 0 | I50: =+I51 -> 0
A51: Иные межбюджетные трансферты на содержание работника, осуществляющего выполнение переданных полномочий | B51: 01 | C51: 13 | D51: 77 2 | E51: 00 | F51: П1490 | H51: =SUM(H52:H53) -> 0 | I51: =SUM(I52:I53) -> 0
A52: Расходы на выплаты персоналу в целях обеспечения выполнения функций государственными (муниципальными) органами, казенными учреждениями, органами управления государственными внебюджетными фондами | B52: 01 | C52: 13 | D52: 77 2 | E52: 00 | F52: П1490 | G52: 100 | H52: =+прил10!I53 -> 0 | I52: =+прил10!J53 -> 0
A53: Закупка товаров, работ и услуг для обеспечения государственных (муниципальных) нужд | B53: 01 | C53: 13 | D53: 77 2 | E53: 00 | F53: П1490 | G53: 200 | H53: =+прил10!I54 -> 0 | I53: =+прил10!J54 -> 0
A54: НАЦИОНАЛЬНАЯ ОБОРОНА | B54: 02 | H54: =+H55 -> 90188 | I54: =+I55 -> 93746
A55: Мобилизационная и вневойсковая подготовка | B55: 02 | C55: 03 | H55: =H56 -> 90188 | I55: =I56 -> 93746
A56: Непрограммная деятельность органов местного самоуправления | B56: 02 | C56: 03 | D56: 77 0 | E56: 00 | F56: 00000 | H56: =H57 -> 90188 | I56: =I57 -> 93746
A57: Непрограммные расходы органов местного самоуправления | B57: 02 | C57: 03 | D57: 77 2 | E57: 00 | F57: 00000 | H57: =H58 -> 90188 | I57: =I58 -> 93746
A58: Осуществление первичного воинского учета на территориях, где отсутствуют военные комиссариаты | B58: 02 | C58: 03 | D58: 77 2 | E58: 00 | F58: 51180 | H58: =SUM(H59:H60) -> 90188 | I58: =SUM(I59:I60) -> 93746
A59: Расходы на выплаты персоналу в целях обеспечения выполнения функций государственными (муниципальными) органами, казенными учреждениями, органами управления государственными внебюджетными фондами | B59: 02 | C59: 03 | D59: 77 2 | E59: 00 | F59: 51180 | G59: 100 | H59: =+прил10!I60 -> 76557.6 | I59: =+прил10!J60 -> 76557.6
A60: Закупка товаров, работ и услуг для обеспечения государственных (муниципальных) нужд | B60: 02 | C60: 03 | D60: 77 2 | E60: 00 | F60: 51180 | G60: 200 | H60: =+прил10!I61 -> 13630.4 | I60: =+прил10!J61 -> 17188.4
A61: НАЦИОНАЛЬНАЯ БЕЗОПАСНОСТЬ И ПРАВООХРАНИТЕЛЬНАЯ ДЕЯТЕЛЬНОСТЬ | B61: 03 | H61: =H62+H71+H77 -> 3000 | I61: =I62+I71+I77 -> 3000
A62: Гражданская оборона | B62: 03 | C62: 09 | H62: =+H63 -> 0 | I62: =+I63 -> 0
A63: Муниципальная программа Щекинского сельсовета Рыльского района Курской области «Пожарная безопасность и защита населения и территории Щекинского сельсовета Рыльского района Курской области от чрезвычайных ситуаций на 2014-2016 годы и на период до 2020 года" | B63: 03 | C63: 09 | D63: 13 0 | E63: 00 | F63: 00000 | H63: =+H64 -> 0 | I63: =+I64 -> 0
A64: Подпрограмма «Обеспечение комплексной безопасности жизнедеятельности населения от чрезвычайных ситуаций природного и техногенного характера, стабильности техногенной обстановки на территории Щекинского сельсовета Рыльского района Курской области" муниципальной программы Щекинского сельсовета Рыльского района Курской области «Пожарная безопасность и защита населения и территории Щекинского сельсовета Рыльского района Курской области от чрезвычайных ситуаций на 2014-2016 годы и на период до 2020 года" | B64: 03 | C64: 09 | D64: 13 1 | E64: 00 | F64: 00000 | H64: =+H65+H68 -> 0 | I64: =+I65+I68 -> 0
A65: Основное направление "Осуществление переданных полномочий от муниципального района сельским поселениям в сфере осуществления мероприятий по территориальной обороне и гражданской обороне, защите населения и территории поселения от чрезвычайных ситуаций природного и техногенного характера" | B65: 03 | C65: 09 | D65: 13 1 | E65: 02 | F65: 00000 | H65: =+H66 -> 0 | I65: =+I66 -> 0
A66: Осуществление переданных полномочий в области гражданской обороны, защиты населения и территорий от чрезвычайных ситуаций, безопасности людей на водных объектах | B66: 03 | C66: 09 | D66: 13 1 | E66: 02 | F66: П1460 | H66: =+H67 -> 0 | I66: =+I67 -> 0
A67: Закупка товаров, работ и услуг для обеспечения государственных (муниципальных) нужд | B67: 03 | C67: 09 | D67: 13 1 | E67: 02 | F67: П1460 | G67: 200 | H67: =+прил10!I67 -> 0 | I67: =+прил10!J67 -> 0
A68: Основное направление "Осуществление переданных полномочий от муниципального района сельским поселениям в сфере создания, содержания и организации деятельности аварийно-спасательных служб и (или) аварийно-спасательных формирований на территории поселения" | B68: 03 | C68: 09 | D68: 13 1 | E68: 03 | F68: 00000 | H68: =+H69 -> 0 | I68: =+I69 -> 0
A69: Осуществление переданных полномочий в области гражданской обороны, защиты населения и территорий от чрезвычайных ситуаций, безопасности людей на водных объектах | B69: 03 | C69: 09 | D69: 13 1 | E69: 03 | F69: П1460 | H69: =+H70 -> 0 | I69: =+I70 -> 0
A70: Закупка товаров, работ и услуг для обеспечения государственных (муниципальных) нужд | B70: 03 | C70: 09 | D70: 13 1 | E70: 03 | F70: П1460 | G70: 200 | H70: =+прил10!I71 -> 0 | I70: =+прил10!J71 -> 0
A71: Обеспечение пожарной безопасностиЗащита населения и территории от чрезвычайных ситуаций природного и техногенного характера, пожарная безопасность | B71: 03 | C71: 10 | H71: =H72 -> 3000 | I71: =I72 -> 3000
A72: Муниципальная программа Щекинского сельсовета Рыльского района Курской области «Пожарная безопасность и защита населения и территории Щекинского сельсовета от чрезвычайных ситуаций на 2014-2020 годы и на период до 2023 года» | B72: 03 | C72: 10 | D72: 13 0 | E72: 00 | F72: 00000 | H72: =+H73 -> 3000 | I72: =+I73 -> 3000
A73: Подпрограмма «Обеспечение комплексной безопасности жизнедеятельности населения от чрезвычайных ситуаций природного и техногенного характера, стабильности техногенной обстановки» муниципальной программы Щекинского сельсовета Рыльского района Курской области «Пожарная безопасность и защита населения и территории Щекинского сельсовета Рыльского района Курской области от чрезвычайных ситуаций на 2014-2020 годы и на перспективу до 2023 года " | B73: 03 | C73: 10 | D73: 13 2 | E73: 00 | F73: 00000 | H73: =H74 -> 3000 | I73: =I74 -> 3000
A74: Основное мероприятие "Организация работы по предупреждению и пресечению нарушений требований пожарной безопасности и правил поведения на водных объектах" | B74: 03 | C74: 10 | D74: 13 2 | E74: 01 | F74: 00000 | H74: =H75 -> 3000 | I74: =I75 -> 3000
A75: Расходы муниципального образования на обеспечения мер правовой и социальной защиты добровольных пожарных и поддержки общественных объединений пожарной охраны на территории муниципального образования | B75: 03 | C75: 10 | D75: 13 2 | E75: 01 | F75: С1478 | H75: =+H76 -> 3000 | I75: =+I76 -> 3000
A76: Закупка товаров, работ и услуг для обеспечения государственных (муниципальных) нужд | B76: 03 | C76: 10 | D76: 13 2 | E76: 01 | F76: С1478 | G76: 200 | H76: =+прил10!I77 -> 3000 | I76: =+прил10!J77 -> 3000
A77: Другие вопросы в области национальной безопасности и правоохранительной деятельности | B77: 03 | C77: 14 | H77: =+H78 -> 0 | I77: =+I78 -> 0
A78: Муниципальная программа Щекинского сельсовета Рыльского района Курской области"Профилактика преступлений и иных правонарушений в Щекинском сельсовете Рыльского района Курской области на 2014-2016 годы и на период до 2020 года" | B78: 03 | C78: 14 | D78: 12 0 | E78: 00 | F78: 00000 | H78: =+H79 -> 0 | I78: =+I79 -> 0
A79: Подпрограмма «Обеспечение правопорядка на территории муниципального образования» муниципальной программы Щекинского сельсовета Рыльского района Курской области"Профилактика преступлений и иных правонарушений в Щекинском сельсовете Рыльского района Курской области на 2015-2019 годы и на перспективу до 2020года" | B79: 03 | C79: 14 | D79: 12 1 | E79: 00 | F79: 00000 | H79: =+H80 -> 0 | I79: =+I80 -> 0
A80: Основное мероприятие"Реализация мероприятий направленных на обеспечение правопорядка на территории муниципального образования" | B80: 03 | C80: 14 | D80: 12 1 | E80: 01 | F80: С1435 | H80: =+H81+H83 -> 0 | I80: =+I81+I83 -> 0
A81: Реализация мероприятий направленных на обеспечение правопорядка на территории муниципального образования | B81: 03 | C81: 14 | D81: 12 1 | E81: 01 | F81: С1435 | H81: =H82 -> 0 | I81: =I82 -> 0
A82: Закупка товаров, работ и услуг для обеспечения государственных (муниципальных) нужд | B82: 03 | C82: 14 | D82: 12 1 | E82: 01 | F82: С1435 | G82: 200 | H82: =+прил10!I83 -> 0 | I82: =+прил10!J83 -> 0
A83: Реализация мероприятий по переданным полномочиям в сфере участия в профилактике терроризма и экстремизма, а также в минимизации и (или) ликвидации последствий проявлений терроризма и экстремизма в границах поселения | B83: 03 | C83: 14 | D83: 12 1 | E83: 01 | F83: П1435 | H83: =H84 -> 0 | I83: =I84 -> 0
A84: Закупка товаров, работ и услуг для обеспечения государственных (муниципальных) нужд | B84: 03 | C84: 14 | D84: 12 1 | E84: 01 | F84: П1435 | G84: 200 | H84: =+прил10!I85 -> 0 | I84: =+прил10!J85 -> 0
A85: НАЦИОНАЛЬНАЯ ЭКОНОМИКА | B85: 04 | H85: =+H86+H91 -> 7500 | I85: =+I86+I91 -> 4500
A86: Транспорт | B86: 04 | C86: 08 | H86: =+H87 -> 0 | I86: =+I87 -> 0
A87: Непрограммная деятельность органов местного самоуправления | B87: 04 | C87: 08 | D87: 77 0 | E87: 00 | F87: 00000 | H87: =+H88 -> 0 | I87: =+I88 -> 0
A88: Непрограммные расходы органов местного самоуправления | B88: 04 | C88: 08 | D88: 77 2 | E88: 00 | F88: 00000 | H88: =+H89 -> 0 | I88: =+I89 -> 0
A89: Осуществление переданных полномочий от муниципального района сельским поселениям по созданию условий для предоставления транспортных услуг населению и организация транспортного обслуживания населения в границах поселения | B89: 04 | C89: 08 | D89: 77 2 | E89: 00 | F89: П1426 | H89: =+H90 -> 0 | I89: =+I90 -> 0
A90: Закупка товаров, работ и услуг для обеспечения государственных (муниципальных) нужд | B90: 04 | C90: 08 | D90: 77 2 | E90: 00 | F90: П1426 | G90: 200 | H90: =+прил10!I91 -> 0 | I90: =+прил10!J91 -> 0
A91: Другие вопросы в области национальной экономики | B91: 04 | C91: 12 | H91: =H92 -> 7500 | I91: =I92 -> 4500
A92: Муниципальная программа Щекинского сельсовета Рыльского района Курской области "Управление муниципальным имуществом и земельными ресурсами Щекинского сельсовета Рыльского района Курской области на 2019 - 2021 годы и на перспективу до 2023 года" | B92: 04 | C92: 12 | D92: 04 0 | E92: 00 | F92: 00000 | H92: =H93 -> 7500 | I92: =I93 -> 4500
A93: Подпрограмма "Совершенствование системы управления муниципальным имуществом и земельными ресурсами на территории Щекинского сельсовета Рыльского района Курской области муниципальной программы Щекинского сельсовета Рыльского района Курской области "Управление муниципальным имуществом и земельными ресурсами Щекинского сельсовета Рыльского района Курской области на 2019 - 2021 годы и на перспективу до 2023 года" | B93: 04 | C93: 12 | D93: 04 1 | E93: 00 | F93: 00000 | H93: =H94 -> 7500 | I93: =I94 -> 4500
A94: Основное мероприятие "Проведение муниципальной политики в области имущественных и земельных отношений на территории Щекинского сельсовета Рыльского района Курской области" | B94: 04 | C94: 12 | D94: 04 1 | E94: 01 | F94: 00000 | H94: =H95+H97 -> 7500 | I94: =I95+I97 -> 4500
A95: Мероприятия в области имущественных отношений | B95: 04 | C95: 12 | D95: 04 1 | E95: 01 | F95: С1467 | H95: =H96 -> 1500 | I95: =I96 -> 1500
A96: Закупка товаров, работ и услуг для обеспечения государственных (муниципальных) нужд | B96: 04 | C96: 12 | D96: 04 1 | E96: 01 | F96: С1467 | G96: 200 | H96: =прил10!I97 -> 1500 | I96: =прил10!J97 -> 1500
A97: Мероприятия в области земельных отношений | B97: 04 | C97: 12 | D97: 04 1 | E97: 01 | F97: С1468 | H97: =H98 -> 6000 | I97: =I98 -> 3000
A98: Закупка товаров, работ и услуг для обеспечения государственных (муниципальных) нужд | B98: 04 | C98: 12 | D98: 04 1 | E98: 01 | F98: С1468 | G98: 200 | H98: =прил10!I99 -> 6000 | I98: =прил10!J99 -> 3000
A99: ЖИЛИЩНО-КОММУНАЛЬНОЕ ХОЯЙСТВО | B99: 05 | H99: =+H100+H106 -> 10678 | I99: =+I100+I106 -> 10678
A100: Коммунальное хозяйство | B100: 05 | C100: 02 | H100: =+H101 -> 0 | I100: =+I101 -> 0
A101: Муниципальная программа Щекинского сельсовета Рыльского района Курской области"Обеспечение доступным и комфортным жильем и коммунальными услугами граждан в Щекинском сельсовете Рыльского района Курской области на 2014-2018 годы и на период до 2020 года» | B101: 05 | C101: 02 | D101: 07 0 | E101: 00 | F101: 00000 | H101: =+H102 -> 0 | I101: =+I102 -> 0
...

Sheet прил9
A1: Приложение №9
A2: к решению Собрания Депутатов Щекинского сельсовета
A3: Рыльского района от ________ №____
A4: "О бюджете Щекинского сельсовета Рыльского района
A5: Курской области на 2021 год и плановый период 2022-2023годы"
A7: Ведомственная структура расходов бюджета Щекинского сельсовета Рыльского района Курской области на 2021 год
I8: рублей
A9: Наименование | B9: ГРБС | C9: Рз | D9: ПР | F9: ЦСР | H9: ВР | I9: Сумма на 2021 год
A10: В С Е Г О | I10: =+I11 -> 1934760 | J10: =прил5!D14 -> 1934760 | K10: =+I10-J10 -> 0
A11: Администрация Щекинского сельсовета Рыльского района | B11: 001 | I11: =+I12+I60+I67+I91+I117+I130+I157+I150 -> 1934760
A12: ОБЩЕГОСУДАРСТВЕННЫЕ ВОПРОСЫ | B12: 001 | C12: 01 | I12: =I13+I18+I24+I38+I33 -> 613485
A13: Функционирование высшего должностного лица субъекта Российской Федерации и муниципального образования | B13: 001 | C13: 01 | D13: 02 | I13: =+I14 -> 187488
A14: Обеспечение функционирования главы муниципального образования | B14: 001 | C14: 01 | D14: 02 | E14: 71 0 | F14: 00 | G14: 00000 | I14: =+I15 -> 187488
A15: Глава муниципального образования | B15: 001 | C15: 01 | D15: 02 | E15: 71 1 | F15: 00 | G15: 00000 | I15: =+I16 -> 187488
A16: Обеспечение деятельности и выполнение функций органов местного самоуправления | B16: 001 | C16: 01 | D16: 02 | E16: 71 1 | F16: 00 | G16: С1402 | I16: =+I17 -> 187488
A17: Расходы на выплаты персоналу в целях обеспечения выполнения функций государственными (муниципальными) органами, казенными учреждениями, органами управления государственными внебюджетными фондами | B17: 001 | C17: 01 | D17: 02 | E17: 71 1 | F17: 00 | G17: С1402 | H17: 100 | I17: 187488
A18: Функционирование Правительства Российской Федерации, высших исполнительных органов государственной власти субъектов Российской Федерации, местных администраций | B18: 001 | C18: 01 | D18: 04 | I18: =+I19 -> 214336
A19: Обеспечение функционирования местных администраций | B19: 001 | C19: 01 | D19: 04 | E19: 73 0 | F19: 00 | G19: 00000 | I19: =+I20 -> 214336
A20: Обеспечение деятельности администрации муниципального образования | B20: 001 | C20: 01 | D20: 04 | E20: 73 1 | F20: 00 | G20: 00000 | I20: =+I21 -> 214336
A21: Обеспечение деятельности и выполнение функций органов местного самоуправления | B21: 001 | C21: 01 | D21: 04 | E21: 73 1 | F21: 00 | G21: С1402 | I21: =SUM(I22:I23) -> 214336
A22: Расходы на выплаты персоналу в целях обеспечения выполнения функций государственными (муниципальными) органами, казенными учреждениями, органами управления государственными внебюджетными фондами | B22: 001 | C22: 01 | D22: 04 | E22: 73 1 | F22: 00 | G22: С1402 | H22: 100 | I22: 214336
A23: Закупка товаров, работ и услуг для обеспечения государственных (муниципальных) нужд | B23: 001 | C23: 01 | D23: 04 | E23: 73 1 | F23: 00 | G23: С1402 | H23: 200
A24: Обеспечение деятельности финансовых, налоговых и таможенных органов и органов финансового (финансово-бюджетного) надзора | B24: 001 | C24: 01 | D24: 06 | I24: =+I25+I29 -> 42670
A25: Обеспечение деятельности контрольно-счетных органов муниципального образования | B25: 001 | C25: 01 | D25: 06 | E25: 74 0 | F25: 00 | G25: 00000 | I25: =+I26 -> 36000
A26: Аппарат контрольно-счетного органа муниципального образования | B26: 001 | C26: 01 | D26: 06 | E26: 74 3 | F26: 00 | G26: 00000 | I26: =+I27 -> 36000
A27: Иные межбюджетные трансферты на осуществление переданных полномочий в сфере внешнего муниципального финансового контроля | B27: 001 | C27: 01 | D27: 06 | E27: 74 3 | F27: 00 | G27: П1484 | I27: =I28 -> 36000
A28: Межбюджетные трансферты | B28: 001 | C28: 01 | D28: 06 | E28: 74 3 | F28: 00 | G28: П1484 | H28: 500 | I28: 36000
A29: Непрограммная деятельность органов местного самоуправления | B29: 001 | C29: 01 | D29: 06 | E29: 77 0 | F29: 00 | G29: 00000 | I29: =+I30 -> 6670
A30: Непрограммные расходы органов местного самоуправления | B30: 001 | C30: 01 | D30: 06 | E30: 77 2 | F30: 00 | G30: 00000 | I30: =+I31 -> 6670
A31: Осуществление переданных полномочий от поселений муниципальному району в сфере внутреннего муниципального финансового контроля | B31: 001 | C31: 01 | D31: 06 | E31: 77 2 | F31: 00 | G31: П1485 | I31: =+I32 -> 6670
A32: Межбюджетные трансферты | B32: 001 | C32: 01 | D32: 06 | E32: 77 2 | F32: 00 | G32: П1485 | H32: 500 | I32: 6670
A33: Обеспечение проведения выборов и референдумов | B33: 001 | C33: 01 | D33: 07 | I33: =I34 -> 40000
A34: Непрограмная деятельность органов местного самоуправления | B34: 001 | C34: 01 | D34: 07 | E34: 74 0 | F34: 00 | G34: 00000 | I34: =+I35 -> 40000
A35: Непрограмные расходы органов местного самоуправления | B35: 001 | C35: 01 | D35: 07 | E35: 74 3 | F35: 00 | G35: 00000 | I35: =+I36 -> 40000
A36: Подготовка и проведение выборов | B36: 001 | C36: 01 | D36: 07 | E36: 74 3 | F36: 00 | G36: С1441 | I36: =I37 -> 40000
A37: Специальные расходы | B37: 001 | C37: 01 | D37: 07 | E37: 74 3 | F37: 00 | G37: С1441 | H37: 880 | I37: 40000
A38: Другие общегосударственные вопросы | B38: 001 | C38: 01 | D38: 13 | I38: =I39+I44+I49+I55 -> 128991
A39: Муниципальная программа Щекинского сельсовета Рыльского района Курской области «Энергосбережение и повышение энергетической эффективности Щекинского сельсовета Рыльского района Курской области на период 2010– 2015 годы и на перспективу до 2020 года» | B39: 001 | C39: 01 | D39: 13 | E39: 05 0 | F39: 00 | G39: 00000 | I39: =+I40 -> 0
A40: Подпрограмма"Активизация работы по повышению энергоэффективности на территории Щекинского сельсовета " муниципальной программы Щекинского сельсовета Рыльского района Курской области "Энергосбережение и повышение энергетической эффективности Щекинского сельсовета Рыльского района Курской области на период 2010– 2015 годы и на перспективу до 2020 года» | B40: 001 | C40: 01 | D40: 13 | E40: 05 1 | F40: 00 | G40: 00000 | I40: =+I41 -> 0
A41: Основное мероприятие "Проведение эффективной энергосберегающей политики в Щекинском сельсовете Рыльского района Курской области" | B41: 001 | C41: 01 | D41: 13 | E41: 05 1 | F41: 01 | G41: 00000 | I41: =I42 -> 0
A42: Мероприятия в области энергосбережения | B42: 001 | C42: 01 | D42: 13 | E42: 05 1 | F42: 01 | G42: С1434 | I42: =I43 -> 0
A43: Закупка товаров, работ и услуг для обеспечения государственных (муниципальных) нужд | B43: 001 | C43: 01 | D43: 13 | E43: 05 1 | F43: 01 | G43: С1434 | H43: 200
A44: Муниципальная программа Щекинского сельсовета Рыльского района Курской области «Развитие муниципальной службы в Щекинском сельсовете на 2014-2023 годы» | B44: 001 | C44: 01 | D44: 13 | E44: 77 0 | F44: 00 | G44: 00000 | I44: =+I45 -> 4295
A45: Подпрограмма «Реализация мероприятий, направленных на развитие муниципальной службы» муниципальной программы «Развитие муниципальной службы в Щекинском сельсовете на 2014-2023 годы» | B45: 001 | C45: 01 | D45: 13 | E45: 77 1 | F45: 00 | G45: 00000 | I45: =+I47 -> 4295
A46: Основное мероприятие "Создание максимальных условий для прохождения муниципальной службы и укомплектования органов местного самоуправления высокопрофессиональными кадрами" | B46: 001 | C46: 01 | D46: 13 | E46: 09 1 | F46: 01 | G46: 00000 | I46: =I47 -> 4295
A47: Мероприятия, направленные на развитие муниципальной службы | B47: 001 | C47: 01 | D47: 13 | E47: 09 1 | F47: 01 | G47: С1437 | I47: =+I48 -> 4295
A48: Закупка товаров, работ и услуг для обеспечения государственных (муниципальных) нужд | B48: 001 | C48: 01 | D48: 13 | E48: 09 1 | F48: 01 | G48: С1437 | H48: 200 | I48: 4295
A49: Реализация государственных функций, связанных с общегосударственным управлением | B49: 001 | C49: 01 | D49: 13 | E49: 76 0 | F49: 00 | G49: 00000 | I49: =+I50 -> 124696
A50: Выполнение других обязательств органа местного самоуправления | B50: 001 | C50: 01 | D50: 13 | E50: 76 1 | F50: 00 | G50: 00000 | I50: =I51 -> 124696
A51: Выполнение других (прочих) обязательств органа местного самоуправления | B51: 001 | C51: 01 | D51: 13 | E51: 76 1 | F51: 00 | G51: С1404 | I51: =SUM(I52:I54) -> 124696
A52: Расходы на выплаты персоналу в целях обеспечения выполнения функций государственными (муниципальными) органами, казенными учреждениями, органами управления государственными внебюджетными фондами | B52: 001 | C52: 01 | D52: 13 | E52: 76 1 | F52: 00 | G52: С1404 | H52: 100
A53: Закупка товаров, работ и услуг для обеспечения государственных (муниципальных) нужд | B53: 001 | C53: 01 | D53: 13 | E53: 76 1 | F53: 00 | G53: С1404 | H53: 200 | I53: 70401
A54: Иные бюджетные ассигнования | B54: 001 | C54: 01 | D54: 13 | E54: 76 1 | F54: 00 | G54: С1404 | H54: 800 | I54: 54295
A55: Непрограммная деятельность органов местного самоуправления | B55: 001 | C55: 01 | D55: 13 | E55: 77 0 | F55: 00 | G55: 00000 | I55: =+I56 -> 0
A56: Непрограммные расходы органов местного самоуправления | B56: 001 | C56: 01 | D56: 13 | E56: 77 2 | F56: 00 | G56: 00000 | I56: =+I57 -> 0
A57: Иные межбюджетные трансферты на содержание работника, осуществляющего выполнение переданных полномочий | B57: 001 | C57: 01 | D57: 13 | E57: 77 2 | F57: 00 | G57: П1490 | I57: =SUM(I58:I59) -> 0
A58: Расходы на выплаты персоналу в целях обеспечения выполнения функций государственными (муниципальными) органами, казенными учреждениями, органами управления государственными внебюджетными фондами | B58: 001 | C58: 01 | D58: 13 | E58: 77 2 | F58: 00 | G58: П1490 | H58: 100
A59: Закупка товаров, работ и услуг для обеспечения государственных (муниципальных) нужд | B59: 001 | C59: 01 | D59: 13 | E59: 77 2 | F59: 00 | G59: П1490 | H59: 200 | I59: 0
A60: НАЦИОНАЛЬНАЯ ОБОРОНА | B60: 001 | C60: 02 | I60: =+I61 -> 89267
A61: Мобилизационная и вневойсковая подготовка | B61: 001 | C61: 02 | D61: 03 | I61: =I62 -> 89267
A62: Непрограммная деятельность органов местного самоуправления | B62: 001 | C62: 02 | D62: 03 | E62: 77 0 | F62: 00 | G62: 00000 | I62: =I63 -> 89267
A63: Непрограммные расходы органов местного самоуправления | B63: 001 | C63: 02 | D63: 03 | E63: 77 2 | F63: 00 | G63: 00000 | I63: =I64 -> 89267
A64: Осуществление первичного воинского учета на территориях, где отсутствуют военные комиссариаты | B64: 001 | C64: 02 | D64: 03 | E64: 77 2 | F64: 00 | G64: 51180 | I64: =SUM(I65:I66) -> 89267
A65: Расходы на выплаты персоналу в целях обеспечения выполнения функций государственными (муниципальными) органами, казенными учреждениями, органами управления государственными внебюджетными фондами | B65: 001 | C65: 02 | D65: 03 | E65: 77 2 | F65: 00 | G65: 51180 | H65: 100 | I65: 76557.6
A66: Закупка товаров, работ и услуг для обеспечения государственных (муниципальных) нужд | B66: 001 | C66: 02 | D66: 03 | E66: 77 2 | F66: 00 | G66: 51180 | H66: 200 | I66: 12709.4
A67: НАЦИОНАЛЬНАЯ БЕЗОПАСНОСТЬ И ПРАВООХРАНИТЕЛЬНАЯ ДЕЯТЕЛЬНОСТЬ | B67: 001 | C67: 03 | I67: =I68+I77+I83 -> 14000
A68: Гражданская оборона | B68: 001 | C68: 03 | D68: 09 | I68: =+I69 -> 0
A69: Муниципальная программа Щекинского сельсовета Рыльского района Курской области "Пожарная безопасность и защита населения и территории Щекинского сельсовета от чрезвычайных ситуаций на 2014- 2020 годы и на период до 2023 года" | B69: 001 | C69: 03 | D69: 09 | E69: 13 0 | F69: 00 | G69: 00000 | I69: =+I70 -> 0
A70: Подпрограмма «Обеспечение комплексной безопасности жизнедеятельности населения от чрезвычайных ситуаций природного и техногенного характера, стабильности техногенной обстановки на территории Щекинского сельсовета Рыльского района Курской области" муниципальной программы Щекинского сельсовета Рыльского района Курской области «Пожарная безопасность и защита населения и территории Щекинского сельсовета от чрезвычайных ситуаций на 2014-2020 годы и на период до 2023 года" | B70: 001 | C70: 03 | D70: 09 | E70: 13 1 | F70: 00 | G70: 00000 | I70: =+I71+I74 -> 0
A71: Основное направление "Осуществление переданных полномочий от муниципального района сельским поселениям в сфере осуществления мероприятий по территориальной обороне и гражданской обороне, защите населения и территории поселения от чрезвычайных ситуаций природного и техногенного характера" | B71: 001 | C71: 03 | D71: 09 | E71: 13 1 | F71: 02 | G71: 00000 | I71: =+I72 -> 0
A72: Осуществление переданных полномочий в области гражданской обороны, защиты населения и территорий от чрезвычайных ситуаций, безопасности людей на водных объектах | B72: 001 | C72: 03 | D72: 09 | E72: 13 1 | F72: 02 | G72: П1460 | I72: =+I73 -> 0
A73: Закупка товаров, работ и услуг для обеспечения государственных (муниципальных) нужд | B73: 001 | C73: 03 | D73: 09 | E73: 13 1 | F73: 02 | G73: П1460 | H73: 200
A74: Основное направление "Осуществление переданных полномочий от муниципального района сельским поселениям в сфере создания, содержания и организации деятельности аварийно-спасательных служб и (или) аварийно-спасательных формирований на территории поселения" | B74: 001 | C74: 03 | D74: 09 | E74: 13 1 | F74: 03 | G74: 00000 | I74: =+I75 -> 0
A75: Осуществление переданных полномочий в области гражданской обороны, защиты населения и территорий от чрезвычайных ситуаций, безопасности людей на водных объектах | B75: 001 | C75: 03 | D75: 09 | E75: 13 1 | F75: 03 | G75: П1460 | I75: =+I76 -> 0
A76: Закупка товаров, работ и услуг для обеспечения государственных (муниципальных) нужд | B76: 001 | C76: 03 | D76: 09 | E76: 13 1 | F76: 03 | G76: П1460 | H76: 200 | I76: 0
A77: Защита населения и территории от чрезвычайных ситуаций природного и техногенного характера, пожарная безопасность | B77: 001 | C77: 03 | D77: 10 | I77: =I78 -> 14000
A78: Муниципальная программа Щекинского сельсовета Рыльского района Курской области «Пожарная безопасность и защита населения и территории Щекинского сельсовета от чрезвычайных ситуаций на 2014- 2020 годы и на период до 2023 года» | B78: 001 | C78: 03 | D78: 10 | E78: 13 0 | F78: 00 | G78: 00000 | I78: =+I79 -> 14000
A79: Подпрограмма "Обеспечение комплексной безопасности жизнедеятельности населения от чрезвычайных ситуаций природного и техногенного характера, стабильности техногенной обстановки" муниципальной программы Щекинского сельсовета Рыльского района Курской области "Пожарная безопасность и защита населения и территории Щекинского сельсовета от чрезвычайных ситуаций на 2014- 2020 годы и на период 2023года " | B79: 001 | C79: 03 | D79: 10 | E79: 13 2 | F79: 00 | G79: 00000 | I79: =+I80 -> 14000
A80: Основное мероприятие "Организация работы по предупреждению и пресечению нарушений требований пожарной безопасности и правил поведения на водных объектах" | B80: 001 | C80: 03 | D80: 10 | E80: 13 2 | F80: 01 | G80: 00000 | I80: =I81 -> 14000
A81: Расходы муниципального образования на обеспечения мер правовой и социальной защиты добровольных пожарных и поддержки общественных объединений пожарной охраны на территории муниципального образования | B81: 001 | C81: 03 | D81: 10 | E81: 13 2 | F81: 01 | G81: С1478 | I81: =+I82 -> 14000
A82: Закупка товаров, работ и услуг для обеспечения государственных (муниципальных) нужд | B82: 001 | C82: 03 | D82: 10 | E82: 13 2 | F82: 01 | G82: С1478 | H82: 200 | I82: 14000
A83: Другие вопросы в области национальной безопасности и правоохранительной деятельности | B83: 001 | C83: 03 | D83: 14 | I83: =+I84 -> 0
A84: Муниципальная программа Щекинского сельсовета Рыльского района Курской области"Профилактика преступлений и иных правонарушений в Щекинском сельсовете Рыльского района Курской области на 2014-2023 годы " | B84: 001 | C84: 03 | D84: 14 | E84: 12 0 | F84: 00 | G84: 00000 | I84: =+I85 -> 0
A85: Подпрограмма «Обеспечение правопорядка на территории муниципального образования» муниципальной программы Щекинского сельсовета Рыльского района Курской области"Профилактика преступлений и иных правонарушений в Щекинском сельсовете Рыльского района Курской области на 2014-2023 годы" | B85: 001 | C85: 03 | D85: 14 | E85: 12 1 | F85: 00 | G85: 00000 | I85: =+I86 -> 0
A86: Основное мероприятие"Реализация мероприятий направленных на обеспечение правопорядка на территории муниципального образования" | B86: 001 | C86: 03 | D86: 14 | E86: 12 1 | F86: 01 | G86: 00000 | I86: =+I87+I89 -> 0
A87: Реализация мероприятий направленных на обеспечение правопорядка на территории муниципального образования | B87: 001 | C87: 03 | D87: 14 | E87: 12 1 | F87: 01 | G87: С1435 | I87: =I88 -> 0
A88: Закупка товаров, работ и услуг для обеспечения государственных (муниципальных) нужд | B88: 001 | C88: 03 | D88: 14 | E88: 12 1 | F88: 01 | G88: С1435 | H88: 200 | I88: 0
A89: Реализация мероприятий по переданным полномочиям в сфере участия в профилактике терроризма и экстремизма, а также в минимизации и (или) ликвидации последствий проявлений терроризма и экстремизма в границах поселения | B89: 001 | C89: 03 | D89: 14 | E89: 12 1 | F89: 01 | G89: П1435 | I89: =I90 -> 0
A90: Закупка товаров, работ и услуг для обеспечения государственных (муниципальных) нужд | B90: 001 | C90: 03 | D90: 14 | E90: 12 1 | F90: 01 | G90: П1435 | H90: 200 | I90: 0
A91: НАЦИОНАЛЬНАЯ ЭКОНОМИКА | B91: 001 | C91: 04 | I91: =+I92+I97 -> 12500
A92: Транспорт | B92: 001 | C92: 04 | D92: 08 | I92: =+I93 -> 0
A93: Непрограммная деятельность органов местного самоуправления | B93: 001 | C93: 04 | D93: 08 | E93: 77 0 | F93: 00 | G93: 00000 | I93: =+I94 -> 0
A94: Непрограммные расходы органов местного самоуправления | B94: 001 | C94: 04 | D94: 08 | E94: 77 2 | F94: 00 | G94: 00000 | I94: =+I95 -> 0
A95: Осуществление переданных полномочий от муниципального района сельским поселениям по созданию условий для предоставления транспортных услуг населению и организация транспортного обслуживания населения в границах поселения | B95: 001 | C95: 04 | D95: 08 | E95: 77 2 | F95: 00 | G95: П1426 | I95: =+I96 -> 0
A96: Закупка товаров, работ и услуг для обеспечения государственных (муниципальных) нужд | B96: 001 | C96: 04 | D96: 08 | E96: 77 2 | F96: 00 | G96: П1426 | H96: 200 | I96: 0
A97: Другие вопросы в области национальной экономики | B97: 001 | C97: 04 | D97: 12 | I97: =I98+I110+I105 -> 12500
A98: Муниципальная программа Щекинского сельсовета Рыльского района Курской области "Управление муниципальным имуществом и земельными ресурсами Щекинского сельсовета Рыльского района Курской области на 2019 - 2021 годы и на перспективу до 2023 года" | B98: 001 | C98: 04 | D98: 12 | E98: 04 0 | F98: 00 | G98: 00000 | I98: =I99 -> 11500
A99: Подпрограмма "Совершенствование системы управления муниципальным имуществом и земельными ресурсами на территории Щекинского сельсовета Рыльского района Курской области муниципальной программы Щекинского сельсовета Рыльского района Курской области "Управление муниципальным имуществом и земельными ресурсами Щекинского сельсовета Рыльского района Курской области на 2019 - 2021 годы и на перспективу до 2023 года" | B99: 001 | C99: 04 | D99: 12 | E99: 04 1 | F99: 00 | G99: 00000 | I99: =I100 -> 11500
A100: Основное мероприятие "Проведение муниципальной политики в области имущественных и земельных отношений на территории Щекинского сельсовета Рыльского района Курской области" | B100: 001 | C100: 04 | D100: 12 | E100: 04 1 | F100: 01 | G100: 00000 | I100: =I101+I103 -> 11500
A101: Мероприятия в области имущественных отношений | B101: 001 | C101: 04 | D101: 12 | E101: 04 1 | F101: 01 | G101: С1467 | I101: =I102 -> 1500
...

Sheet Стар8
A1: Приложение №8
A2: к решению Собрания Депутатов Дуровского сельсовета
A3: Рыльского района от 15.12.2014г. № 108
A4: "О бюджете Дуровского сельсовета Рыльского района
A5: Курской области на 2015 год и плановый период 2016 и 2017 годов"
A8: Ведомственная структура расходов бюджета Дуровского сельсовета Рыльского района Курской области на 2015 год
H9: тыс.руб.
A10: Наименование | B10: ГРБС | C10: Рз | D10: ПР | E10: ЦСР | G10: ВР | H10: Сумма
A11: В С Е Г О | H11: =+H12 -> 1516.6
A12: Администрация Дуровского сельсовета Рыльского района Курской области | B12: 001 | H12: =H13+H75+H82+H93+H104+H121+H127+H139+H150 -> 1516.6
A13: ОБЩЕГОСУДАРСТВЕННЫЕ ВОПРОСЫ | B13: 001 | C13: 01 | H13: =H14+H19+H26+H45+H50+H55 -> 883.6
A14: Функционирование высшего должностного лица субъекта Российской Федерации и муниципального образования | B14: 001 | C14: 01 | D14: 02 | H14: =+H15 -> 248.3
A15: Обеспечение функционирования главы муниципального образования | B15: 001 | C15: 01 | D15: 02 | E15: 71 0 | F15: 0000 | H15: =+H16 -> 248.3
A16: Глава муниципального образования | B16: 001 | C16: 01 | D16: 02 | E16: 71 1 | F16: 0000 | H16: =+H17 -> 248.3
A17: Обеспечение деятельности и выполнение функций органов местного самоуправления | B17: 001 | C17: 01 | D17: 02 | E17: 71 1 | F17: 1402 | H17: =+H18 -> 248.3
A18: Расходы на выплаты персоналу в целях обеспечения выполнения функций государственными (муниципальными) органами, казенными учреждениями, органами управления государственными внебюджетными фондами | B18: 001 | C18: 01 | D18: 02 | E18: 71 1 | F18: 1402 | G18: 100 | H18: 248.3
A19: Функционирование Правительства Российской Федерации, высших исполнительных органов государственной власти субъектов Российской Федерации, местных администраций | B19: 001 | C19: 01 | D19: 04 | H19: =+H20 -> 576.5
A20: Обеспечение функционирования местных администраций | B20: 001 | C20: 01 | D20: 04 | E20: 73 0 | F20: 0000 | H20: =+H21 -> 576.5
A21: Обеспечение деятельности администрации муниципального образования | B21: 001 | C21: 01 | D21: 04 | E21: 73 1 | F21: 0000 | H21: =+H22 -> 576.5
A22: Обеспечение деятельности и выполнение функций органов местного самоуправления | B22: 001 | C22: 01 | D22: 04 | E22: 73 1 | F22: 1402 | H22: =SUM(H23:H25) -> 576.5
A23: Расходы на выплаты персоналу в целях обеспечения выполнения функций государственными (муниципальными) органами, казенными учреждениями, органами управления государственными внебюджетными фондами | B23: 001 | C23: 01 | D23: 04 | E23: 73 1 | F23: 1402 | G23: 100 | H23: 546.9
A24: Закупка товаров, работ и услуг для государственных (муниципальных) нужд | B24: 001 | C24: 01 | D24: 04 | E24: 73 1 | F24: 1402 | G24: 200 | H24: 17.6
A25: Иные бюджетные ассигнования | B25: 001 | C25: 01 | D25: 04 | E25: 73 1 | F25: 1402 | G25: 800 | H25: 12
A26: Обеспечение деятельности финансовых, налоговых и таможенных органов и органов финансового (финансово-бюджетного) надзора | B26: 001 | C26: 01 | D26: 06 | H26: =+H27 -> 37.8
A27: Обеспечение деятельности контрольно-счетных органов муниципального образования | B27: 001 | C27: 01 | D27: 06 | E27: 74 0 | F27: 0000 | H27: =+H28+H33+H38+H43 -> 37.8
A28: Руководитель контрольно-счетного органа муниципального образования | B28: 001 | C28: 01 | D28: 06 | E28: 74 1 | F28: 0000 | H28: =+H29 -> 0
A29: Обеспечение деятельности и выполнение функций органов местного самоуправления | B29: 001 | C29: 01 | D29: 06 | E29: 74 1 | F29: 1402 | H29: =SUM(H30:H32) -> 0
A30: Расходы на выплаты персоналу в целях обеспечения выполнения функций государственными (муниципальными) органами, казенными учреждениями, органами управления государственными внебюджетными фондами | B30: 001 | C30: 01 | D30: 06 | E30: 74 1 | F30: 1402 | G30: 100
A31: Закупка товаров, работ и услуг для государственных (муниципальных) нужд | B31: 001 | C31: 01 | D31: 06 | E31: 74 1 | F31: 1402 | G31: 200
A32: Иные бюджетные ассигнования | B32: 001 | C32: 01 | D32: 06 | E32: 74 1 | F32: 1402 | G32: 800
A33: Аудиторы контрольно-счетного органа муниципального образования | B33: 001 | C33: 01 | D33: 06 | E33: 74 2 | F33: 0000 | H33: =+H34 -> 0
A34: Обеспечение деятельности и выполнение функций органов местного самоуправления | B34: 001 | C34: 01 | D34: 06 | E34: 74 2 | F34: 1402 | H34: =SUM(H35:H37) -> 0
A35: Расходы на выплаты персоналу в целях обеспечения выполнения функций государственными (муниципальными) органами, казенными учреждениями, органами управления государственными внебюджетными фондами | B35: 001 | C35: 01 | D35: 06 | E35: 74 2 | F35: 1402 | G35: 100
A36: Закупка товаров, работ и услуг для государственных (муниципальных) нужд | B36: 001 | C36: 01 | D36: 06 | E36: 74 2 | F36: 1402 | G36: 200
A37: Иные бюджетные ассигнования | B37: 001 | C37: 01 | D37: 06 | E37: 74 2 | F37: 1402 | G37: 800
A38: Аппарат контрольно-счетного органа муниципального образования | B38: 001 | C38: 01 | D38: 06 | E38: 74 3 | F38: 0000 | H38: =+H39 -> 0
A39: Обеспечение деятельности и выполнение функций органов местного самоуправления | B39: 001 | C39: 01 | D39: 06 | E39: 74 3 | F39: 1402 | H39: =SUM(H40:H42) -> 0
A40: Расходы на выплаты персоналу в целях обеспечения выполнения функций государственными (муниципальными) органами, казенными учреждениями, органами управления государственными внебюджетными фондами | B40: 001 | C40: 01 | D40: 06 | E40: 74 3 | F40: 1402 | G40: 100
A41: Закупка товаров, работ и услуг для государственных (муниципальных) нужд | B41: 001 | C41: 01 | D41: 06 | E41: 74 3 | F41: 1402 | G41: 200
A42: Иные бюджетные ассигнования | B42: 001 | C42: 01 | D42: 06 | E42: 74 3 | F42: 1402 | G42: 800
A43: Осуществление переданных полномочий от поселений муниципальному району в сфере внешнего муниципального финансового контроля | B43: 001 | C43: 01 | D43: 06 | E43: 74 3 | F43: 1467 | H43: =+H44 -> 37.8
A44: Межбюджетные трансферты | B44: 001 | C44: 01 | D44: 06 | E44: 74 3 | F44: 1467 | G44: 500 | H44: 37.8
A45: Обеспечение проведения выборов и референдумов | B45: 001 | C45: 01 | D45: 07 | H45: =H46 -> 0
A46: Непрограммная деятельность органов местного самоуправления | B46: 001 | C46: 01 | D46: 07 | E46: 77 0 | F46: 0000 | H46: =H47 -> 0
A47: Организация и проведение выборов и референдумов | B47: 001 | C47: 01 | D47: 07 | E47: 77 3 | F47: 0000 | H47: =+H48 -> 0
A48: Подготовка и проведение выборов | B48: 001 | C48: 01 | D48: 07 | E48: 77 3 | F48: 1441 | H48: =+H49 -> 0
A49: Закупка товаров, работ и услуг для государственных (муниципальных) нужд | B49: 001 | C49: 01 | D49: 07 | E49: 77 3 | F49: 1441 | G49: 200
A50: Резервные фонды | B50: 001 | C50: 01 | D50: 11 | H50: =H51 -> 0
A51: Резервные фонды органов местного самоуправления | B51: 001 | C51: 01 | D51: 11 | E51: 78 0 | F51: 0000 | H51: =H52 -> 0
A52: Резервные фонды | B52: 001 | C52: 01 | D52: 11 | E52: 78 1 | F52: 0000 | H52: =H53 -> 0
A53: Резервный фонд местной администрации | B53: 001 | C53: 01 | D53: 11 | E53: 78 1 | F53: 1403 | H53: =H54 -> 0
A54: Иные бюджетные ассигнования | B54: 001 | C54: 01 | D54: 11 | E54: 78 1 | F54: 1403 | G54: 800
A55: Другие общегосударственные вопросы | B55: 001 | C55: 01 | D55: 13 | H55: =H56+H60+H64+H69 -> 21
A56: Муниципальная программа Дуровского сельсовета Рыльского района Курской области «Энергосбережение и повышение энергетической эффективности Дуровского сельсовета Рыльского района Курской области на период 2010– 2015 годы и на перспективу до 2020 года» | B56: 001 | C56: 01 | D56: 13 | E56: 05 0 | F56: 0000 | H56: =+H57 -> 2
A57: Подпрограмма"Активизация работы по повышению энергоэффективности на территории Дуровского сельсовета " муниципальной программы Дуровского сельсовета Рыльского района Курской области " Энергосбережение и повышение энергетической эффективности в Дуровском сельсовете Рыльского района Курской области на 2014– 2016 годы» | B57: 001 | C57: 01 | D57: 13 | E57: 05 1 | F57: 0000 | H57: =+H58 -> 2
A58: Мероприятия в области энергосбережения | B58: 001 | C58: 01 | D58: 13 | E58: 05 1 | F58: 1434 | H58: =H59 -> 2
A59: Закупка товаров, работ и услуг для государственных (муниципальных) нужд | B59: 001 | C59: 01 | D59: 13 | E59: 05 1 | F59: 1434 | G59: 200 | H59: 2
A60: Муниципальная программа Дуровского сельсовета Рыльского района Курской области «Развитие муниципальной службы в Дуровском сельсовете Рыльского района Курской области на 2014-2017 годы» | B60: 001 | C60: 01 | D60: 13 | E60: 09 0 | F60: 0000 | H60: =+H61 -> 12.1
A61: Подпрограмма «Реализация мероприятий, направленных на развитие муниципальной службы» муниципальной программы «Развитие муниципальной службы в Дуровском сельсовете Рыльского района Курской области на 2014-2017 годы» | B61: 001 | C61: 01 | D61: 13 | E61: 09 1 | F61: 0000 | H61: =+H62 -> 12.1
A62: Мероприятия, направленные на развитие муниципальной службы | B62: 001 | C62: 01 | D62: 13 | E62: 09 1 | F62: 1437 | H62: =+H63 -> 12.1
A63: Закупка товаров, работ и услуг для государственных (муниципальных) нужд | B63: 001 | C63: 01 | D63: 13 | E63: 09 1 | F63: 1437 | G63: 200 | H63: 12.1
A64: Реализация государственных функций, связанных с общегосударственным управлением | B64: 001 | C64: 01 | D64: 13 | E64: 76 0 | F64: 0000 | H64: =+H65 -> 6.9 | I64: Прочие расходы по Администрации
A65: Выполнение других обязательств органа местного самоуправления | B65: 001 | C65: 01 | D65: 13 | E65: 76 1 | F65: 0000 | H65: =H66 -> 6.9
A66: Выполнение других (прочих) обязательств органа местного самоуправления | B66: 001 | C66: 01 | D66: 13 | E66: 76 1 | F66: 1404 | H66: =H67+H68 -> 6.9
A67: Закупка товаров, работ и услуг для государственных (муниципальных) нужд | B67: 001 | C67: 01 | D67: 13 | E67: 76 1 | F67: 1404 | G67: 200 | H67: 5.9
A68: Иные бюджетные ассигнования | B68: 001 | C68: 01 | D68: 13 | E68: 76 1 | F68: 1404 | G68: 800 | H68: 1
A69: Непрограммная деятельность органов местного самоуправления | B69: 001 | C69: 01 | D69: 13 | E69: 77 0 | F69: 0000 | H69: =+H70 -> 0
A70: Непрограммные расходы органов местного самоуправления | B70: 001 | C70: 01 | D70: 13 | E70: 77 2 | F70: 0000 | H70: =+H71 -> 0 | I70: Обеспечение деятельности и выполнение функций муниципального казенного учреждения «Управление хозяйственного и транспортного обеспечения администрации _____________кого сельсовета Рыльского района Курской области»
A71: Расходы на обеспечение деятельности (оказание услуг) муниципальных учреждений | B71: 001 | C71: 01 | D71: 13 | E71: 77 2 | F71: 1401 | H71: =SUM(H72:H74) -> 0
A72: Расходы на выплаты персоналу в целях обеспечения выполнения функций государственными (муниципальными) органами, казенными учреждениями, органами управления государственными внебюджетными фондами | B72: 001 | C72: 01 | D72: 13 | E72: 77 2 | F72: 1401 | G72: 100
A73: Закупка товаров, работ и услуг для государственных (муниципальных) нужд | B73: 001 | C73: 01 | D73: 13 | E73: 77 2 | F73: 1401 | G73: 200
A74: Иные бюджетные ассигнования | B74: 001 | C74: 01 | D74: 13 | E74: 77 2 | F74: 1401 | G74: 800
A75: НАЦИОНАЛЬНАЯ ОБОРОНА | B75: 001 | C75: 02 | H75: =+H76 -> 69.2
A76: Мобилизационная и вневойсковая подготовка | B76: 001 | C76: 02 | D76: 03 | H76: =H77 -> 69.2
A77: Непрограммная деятельность органов местного самоуправления | B77: 001 | C77: 02 | D77: 03 | E77: 77 0 | F77: 0000 | H77: =H78 -> 69.2
A78: Непрограммные расходы органов местного самоуправления | B78: 001 | C78: 02 | D78: 03 | E78: 77 2 | F78: 0000 | H78: =H79 -> 69.2
A79: Осуществление первичного воинского учета на территориях, где отсутствуют военные комиссариаты | B79: 001 | C79: 02 | D79: 03 | E79: 77 2 | F79: 5918 | H79: =SUM(H80:H81) -> 69.2
A80: Расходы на выплаты персоналу в целях обеспечения выполнения функций государственными (муниципальными) органами, казенными учреждениями, органами управления государственными внебюджетными фондами | B80: 001 | C80: 02 | D80: 03 | E80: 77 2 | F80: 5918 | G80: 100 | H80: 43.5
A81: Закупка товаров, работ и услуг для государственных (муниципальных) нужд | B81: 001 | C81: 02 | D81: 03 | E81: 77 2 | F81: 5918 | G81: 200 | H81: 25.7
A82: НАЦИОНАЛЬНАЯ БЕЗОПАСНОСТЬ И ПРАВООХРАНИТЕЛЬНАЯ ДЕЯТЕЛЬНОСТЬ | B82: 001 | C82: 03 | H82: =+H83+H88 -> 3.4
A83: Обеспечение пожарной безопасности | B83: 001 | C83: 03 | D83: 10 | H83: =H84 -> 2.2
A84: Муниципальная программа Дуровского сельсовета Рыльского района Курской области «Пожарная безопасность и защита населения и территории Дуровского сельсовета Рыльского района Курской области от чрезвычайных ситуаций на 2014-2016 годы " | B84: 001 | C84: 03 | D84: 10 | E84: 13 0 | F84: 0000 | H84: =+H85 -> 2.2
A85: Подпрограмма «Обеспечение комплексной безопасности жизнедеятельности населения от чрезвычайных ситуаций природного и техногенного характера, стабильности техногенной обстановки» муниципальной программы Дуровского сельсовета Рыльского района Курской области «Пожарная безопасность и защита населения и территории Дуровского сельсовета Рыльского района Курской области от чрезвычайных ситуаций на 2014-2016 годы" | B85: 001 | C85: 03 | D85: 10 | E85: 13 1 | F85: 0000 | H85: =+H86 -> 2.2
A86: Расходы муниципального образования на обеспечения мер правовой и социальной защиты добровольных пожарных и поддержки общественных объединений пожарной охраны на территории муниципального образования | B86: 001 | C86: 03 | D86: 10 | E86: 13 1 | F86: 1415 | H86: =+H87 -> 2.2
A87: Закупка товаров, работ и услуг для государственных (муниципальных) нужд | B87: 001 | C87: 03 | D87: 10 | E87: 13 1 | F87: 1415 | G87: 200 | H87: 2.2
A88: Другие вопросы в области национальной безопасности и правоохранительной деятельности | B88: 001 | C88: 03 | D88: 14 | H88: =+H89 -> 1.2
A89: Муниципальная программа Дуровского сельсовета Рыльского района Курской области"Профилактика преступлений и иных правонарушений в Дуровском сельсовете Рыльского района Курской области на 2014-2016 годы" | B89: 001 | C89: 03 | D89: 14 | E89: 12 0 | F89: 0000 | H89: =+H90 -> 1.2
A90: Подпрограмма «Обеспечение правопорядка на территории муниципального образования» муниципальной программы Дуровского сельсовета Рыльского района Курской области"Профилактика преступлений и иных правонарушений в Дуровском сельсовете Рыльского района Курской области на 2014-2016 годы" | B90: 001 | C90: 03 | D90: 14 | E90: 12 1 | F90: 0000 | H90: =+H91 -> 1.2
A91: Реализация мероприятий направленных на обеспечение правопорядка на территории муниципального образования | B91: 001 | C91: 03 | D91: 14 | E91: 12 1 | F91: 1435 | H91: =H92 -> 1.2
A92: Закупка товаров, работ и услуг для государственных (муниципальных) нужд | B92: 001 | C92: 03 | D92: 14 | E92: 12 1 | F92: 1435 | G92: 200 | H92: 1.2
A93: НАЦИОНАЛЬНАЯ ЭКОНОМИКА | B93: 001 | C93: 04 | H93: =+H94 -> 0
A94: Другие вопросы в области национальной экономики | B94: 001 | C94: 04 | D94: 12 | H94: =+H95 -> 0
A95: Муниципальная программа «Развитие экономики муниципального образования» | B95: 001 | C95: 04 | D95: 12 | E95: 15 0 | F95: 0000 | H95: =+H96+H99 -> 0
A96: Подпрограмма «Создание благоприятных условий для привлечения инвестиций в экономику муниципального района» муниципальной программы «Развитие экономики муниципального образования» | B96: 001 | C96: 04 | D96: 12 | E96: 15 1 | F96: 0000 | H96: =+H97 -> 0
A97: Создание благоприятных условий для привлечения инвестиций в экономику МО и формирование благоприятного инвестиционного климата | B97: 001 | C97: 04 | D97: 12 | E97: 15 1 | F97: 1480 | H97: =+H98 -> 0
A98: Закупка товаров, работ и услуг для государственных (муниципальных) нужд | B98: 001 | C98: 04 | D98: 12 | E98: 15 1 | F98: 1480 | G98: 200
A99: Подпрограмма «Содействие развитию малого и среднего предпринимательства» муниципальной программы «Развитие экономики муниципального образования» | B99: 001 | C99: 04 | D99: 12 | E99: 15 2 | F99: 0000 | H99: =+H100+H102 -> 0
A100: Обеспечение условий для развития малого и среднего предпринимательства на территории Курской области | B100: 001 | C100: 04 | D100: 12 | E100: 15 2 | F100: 1196 | H100: =+H101 -> 0
A101: Закупка товаров, работ и услуг для государственных (муниципальных) нужд | B101: 001 | C101: 04 | D101: 12 | E101: 15 2 | F101: 1196 | G101: 200
A102: Обеспечение условий для развития малого и среднего предпринимательства на территории муниципального образования | B102: 001 | C102: 04 | D102: 12 | E102: 15 2 | F102: 1405 | H102: =+H103 -> 0
...

Sheet прил10
A1: Приложение №10
A2: к решению Собрания Депутатов Щекинского сельсовета
A3: Рыльского района от ________ №_____
A4: "О бюджете Щекинского сельсовета Рыльского района
D5: Курской области на 2021 год и плановый период 2022-2023годы"
A7: Ведомственная структура расходов бюджета Щекинского сельсовета Рыльского района Курской области на плановый период 2022-2023 годы
I8: рублей
A9: Наименование | B9: ГРБС | C9: Рз | D9: ПР | F9: ЦСР | H9: ВР | I9: Сумма на 2022год | J9: Сумма на 2023год
A10: В С Е Г О | I10: =+I12+I11 -> 1139542 | J10: =+J12+J11 -> 1128038 | K10: =I10-прил6!D11 -> 0 | L10: =J10-прил6!E11 -> 0
A11: Условно утвержденные расходы | I11: 26234 | J11: 51715
A12: Администрация Щекинского сельсовета Рыльского района | B12: 001 | I12: =+I13+I55+I62+I86+I100+I113+I136+I129 -> 1113308 | J12: =+J13+J55+J62+J86+J100+J113+J136+J129 -> 1076323 | K12: =прил8!H10 -> 1139542 | L12: =прил8!J14 -> 1128038
A13: ОБЩЕГОСУДАРСТВЕННЫЕ ВОПРОСЫ | B13: 001 | C13: 01 | I13: =I14+I19+I25+I34 -> 353353 | J13: =J14+J19+J25+J34 -> 346120 | K13: =K12-I55 -> 1049354 | L13: =L12-J55 -> 1034292
A14: Функционирование высшего должностного лица субъекта Российской Федерации и муниципального образования | B14: 001 | C14: 01 | D14: 02 | I14: =+I15 -> 117180 | J14: =+J15 -> 117180 | K14: =K13*2.5% -> 26233.85 | L14: =L13*5% -> 51714.6
A15: Обеспечение функционирования главы муниципального образования | B15: 001 | C15: 01 | D15: 02 | E15: 71 0 | F15: 00 | G15: 00000 | I15: =+I16 -> 117180 | J15: =+J16 -> 117180
A16: Глава муниципального образования | B16: 001 | C16: 01 | D16: 02 | E16: 71 1 | F16: 00 | G16: 00000 | I16: =+I17 -> 117180 | J16: =+J17 -> 117180
A17: Обеспечение деятельности и выполнение функций органов местного самоуправления | B17: 001 | C17: 01 | D17: 02 | E17: 71 1 | F17: 00 | G17: С1402 | I17: =+I18 -> 117180 | J17: =+J18 -> 117180
A18: Расходы на выплаты персоналу в целях обеспечения выполнения функций государственными (муниципальными) органами, казенными учреждениями, органами управления государственными внебюджетными фондами | B18: 001 | C18: 01 | D18: 02 | E18: 71 1 | F18: 00 | G18: С1402 | H18: 100 | I18: 117180 | J18: 117180
A19: Функционирование Правительства Российской Федерации, высших исполнительных органов государственной власти субъектов Российской Федерации, местных администраций | B19: 001 | C19: 01 | D19: 04 | I19: =+I20 -> 133960 | J19: =+J20 -> 133960
A20: Обеспечение функционирования местных администраций | B20: 001 | C20: 01 | D20: 04 | E20: 73 0 | F20: 00 | G20: 00000 | I20: =+I21 -> 133960 | J20: =+J21 -> 133960
A21: Обеспечение деятельности администрации муниципального образования | B21: 001 | C21: 01 | D21: 04 | E21: 73 1 | F21: 00 | G21: 00000 | I21: =+I22 -> 133960 | J21: =+J22 -> 133960
A22: Обеспечение деятельности и выполнение функций органов местного самоуправления | B22: 001 | C22: 01 | D22: 04 | E22: 73 1 | F22: 00 | G22: С1402 | I22: =SUM(I23:I24) -> 133960 | J22: =SUM(J23:J24) -> 133960
A23: Расходы на выплаты персоналу в целях обеспечения выполнения функций государственными (муниципальными) органами, казенными учреждениями, органами управления государственными внебюджетными фондами | B23: 001 | C23: 01 | D23: 04 | E23: 73 1 | F23: 00 | G23: С1402 | H23: 100 | I23: 133960 | J23: 133960
A24: Закупка товаров, работ и услуг для обеспечения государственных (муниципальных) нужд | B24: 001 | C24: 01 | D24: 04 | E24: 73 1 | F24: 00 | G24: С1402 | H24: 200
A25: Обеспечение деятельности финансовых, налоговых и таможенных органов и органов финансового (финансово-бюджетного) надзора | B25: 001 | C25: 01 | D25: 06 | I25: =+I26+I30 -> 42670 | J25: =+J26+J30 -> 42670
A26: Обеспечение деятельности контрольно-счетных органов муниципального образования | B26: 001 | C26: 01 | D26: 06 | E26: 74 0 | F26: 00 | G26: 00000 | I26: =+I27 -> 36000 | J26: =+J27 -> 36000
A27: Аппарат контрольно-счетного органа муниципального образования | B27: 001 | C27: 01 | D27: 06 | E27: 74 3 | F27: 00 | G27: 00000 | I27: =+I28 -> 36000 | J27: =+J28 -> 36000
A28: Иные межбюджетные трансферты на осуществление переданных полномочий в сфере внешнего муниципального финансового контроля | B28: 001 | C28: 01 | D28: 06 | E28: 74 3 | F28: 00 | G28: П1484 | I28: =+I29 -> 36000 | J28: =+J29 -> 36000
A29: Межбюджетные трансферты | B29: 001 | C29: 01 | D29: 06 | E29: 74 3 | F29: 00 | G29: П1484 | H29: 500 | I29: 36000 | J29: 36000
A30: Непрограммная деятельность органов местного самоуправления | B30: 001 | C30: 01 | D30: 06 | E30: 77 0 | F30: 00 | G30: 00000 | I30: =+I31 -> 6670 | J30: =+J31 -> 6670
A31: Непрограммные расходы органов местного самоуправления | B31: 001 | C31: 01 | D31: 06 | E31: 77 2 | F31: 00 | G31: 00000 | I31: =+I32 -> 6670 | J31: =+J32 -> 6670
A32: Осуществление переданных полномочий от поселений муниципальному району в сфере внутреннего муниципального финансового контроля | B32: 001 | C32: 01 | D32: 06 | E32: 77 2 | F32: 00 | G32: П1485 | I32: =+I33 -> 6670 | J32: =+J33 -> 6670
A33: Межбюджетные трансферты | B33: 001 | C33: 01 | D33: 06 | E33: 77 2 | F33: 00 | G33: П1485 | H33: 500 | I33: 6670 | J33: 6670
A34: Другие общегосударственные вопросы | B34: 001 | C34: 01 | D34: 13 | I34: =I35+I40+I45+I50 -> 59543 | J34: =J35+J40+J45+J50 -> 52310
A35: Муниципальная программа Щекинского сельсовета Рыльского района Курской области «Энергосбережение и повышение энергетической эффективности Щекинского сельсовета Рыльского района Курской области на период 2010– 2015 годы и на перспективу до 2020 года» | B35: 001 | C35: 01 | D35: 13 | E35: 05 0 | F35: 00 | G35: 00000 | I35: =+I36 -> 0 | J35: =+J36 -> 0
A36: Подпрограмма"Активизация работы по повышению энергоэффективности на территории Щекинского сельсовета " муниципальной программы Щекинского сельсовета Рыльского района Курской области "Энергосбережение и повышение энергетической эффективности Щекинского сельсовета Рыльского района Курской области на период 2010– 2015 годы и на перспективу до 2020 года» | B36: 001 | C36: 01 | D36: 13 | E36: 05 1 | F36: 00 | G36: 00000 | I36: =+I37 -> 0 | J36: =+J37 -> 0
A37: Основное мероприятие "Проведение эффективной энергосберегающей политики в Щекинском сельсовете Рыльского района Курской области" | B37: 001 | C37: 01 | D37: 13 | E37: 05 1 | F37: 01 | G37: 00000 | I37: =I38 -> 0 | J37: =J38 -> 0
A38: Мероприятия в области энергосбережения | B38: 001 | C38: 01 | D38: 13 | E38: 05 1 | F38: 01 | G38: С1434 | I38: =I39 -> 0 | J38: =J39 -> 0
A39: Закупка товаров, работ и услуг для обеспечения государственных (муниципальных) нужд | B39: 001 | C39: 01 | D39: 13 | E39: 05 1 | F39: 01 | G39: С1434 | H39: 200
A40: Муниципальная программа Щекинского сельсовета Рыльского района Курской области «Развитие муниципальной службы в Щекинском сельсовете на 2014-2023 годы» | B40: 001 | C40: 01 | D40: 13 | E40: 09 0 | F40: 00 | G40: 00000 | I40: =+I41 -> 4295 | J40: =+J41 -> 4295
A41: Подпрограмма «Реализация мероприятий, направленных на развитие муниципальной службы» муниципальной программы «Развитие муниципальной службы в Щекинском сельсовете на 2014-2023 годы» | B41: 001 | C41: 01 | D41: 13 | E41: 09 1 | F41: 00 | G41: 00000 | I41: =+I43 -> 4295 | J41: =+J43 -> 4295
A42: Основное мероприятие "Создание максимальных условий для прохождения муниципальной службы и укомплектования органов местного самоуправления высокопрофессиональными кадрами" | B42: 001 | C42: 01 | D42: 13 | E42: 09 1 | F42: 01 | G42: 00000 | I42: =I43 -> 4295 | J42: =J43 -> 4295
A43: Мероприятия, направленные на развитие муниципальной службы | B43: 001 | C43: 01 | D43: 13 | E43: 09 1 | F43: 01 | G43: С1437 | I43: =+I44 -> 4295 | J43: =+J44 -> 4295
A44: Закупка товаров, работ и услуг для обеспечения государственных (муниципальных) нужд | B44: 001 | C44: 01 | D44: 13 | E44: 09 1 | F44: 01 | G44: С1437 | H44: 200 | I44: 4295 | J44: 4295
A45: Реализация государственных функций, связанных с общегосударственным управлением | B45: 001 | C45: 01 | D45: 13 | E45: 76 0 | F45: 00 | G45: 00000 | I45: =+I46 -> 55248 | J45: =+J46 -> 48015
A46: Выполнение других обязательств органа местного самоуправления | B46: 001 | C46: 01 | D46: 13 | E46: 76 1 | F46: 00 | G46: 00000 | I46: =I47 -> 55248 | J46: =J47 -> 48015
A47: Выполнение других (прочих) обязательств органа местного самоуправления | B47: 001 | C47: 01 | D47: 13 | E47: 76 1 | F47: 00 | G47: С1404 | I47: =SUM(I48:I49) -> 55248 | J47: =SUM(J48:J49) -> 48015
A48: Закупка товаров, работ и услуг для обеспечения государственных (муниципальных) нужд | B48: 001 | C48: 01 | D48: 13 | E48: 76 1 | F48: 00 | G48: С1404 | H48: 200 | I48: 40953 | J48: 33720
A49: Иные бюджетные ассигнования | B49: 001 | C49: 01 | D49: 13 | E49: 76 1 | F49: 00 | G49: С1404 | H49: 800 | I49: 14295 | J49: 14295
A50: Непрограммная деятельность органов местного самоуправления | B50: 001 | C50: 01 | D50: 13 | E50: 77 0 | F50: 00 | G50: 00000 | I50: =+I51 -> 0 | J50: =+J51 -> 0
A51: Непрограммные расходы органов местного самоуправления | B51: 001 | C51: 01 | D51: 13 | E51: 77 2 | F51: 00 | G51: 00000 | I51: =+I52 -> 0 | J51: =+J52 -> 0
A52: Иные межбюджетные трансферты на содержание работника, осуществляющего выполнение переданных полномочий | B52: 001 | C52: 01 | D52: 13 | E52: 77 2 | F52: 00 | G52: П1490 | I52: =SUM(I53:I54) -> 0 | J52: =SUM(J53:J54) -> 0
A53: Расходы на выплаты персоналу в целях обеспечения выполнения функций государственными (муниципальными) органами, казенными учреждениями, органами управления государственными внебюджетными фондами | B53: 001 | C53: 01 | D53: 13 | E53: 77 2 | F53: 00 | G53: П1490 | H53: 100
A54: Закупка товаров, работ и услуг для обеспечения государственных (муниципальных) нужд | B54: 001 | C54: 01 | D54: 13 | E54: 77 2 | F54: 00 | G54: П1490 | H54: 200
A55: НАЦИОНАЛЬНАЯ ОБОРОНА | B55: 001 | C55: 02 | I55: =+I56 -> 90188 | J55: =+J56 -> 93746
A56: Мобилизационная и вневойсковая подготовка | B56: 001 | C56: 02 | D56: 03 | I56: =I57 -> 90188 | J56: =J57 -> 93746
A57: Непрограммная деятельность органов местного самоуправления | B57: 001 | C57: 02 | D57: 03 | E57: 77 0 | F57: 00 | G57: 00000 | I57: =I58 -> 90188 | J57: =J58 -> 93746
A58: Непрограммные расходы органов местного самоуправления | B58: 001 | C58: 02 | D58: 03 | E58: 77 2 | F58: 00 | G58: 00000 | I58: =I59 -> 90188 | J58: =J59 -> 93746
A59: Осуществление первичного воинского учета на территориях, где отсутствуют военные комиссариаты | B59: 001 | C59: 02 | D59: 03 | E59: 77 2 | F59: 00 | G59: 51180 | I59: =SUM(I60:I61) -> 90188 | J59: =SUM(J60:J61) -> 93746
A60: Расходы на выплаты персоналу в целях обеспечения выполнения функций государственными (муниципальными) органами, казенными учреждениями, органами управления государственными внебюджетными фондами | B60: 001 | C60: 02 | D60: 03 | E60: 77 2 | F60: 00 | G60: 51180 | H60: 100 | I60: 76557.6 | J60: 76557.6
A61: Закупка товаров, работ и услуг для обеспечения государственных (муниципальных) нужд | B61: 001 | C61: 02 | D61: 03 | E61: 77 2 | F61: 00 | G61: 51180 | H61: 200 | I61: 13630.4 | J61: 17188.4
A62: НАЦИОНАЛЬНАЯ БЕЗОПАСНОСТЬ И ПРАВООХРАНИТЕЛЬНАЯ ДЕЯТЕЛЬНОСТЬ | B62: 001 | C62: 03 | I62: =I63+I72+I78 -> 3000 | J62: =J63+J72+J78 -> 3000
A63: Гражданская оборона | B63: 001 | C63: 03 | D63: 09 | I63: =+I64 -> 0 | J63: =+J64 -> 0
A64: Муниципальная программа Щекинского сельсовета Рыльского района Курской области «Пожарная безопасность и защита населения и территории Щекинского сельсовета Рыльского района Курской области от чрезвычайных ситуаций на 2014-2016 годы и на период до 2020 года" | B64: 001 | C64: 03 | D64: 09 | E64: 13 0 | F64: 00 | G64: 00000 | I64: =+I65 -> 0 | J64: =+J65 -> 0
A65: Подпрограмма «Обеспечение комплексной безопасности жизнедеятельности населения от чрезвычайных ситуаций природного и техногенного характера, стабильности техногенной обстановки на территории Щекинского сельсовета Рыльского района Курской области" муниципальной программы Щекинского сельсовета Рыльского района Курской области «Пожарная безопасность и защита населения и территории Щекинского сельсовета Рыльского района Курской области от чрезвычайных ситуаций на 2014-2016 годы и на период до 2020 года" | B65: 001 | C65: 03 | D65: 09 | E65: 13 1 | F65: 00 | G65: 00000 | I65: =+I66+I69 -> 0 | J65: =+J66+J69 -> 0
A66: Основное направление "Осуществление переданных полномочий от муниципального района сельским поселениям в сфере осуществления мероприятий по территориальной обороне и гражданской обороне, защите населения и территории поселения от чрезвычайных ситуаций природного и техногенного характера" | B66: 001 | C66: 03 | D66: 09 | E66: 13 1 | F66: 02 | G66: 00000 | I66: =+I67 -> 0 | J66: =+J67 -> 0
A67: Осуществление переданных полномочий в области гражданской обороны, защиты населения и территорий от чрезвычайных ситуаций, безопасности людей на водных объектах | B67: 001 | C67: 03 | D67: 09 | E67: 13 1 | F67: 02 | G67: П1460 | I67: =+I68 -> 0 | J67: =+J68 -> 0
A68: Закупка товаров, работ и услуг для обеспечения государственных (муниципальных) нужд | B68: 001 | C68: 03 | D68: 09 | E68: 13 1 | F68: 02 | G68: П1460 | H68: 200
A69: Основное направление "Осуществление переданных полномочий от муниципального района сельским поселениям в сфере создания, содержания и организации деятельности аварийно-спасательных служб и (или) аварийно-спасательных формирований на территории поселения" | B69: 001 | C69: 03 | D69: 09 | E69: 13 1 | F69: 03 | G69: 00000 | I69: =+I70 -> 0 | J69: =+J70 -> 0
A70: Осуществление переданных полномочий в области гражданской обороны, защиты населения и территорий от чрезвычайных ситуаций, безопасности людей на водных объектах | B70: 001 | C70: 03 | D70: 09 | E70: 13 1 | F70: 03 | G70: П1460 | I70: =+I71 -> 0 | J70: =+J71 -> 0
A71: Закупка товаров, работ и услуг для обеспечения государственных (муниципальных) нужд | B71: 001 | C71: 03 | D71: 09 | E71: 13 1 | F71: 03 | G71: П1460 | H71: 200
A72: Защита населения и территории от чрезвычайных ситуаций природного и техногенного характера, пожарная безопасность | B72: 001 | C72: 03 | D72: 10 | I72: =I73 -> 3000 | J72: =J73 -> 3000
A73: Муниципальная программа Щекинского сельсовета Рыльского района Курской области «Пожарная безопасность и защита населения и территории Щекинского сельсовета от чрезвычайных ситуаций на 2014-2020 годы и на период до 2023 года» | B73: 001 | C73: 03 | D73: 10 | E73: 13 0 | F73: 00 | G73: 00000 | I73: =+I74 -> 3000 | J73: =+J74 -> 3000
A74: Подпрограмма «Обеспечение комплексной безопасности жизнедеятельности населения от чрезвычайных ситуаций природного и техногенного характера, стабильности техногенной обстановки» муниципальной программы Щекинского сельсовета Рыльского района Курской области «Пожарная безопасность и защита населения и территории Щекинского сельсовета от чрезвычайных ситуаций на 2014-2020 годы и на период до 2023 года" | B74: 001 | C74: 03 | D74: 10 | E74: 13 2 | F74: 00 | G74: 00000 | I74: =+I75 -> 3000 | J74: =+J75 -> 3000
A75: Основное мероприятие "Организация работы по предупреждению и пресечению нарушений требований пожарной безопасности и правил поведения на водных объектах" | B75: 001 | C75: 03 | D75: 10 | E75: 13 2 | F75: 01 | G75: 00000 | I75: =I76 -> 3000 | J75: =J76 -> 3000
A76: Расходы муниципального образования на обеспечения мер правовой и социальной защиты добровольных пожарных и поддержки общественных объединений пожарной охраны на территории муниципального образования | B76: 001 | C76: 03 | D76: 10 | E76: 13 2 | F76: 01 | G76: С1478 | I76: =+I77 -> 3000 | J76: =+J77 -> 3000
A77: Закупка товаров, работ и услуг для обеспечения государственных (муниципальных) нужд | B77: 001 | C77: 03 | D77: 10 | E77: 13 2 | F77: 01 | G77: С1478 | H77: 200 | I77: 3000 | J77: 3000
A78: Другие вопросы в области национальной безопасности и правоохранительной деятельности | B78: 001 | C78: 03 | D78: 14 | I78: =+I79 -> 0 | J78: =+J79 -> 0
A79: Муниципальная программа Щекинского сельсовета Рыльского района Курской области"Профилактика преступлений и иных правонарушений в Щекинском сельсовете Рыльского района Курской области на 2014-2016 годы и на период до 2020 года" | B79: 001 | C79: 03 | D79: 14 | E79: 12 0 | F79: 00 | G79: 00000 | I79: =+I80 -> 0 | J79: =+J80 -> 0
A80: Подпрограмма «Обеспечение правопорядка на территории муниципального образования» муниципальной программы Щекинского сельсовета Рыльского района Курской области"Профилактика преступлений и иных правонарушений в Щекинском сельсовете Рыльского района Курской области на 2015-2019 годы и на перспективу до 2020года" | B80: 001 | C80: 03 | D80: 14 | E80: 12 1 | F80: 00 | G80: 00000 | I80: =+I81 -> 0 | J80: =+J81 -> 0
A81: Основное мероприятие"Реализация мероприятий направленных на обеспечение правопорядка на территории муниципального образования" | B81: 001 | C81: 03 | D81: 14 | E81: 12 1 | F81: 01 | G81: 00000 | I81: =+I82+I84 -> 0 | J81: =+J82+J84 -> 0
A82: Реализация мероприятий направленных на обеспечение правопорядка на территории муниципального образования | B82: 001 | C82: 03 | D82: 14 | E82: 12 1 | F82: 01 | G82: С1435 | I82: =I83 -> 0 | J82: =J83 -> 0
A83: Закупка товаров, работ и услуг для обеспечения государственных (муниципальных) нужд | B83: 001 | C83: 03 | D83: 14 | E83: 12 1 | F83: 01 | G83: С1435 | H83: 200
A84: Реализация мероприятий по переданным полномочиям в сфере участия в профилактике терроризма и экстремизма, а также в минимизации и (или) ликвидации последствий проявлений терроризма и экстремизма в границах поселения | B84: 001 | C84: 03 | D84: 14 | E84: 12 1 | F84: 01 | G84: П1435 | I84: =I85 -> 0 | J84: =J85 -> 0
A85: Закупка товаров, работ и услуг для обеспечения государственных (муниципальных) нужд | B85: 001 | C85: 03 | D85: 14 | E85: 12 1 | F85: 01 | G85: П1435 | H85: 200
A86: НАЦИОНАЛЬНАЯ ЭКОНОМИКА | B86: 001 | C86: 04 | I86: =+I87+I92 -> 7500 | J86: =+J87+J92 -> 4500
A87: Транспорт | B87: 001 | C87: 04 | D87: 08 | I87: =+I88 -> 0 | J87: =+J88 -> 0
A88: Непрограммная деятельность органов местного самоуправления | B88: 001 | C88: 04 | D88: 08 | E88: 77 0 | F88: 00 | G88: 00000 | I88: =+I89 -> 0 | J88: =+J89 -> 0
A89: Непрограммные расходы органов местного самоуправления | B89: 001 | C89: 04 | D89: 08 | E89: 77 2 | F89: 00 | G89: 00000 | I89: =+I90 -> 0 | J89: =+J90 -> 0
A90: Осуществление переданных полномочий от муниципального района сельским поселениям по созданию условий для предоставления транспортных услуг населению и организация транспортного обслуживания населения в границах поселения | B90: 001 | C90: 04 | D90: 08 | E90: 77 2 | F90: 00 | G90: П1426 | I90: =+I91 -> 0 | J90: =+J91 -> 0
A91: Закупка товаров, работ и услуг для обеспечения государственных (муниципальных) нужд | B91: 001 | C91: 04 | D91: 08 | E91: 77 2 | F91: 00 | G91: П1426 | H91: 200
A92: Другие вопросы в области национальной экономики | B92: 001 | C92: 04 | D92: 12 | I92: =I93 -> 7500 | J92: =J93 -> 4500
A93: Муниципальная программа Щекинского сельсовета Рыльского района Курской области "Управление муниципальным имуществом и земельными ресурсами Щекинского сельсовета Рыльского района Курской области на 2019 - 2021 годы и на перспективу до 2023 года" | B93: 001 | C93: 04 | D93: 12 | E93: 04 0 | F93: 00 | G93: 00000 | I93: =I94 -> 7500 | J93: =J94 -> 4500
A94: Подпрограмма "Совершенствование системы управления муниципальным имуществом и земельными ресурсами на территории Щекинского сельсовета Рыльского района Курской области муниципальной программы Щекинского сельсовета Рыльского района Курской области "Управление муниципальным имуществом и земельными ресурсами Щекинского сельсовета Рыльского района Курской области на 2019 - 2021 годы и на перспективу до 2023 года" | B94: 001 | C94: 04 | D94: 12 | E94: 04 1 | F94: 00 | G94: 00000 | I94: =I95 -> 7500 | J94: =J95 -> 4500
A95: Основное мероприятие "Проведение муниципальной политики в области имущественных и земельных отношений на территории Щекинского сельсовета Рыльского района Курской области" | B95: 001 | C95: 04 | D95: 12 | E95: 04 1 | F95: 01 | G95: 00000 | I95: =I96+I98 -> 7500 | J95: =J96+J98 -> 4500
A96: Мероприятия в области имущественных отношений | B96: 001 | C96: 04 | D96: 12 | E96: 04 1 | F96: 01 | G96: С1467 | I96: =I97 -> 1500 | J96: =J97 -> 1500
A97: Закупка товаров, работ и услуг для обеспечения государственных (муниципальных) нужд | B97: 001 | C97: 04 | D97: 12 | E97: 04 1 | F97: 01 | G97: С1467 | H97: 200 | I97: 1500 | J97: 1500
A98: Мероприятия в области земельных отношений | B98: 001 | C98: 04 | D98: 12 | E98: 04 1 | F98: 01 | G98: С1468 | I98: =I99 -> 6000 | J98: =J99 -> 3000
A99: Закупка товаров, работ и услуг для обеспечения государственных (муниципальных) нужд | B99: 001 | C99: 04 | D99: 12 | E99: 04 1 | F99: 01 | G99: С1468 | H99: 200 | I99: 6000 | J99: 3000
A100: ЖИЛИЩНО-КОММУНАЛЬНОЕ ХОЯЙСТВО | B100: 001 | C100: 05 | I100: =I101+I107 -> 10678 | J100: =J101+J107 -> 10678
A101: Коммунальное хозяйство | B101: 001 | C101: 05 | D101: 02 | I101: =+I102 -> 0 | J101: =+J102 -> 0
...

Sheet Прил11
A1: Приложение № 11
A2: к решению Собрания Депутатов Щекинского сельсовета
A3: Рыльского района от __________ №___
A4: "О бюджете Щекинского сельсовета Рыльского района
A5: Курской области на 2021 год и плановый период 2022-2023годы"
A7: Распределение бюджетных ассигнований по целевым статьям (муниципальным программам Щекинского сельсовета Рыльского района Курской области и непрограммным направлениям деятельности), группам видов расходов классификации расходов бюджета Щекинского сельсовета Рыльского района Курской области на 2021 год
I8: рублей
A9: Наименование | F9: ЦСР | H9: ВР | I9: Сумма
A10: В С Е Г О | I10: =+I11+I32+I44+I51+I60+I65+I70+I77+I94+I98+I103+I111+I117+I89+I27+I107 -> 1934760 | J10: =+прил9!I10 -> 1934760 | K10: =+I10-J10 -> 0
A11: Муниципальная программа Щекинского сельсовета Рыльского района Курской области «Развитие культуры в Щекинском сельсовете Рыльского района Курской области на 2014-2023 годы» | B11: 001 | C11: 08 | D11: 01 | E11: 01 0 | F11: 00 | G11: 00000 | I11: =+I12+I23 -> 1047738
A12: Подпрограмма «Развитие народного творчества и культурно-досуговой деятельности в Щекинском сельсовете Рыльского района Курской области» муниципальной программы Щекинского сельсовета Рыльского района Курской области «Развитие культуры в Щекинском сельсовете Рыльского района Курской области на 2014-2023 годы» | B12: 001 | C12: 08 | D12: 01 | E12: 01 1 | F12: 00 | G12: 00000 | I12: =+I13 -> 1047738
A13: Основное мероприятие "Организация культурно-досуговой деятельности" | B13: 001 | C13: 08 | D13: 01 | E13: 01 1 | F13: 01 | G13: 00000 | I13: =I14+I16+I18 -> 1047738
A14: Заработная плата и начисления на выплаты по оплате труда работников учреждений культуры муниципальных образований городских и сельских поселений | B14: 001 | C14: 08 | D14: 01 | E14: 01 1 | F14: 01 | G14: 13330 | I14: =I15 -> 478126
A15: Расходы на выплаты персоналу в целях обеспечения выполнения функций государственными (муниципальными) органами, казенными учреждениями, органами управления государственными внебюджетными фондами | B15: 001 | C15: 08 | D15: 01 | E15: 01 1 | F15: 01 | G15: 13330 | H15: 100 | I15: =+прил9!I136 -> 478126
A16: Реализация мероприятий, направленных на обеспечение выплат заработной платы и начислений на выплаты по оплате труда работников учреждений культуры муниципальных образований городских и сельских поселений | E16: 01 1 | F16: 01 | G16: S3330 | I16: =I17 -> 303375
A17: Расходы на выплаты персоналу в целях обеспечения выполнения функций государственными (муниципальными) органами, казенными учреждениями, органами управления государственными внебюджетными фондами | E17: 01 1 | F17: 01 | G17: S3330 | H17: 100 | I17: =прил9!I138 -> 303375
A18: Расходы на обеспечение деятельности (оказание услуг) муниципальных учреждений | B18: 001 | C18: 08 | D18: 01 | E18: 01 1 | F18: 01 | G18: С1401 | I18: =SUM(I19:I20) -> 266237
A19: Закупка товаров, работ и услуг для обеспечения государственных (муниципальных) нужд | B19: 001 | C19: 08 | D19: 01 | E19: 01 1 | F19: 01 | G19: С1401 | H19: 200 | I19: =+прил9!I140 -> 244737
A20: Иные бюджетные ассигнования | B20: 001 | C20: 08 | D20: 01 | E20: 01 1 | F20: 01 | G20: С1401 | H20: 800 | I20: =+прил9!I141 -> 21500
A21: Обеспечение развития и укрепления материально-технической базы домов культуры в населенных пунктах с числом жителей до 50 тысяч человек | E21: 01 1 | F21: 01 | G21: L4670 | I21: =I22 -> 0
A22: Закупка товаров, работ и услуг для обеспечения государственных (муниципальных) нужд | E22: 01 1 | F22: 01 | G22: L4670 | H22: 200 | I22: =прил9!I143 -> 0
A23: Подпрограмма «Наследие» муниципальной программы Щекинского сельсовета Рыльского района Курской области «Развитие культуры в Щекинском сельсовете Рыльского района Курской области на 2014-2023 годы» | B23: 001 | C23: 08 | D23: 04 | E23: 01 2 | F23: 00 | G23: 00000 | I23: =+I24 -> 0
A24: Основное мероприятие "Осуществление переданных полномочий от муниципального района сельским поселениям по сохранению, использовании и популяризации объектов культурного наследия (памятников истории и культуры), находящихся в собственности поселения, охрана объектов культурного наследия (памятников истории и культуры) местного (муниципального) значения, расположенных на территории поселения" | B24: 001 | C24: 08 | D24: 04 | E24: 01 2 | F24: 02 | G24: 00000 | I24: =+I25 -> 0
A25: Осуществление переданных полномочий по созданию условий для проведения мероприятий в области культуры | B25: 001 | C25: 08 | D25: 04 | E25: 01 2 | F25: 02 | G25: П1463 | I25: =+I26 -> 0
A26: Закупка товаров, работ и услуг для обеспечения государственных (муниципальных) нужд | B26: 001 | C26: 08 | D26: 04 | E26: 01 2 | F26: 02 | G26: П1463 | H26: 200 | I26: =+прил9!I148 -> 0
A27: Муниципальная программа Щекинского сельсовета Рыльского района Курской области «Социальная поддержка граждан в Щекинском сельсовете Рыльского района Курской области на 2020 – 2022 годы и на период до 2024 года» | E27: 02 0 | F27: 00 | G27: 00000 | I27: =I28 -> 73973
A28: Подпрограмма «Социальная поддержка отдельных категорий граждан» муниципальной программы Щекинского сельсовета Рыльского района Курской области «Социальная поддержка граждан в Щекинском сельсовете Рыльского района Курской области на 2020 – 2022 годы и на период до 2024 года» | E28: 02 1 | F28: 00 | G28: 00000 | I28: =I29 -> 73973
A29: Основное мероприятие "Предоставление выплат пенсий за выслугу лет, доплат к пенсиям муниципальных служащих муниципального образования" | E29: 02 1 | F29: 01 | G29: 00000 | I29: =I30 -> 73973
A30: Выплата пенсий за выслугу лет и доплат к пенсиям муниципальных служащих | E30: 02 1 | F30: 01 | G30: С1445 | I30: =I31 -> 73973
A31: Социальное обеспечение и иные выплаты населению | E31: 02 1 | F31: 01 | G31: С1445 | H31: 300 | I31: =прил9!I156 -> 73973
A32: Муниципальная программа Щекинского сельсовета Рыльского района Курской области "Управление муниципальным имуществом и земельными ресурсами Щекинского сельсовета Рыльского района Курской области на 2019 - 2021 годы и на перспективу до 2023 года" | B32: 001 | C32: 04 | D32: 12 | E32: 04 0 | F32: 00 | G32: 00000 | I32: =+I33 -> 11500
A33: Подпрограмма "Совершенствование системы управления муниципальным имуществом и земельными ресурсами на территории Щекинского сельсовета Рыльского района Курской области муниципальной программы Щекинского сельсовета Рыльского района Курской области "Управление муниципальным имуществом и земельными ресурсами Щекинского сельсовета Рыльского района Курской области на 2019 - 2021 годы и на перспективу до 2023 года" | B33: 001 | C33: 04 | D33: 12 | E33: 04 1 | F33: 00 | G33: 00000 | I33: =+I34 -> 11500
A34: Основное мероприятие "Проведение муниципальной политики в области имущественных и земельных отношений на территории Щекинского сельсовета Рыльского района Курской области" | B34: 001 | C34: 04 | D34: 12 | E34: 04 1 | F34: 01 | G34: 00000 | I34: =+I35+I37 -> 11500
A35: Мероприятия в области имущественных отношений | B35: 001 | C35: 04 | D35: 12 | E35: 04 1 | F35: 01 | G35: С1467 | I35: =+I36 -> 1500
A36: Закупка товаров, работ и услуг для обеспечения государственных (муниципальных) нужд | B36: 001 | C36: 04 | D36: 12 | E36: 04 1 | F36: 01 | G36: С1467 | H36: 200 | I36: =+прил9!I102 -> 1500
A37: Мероприятия в области земельных отношений | B37: 001 | C37: 04 | D37: 12 | E37: 04 1 | F37: 01 | G37: С1468 | I37: =+I38 -> 10000
A38: Закупка товаров, работ и услуг для обеспечения государственных (муниципальных) нужд | B38: 001 | C38: 04 | D38: 12 | E38: 04 1 | F38: 01 | G38: С1468 | H38: 200 | I38: =+прил9!I104 -> 10000
A39: Муниципальная программа Щекинского сельсовета Рыльского района Курской области «Энергосбережение и повышение энергетической эффективности Щекинского сельсовета Рыльского района Курской области на период 2010– 2015 годы и на перспективу до 2023 года» | B39: 001 | C39: 01 | D39: 13 | E39: 05 0 | F39: 00 | G39: 00000 | I39: =+I40 -> 0
A40: Подпрограмма"Активизация работы по повышению энергоэффективности на территории Щекинского сельсовета " муниципальной программы Щекинского сельсовета Рыльского района Курской области "Энергосбережение и повышение энергетической эффективности Щекинского сельсовета Рыльского района Курской области на период 2010– 2015 годы и на перспективу до 2023 года» | B40: 001 | C40: 01 | D40: 13 | E40: 05 1 | F40: 00 | G40: 00000 | I40: =+I41 -> 0
A41: Основное мероприятие "Проведение эффективной энергосберегающей политики в Щекинском сельсовете Рыльского района Курской области" | B41: 001 | C41: 01 | D41: 13 | E41: 05 1 | F41: 01 | G41: 00000 | I41: =I42 -> 0
A42: Мероприятия в области энергосбережения | B42: 001 | C42: 01 | D42: 13 | E42: 05 1 | F42: 01 | G42: С1434 | I42: =I43 -> 0
A43: Закупка товаров, работ и услуг для обеспечения государственных (муниципальных) нужд | B43: 001 | C43: 01 | D43: 13 | E43: 05 1 | F43: 01 | G43: С1434 | H43: 200 | I43: =+прил9!I43 -> 0
A44: Муниципальная программа Щекинского сельсовета Рыльского района Курской области"Обеспечение доступным и комфортным жильем и коммунальными услугами граждан в Щекинском сельсовете Рыльского района Курской области на 2019-2021 годы и на период до 2023 года» | E44: 07 0 | F44: 00 | G44: 00000 | I44: =I45 -> 0
A45: Подпрограмма «Создание условий для обеспечения доступным и комфортным жильем граждан в «М/О» муниципальной программы Щекинского сельсовета Рыльского района Курской области "Обеспечение доступным и комфортным жильем и коммунальными услугами граждан в Щекинском сельсовете Рыльского района Курской области на 2019-2021 годы и на период до 2023 года» | E45: 07 3 | F45: 00 | G45: 00000 | I45: =I46 -> 0
A46: Основное мероприятие "Осуществление переданных полномочий от муниципального района сельским поселениям по организации в соответствии с Федеральным законом от 24 июля 2007 года N 221-ФЗ «О государственном кадастре недвижимости» выполнения комплексных кадастровых работ и утверждение карты-плана территории в границах поселения» | E46: 07 3 | F46: 01 | G46: 00000 | I46: =I47+I49 -> 0
A47: Мероприятия по внесению в Единый государственный реестр недвижимости сведений о границах муниципальных образований и границах населенных пунктов | E47: 07 3 | F47: 01 | G47: 13600 | I47: =I48 -> 0
A48: Закупка товаров, работ и услуг для обеспечения государственных (муниципальных) нужд | E48: 07 3 | F48: 01 | G48: 13600 | H48: 500 | I48: =прил9!I114 -> 0
A49: Реализация мероприятий по внесению в Единый государственный реестр недвижимости сведений о границах муниципальных образований и границах населенных пунктов | E49: 07 3 | F49: 01 | G49: S3600 | I49: =I50 -> 0
A50: Закупка товаров, работ и услуг для обеспечения государственных (муниципальных) нужд | E50: 07 3 | F50: 01 | G50: S3600 | H50: 500 | I50: =прил9!I116 -> 0
A51: Муниципальная программа Щекинского сельсовета Рыльского района Курской области"Обеспечение доступным и комфортным жильем и коммунальными услугами граждан в Щекинском сельсовете Рыльского района Курской области на 2019-2021 годы и на период до 2023 года» | B51: 001 | C51: 05 | D51: 03 | E51: 07 0 | F51: 00 | G51: 00000 | I51: =+I52+I56 -> 82797
A52: Подпрограмма «Обеспечение качественными услугами ЖКХ населения Щекинского сельсовета Рыльского района Курской области» муниципальной программы Щекинского сельсовета Рыльского района Курской области «Обеспечение доступным и комфортным жильем и коммунальными услугами граждан в Щекинском сельсовете Рыльского района Курской области на 2019-2021 годы и на период до 2023 года» | B52: 001 | C52: 05 | D52: 02 | E52: 07 1 | F52: 00 | G52: 00000 | I52: =+I53 -> 0
A53: Основное мероприятие "Осуществление переданных полномочий от муниципального района сельским поселениям по организации в границах поселения электро-, тепло-, газо- и водоснабжения населения, водоотведения, снабжения населения топливом в пределах полномочий, установленных законодательством Российской Федерации" | B53: 001 | C53: 05 | D53: 02 | E53: 07 1 | F53: 01 | G53: 00000 | I53: =I54 -> 0
A54: Осуществление переданных полномочий в области коммунального хозяйства | B54: 001 | C54: 05 | D54: 02 | E54: 07 1 | F54: 01 | G54: П1431 | I54: =SUM(I55:I55) -> 0
A55: Иные бюджетные ассигнования | B55: 001 | C55: 05 | D55: 02 | E55: 07 1 | F55: 01 | G55: П1431 | H55: 800 | I55: =+прил9!I123 -> 0
A56: Подпрограмма «Организация благоустройства территории поселения» | E56: 07 2 | F56: 00 | G56: 00000 | I56: =+I57 -> 82797
A57: Основное мероприятие "Создание благоприятных условий для обеспечения надежной работы жилищно-коммунальгого хозяйства в Щекинском сельсовете Рыльского района Курской области" | E57: 07 2 | F57: 01 | G57: 00000 | I57: =I58 -> 82797
A58: Мероприятия по благоустройству | E58: 07 2 | F58: 01 | G58: С1433 | I58: =SUM(I59:I59) -> 82797
A59: Закупка товаров, работ и услуг для обеспечения государственных (муниципальных) нужд | E59: 07 2 | F59: 01 | G59: С1433 | H59: 200 | I59: =+прил9!I129 -> 82797
A60: Муниципальная программа Щекинского сельсовета Рыльского района Курской области «Повышение эффективности работы с молодежью, организация отдыха и оздоровления детей, молодежи развитие физической культуры и спорта на территории Щекинского сельсовета Рыльского района Курской области на 2021-2023 годы и на плановый период до 2025 года" | B60: 001 | C60: 11 | D60: 02 | E60: 08 0 | F60: 00 | G60: 00000 | I60: =I61 -> 1000
A61: Подпрограмма «Реализация муниципальной политики в сфере физической культуры и спорта» муниципальной программы Щекинского сельсовета Рыльского района Курской области «Повышение эффективности работы с молодежью, организация отдыха и оздоровления детей, молодежи развитие физической культуры и спорта на территории Щекинского сельсовета Рыльского района Курской области на 2021-2023 годы и на плановый период до 2025 года" | B61: 001 | C61: 11 | D61: 02 | E61: 08 2 | F61: 00 | G61: 00000 | I61: =+I62 -> 1000
A62: Основное мероприятие "Совершенствование системы физического воспитания для различных групп и категорий населения" | B62: 001 | C62: 11 | D62: 02 | E62: 08 2 | F62: 01 | G62: 00000 | I62: =+I63 -> 1000
A63: Создание условий, обеспечивающих повышение мотивации жителей Рыльского района Курской области к регулярным занятиям физической культурой и спортом и ведению здорового образа жизни | B63: 001 | C63: 11 | D63: 02 | E63: 08 2 | F63: 01 | G63: С1406 | I63: =I64 -> 1000
A64: Закупка товаров, работ и услуг для обеспечения государственных (муниципальных) нужд | B64: 001 | C64: 11 | D64: 02 | E64: 08 2 | F64: 01 | G64: С1406 | H64: 200 | I64: =+прил9!I163 -> 1000
A65: Муниципальная программа Щекинского сельсовета Рыльского района Курской области «Развитие муниципальной службы в Щекинском сельсовете на 2014-2023 годы» | B65: 001 | C65: 01 | D65: 13 | E65: 09 0 | F65: 00 | G65: 00000 | I65: =+I66 -> 4295
A66: Подпрограмма «Реализация мероприятий, направленных на развитие муниципальной службы» муниципальной программы «Развитие муниципальной службы в Щекинском сельсовете на 2014-2023 годы» | B66: 001 | C66: 01 | D66: 13 | E66: 09 1 | F66: 00 | G66: 00000 | I66: =+I68 -> 4295
A67: Основное мероприятие "Создание максимальных условий для прохождения муниципальной службы и укомплектования органов местного самоуправления высокопрофессиональными кадрами" | B67: 001 | C67: 01 | D67: 13 | E67: 09 1 | F67: 01 | G67: 00000 | I67: =I68 -> 4295
A68: Мероприятия, направленные на развитие муниципальной службы | B68: 001 | C68: 01 | D68: 13 | E68: 09 1 | F68: 01 | G68: С1437 | I68: =+I69 -> 4295
A69: Закупка товаров, работ и услуг для обеспечения государственных (муниципальных) нужд | B69: 001 | C69: 01 | D69: 13 | E69: 09 1 | F69: 01 | G69: С1437 | H69: 200 | I69: =+прил9!I48 -> 4295
A70: Муниципальная программа Щекинского сельсовета Рыльского района Курской области"Профилактика преступлений и иных правонарушений в Щекинском сельсовете Рыльского района Курской области на 2014-2023 годы " | B70: 001 | C70: 03 | D70: 14 | E70: 12 0 | F70: 00 | G70: 00000 | I70: =+I71 -> 0
A71: Подпрограмма «Обеспечение правопорядка на территории муниципального образования» муниципальной программы Щекинского сельсовета Рыльского района Курской области"Профилактика преступлений и иных правонарушений в Щекинском сельсовете Рыльского района Курской области на 2014-2023 годы" | B71: 001 | C71: 03 | D71: 14 | E71: 12 1 | F71: 00 | G71: 00000 | I71: =+I72 -> 0
A72: Основное мероприятие"Реализация мероприятий направленных на обеспечение правопорядка на территории муниципального образования" | B72: 001 | C72: 03 | D72: 14 | E72: 12 1 | F72: 01 | G72: 00000 | I72: =+I73+I75 -> 0
A73: Реализация мероприятий направленных на обеспечение правопорядка на территории муниципального образования | B73: 001 | C73: 03 | D73: 14 | E73: 12 1 | F73: 01 | G73: С1435 | I73: =I74 -> 0
A74: Закупка товаров, работ и услуг для обеспечения государственных (муниципальных) нужд | B74: 001 | C74: 03 | D74: 14 | E74: 12 1 | F74: 01 | G74: С1435 | H74: 200 | I74: =+прил9!I88 -> 0
A75: Реализация мероприятий по переданным полномочиям в сфере участия в профилактике терроризма и экстремизма, а также в минимизации и (или) ликвидации последствий проявлений терроризма и экстремизма в границах поселения | B75: 001 | C75: 03 | D75: 14 | E75: 12 1 | F75: 01 | G75: П1435 | I75: =I76 -> 0
A76: Закупка товаров, работ и услуг для обеспечения государственных (муниципальных) нужд | B76: 001 | C76: 03 | D76: 14 | E76: 12 1 | F76: 01 | G76: П1435 | H76: 200 | I76: =+прил9!I90 -> 0
A77: Муниципальная программа Щекинского сельсовета Рыльского района Курской области «Пожарная безопасность и защита населения и территории Щекинского сельсовета от чрезвычайных ситуаций на 2014-2020 годы и на период до 2023 года» | B77: 001 | C77: 03 | D77: 09 | E77: 13 0 | F77: 00 | G77: 00000 | I77: =I78+I85 -> 14000
A78: Подпрограмма «Обеспечение комплексной безопасности жизнедеятельности населения от чрезвычайных ситуаций природного и техногенного характера, стабильности техногенной обстановки» муниципальной программы Щекинского сельсовета Рыльского района Курской области «Пожарная безопасность и защита населения и территории Щекинского сельсовета от чрезвычайных ситуаций на 2014-2020 годы и на период до 2023 года" | B78: 001 | C78: 03 | D78: 09 | E78: 13 1 | F78: 00 | G78: 00000 | I78: =I84 -> 0
A79: Основное направление "Осуществление переданных полномочий от муниципального района сельским поселениям в сфере осуществления мероприятий по территориальной обороне и гражданской обороне, защите населения и территории поселения от чрезвычайных ситуаций природного и техногенного характера" | B79: 001 | C79: 03 | D79: 09 | E79: 13 1 | F79: 02 | G79: 00000 | I79: =+I80 -> 0
A80: Осуществление переданных полномочий в области гражданской обороны, защиты населения и территорий от чрезвычайных ситуаций, безопасности людей на водных объектах | B80: 001 | C80: 03 | D80: 09 | E80: 13 1 | F80: 02 | G80: П1460 | I80: =+I81 -> 0
A81: Закупка товаров, работ и услуг для обеспечения государственных (муниципальных) нужд | B81: 001 | C81: 03 | D81: 09 | E81: 13 1 | F81: 02 | G81: П1460 | H81: 200 | I81: =+прил9!I73 -> 0
A82: Основное направление "Осуществление переданных полномочий от муниципального района сельским поселениям в сфере создания, содержания и организации деятельности аварийно-спасательных служб и (или) аварийно-спасательных формирований на территории поселения" | B82: 001 | C82: 03 | D82: 09 | E82: 13 1 | F82: 03 | G82: 00000 | I82: =+I83 -> 0
A83: Осуществление переданных полномочий в области гражданской обороны, защиты населения и территорий от чрезвычайных ситуаций, безопасности людей на водных объектах | B83: 001 | C83: 03 | D83: 09 | E83: 13 1 | F83: 03 | G83: П1460 | I83: =+I84 -> 0
A84: Закупка товаров, работ и услуг для обеспечения государственных (муниципальных) нужд | B84: 001 | C84: 03 | D84: 09 | E84: 13 1 | F84: 03 | G84: П1460 | H84: 200 | I84: =+прил9!I76 -> 0
A85: Подпрограмма «Обеспечение комплексной безопасности жизнедеятельности населения от чрезвычайных ситуаций природного и техногенного характера, стабильности техногенной обстановки» муниципальной программы Щекинского сельсовета Рыльского района Курской области «Пожарная безопасность и защита населения и территории Щекинского сельсовета от чрезвычайных ситуаций на 2014-2020 годы и на период до 2023 года" | B85: 001 | C85: 03 | D85: 10 | E85: 13 2 | F85: 00 | G85: 00000 | I85: =+I86 -> 14000
A86: Основное мероприятие "Организация работы по предупреждению и пресечению нарушений требований пожарной безопасности и правил поведения на водных объектах" | B86: 001 | C86: 03 | D86: 10 | E86: 13 2 | F86: 01 | G86: 00000 | I86: =I87 -> 14000
A87: Расходы муниципального образования на обеспечения мер правовой и социальной защиты добровольных пожарных и поддержки общественных объединений пожарной охраны на территории муниципального образования | B87: 001 | C87: 03 | D87: 10 | E87: 13 2 | F87: 01 | G87: С1478 | I87: =+I88 -> 14000
A88: Закупка товаров, работ и услуг для обеспечения государственных (муниципальных) нужд | B88: 001 | C88: 03 | D88: 10 | E88: 13 2 | F88: 01 | G88: С1478 | H88: 200 | I88: =+прил9!I82 -> 14000
A89: Муниципальная программа «Развитие малого и среднего предпринимательства на территории МО «Щекинский сельсовет» Рыльского района Курской области на 2014-2023 годы» | E89: 15 0 | F89: 00 | G89: 00000 | I89: =прил9!I105 -> 1000
A90: Подпрограмма «Формирование благоприятных условий для устойчивого функционирования и развития малого и среденего предпринимательства» | E90: 15 1 | F90: 00 | G90: 00000 | I90: =прил9!I106 -> 1000
A91: Основное мероприятие "Подготовка и участие в региональных и межрегиональных выставках, ярмарках, конкурсках и других мероприятиях" | E91: 15 1 | F91: 01 | G91: 00000 | I91: =прил9!I107 -> 1000
A92: Обеспечение условий для развития малого и среднего предпринимательства на территории муниципального образования" | E92: 15 1 | F92: 01 | G92: С1405 | I92: =прил9!I108 -> 1000
A93: Закупка товаров, работ и услуг для обеспечения государственных (муниципальных) нужд | E93: 15 1 | F93: 01 | G93: С1405 | H93: 200 | I93: =прил9!I109 -> 1000
A94: Обеспечение функционирования главы муниципального образования | B94: 001 | C94: 01 | D94: 02 | E94: 71 0 | F94: 00 | G94: 00000 | I94: =+I95 -> 187488
A95: Глава муниципального образования | B95: 001 | C95: 01 | D95: 02 | E95: 71 1 | F95: 00 | G95: 00000 | I95: =+I96 -> 187488
A96: Обеспечение деятельности и выполнение функций органов местного самоуправления | B96: 001 | C96: 01 | D96: 02 | E96: 71 1 | F96: 00 | G96: С1402 | I96: =+I97 -> 187488
A97: Расходы на выплаты персоналу в целях обеспечения выполнения функций государственными (муниципальными) органами, казенными учреждениями, органами управления государственными внебюджетными фондами | B97: 001 | C97: 01 | D97: 02 | E97: 71 1 | F97: 00 | G97: С1402 | H97: 100 | I97: =+прил9!I17 -> 187488
A98: Обеспечение функционирования местных администраций | B98: 001 | C98: 01 | D98: 04 | E98: 73 0 | F98: 00 | G98: 00000 | I98: =+I99 -> 214336
A99: Обеспечение деятельности администрации муниципального образования | B99: 001 | C99: 01 | D99: 04 | E99: 73 1 | F99: 00 | G99: 00000 | I99: =+I100 -> 214336
A100: Обеспечение деятельности и выполнение функций органов местного самоуправления | B100: 001 | C100: 01 | D100: 04 | E100: 73 1 | F100: 00 | G100: С1402 | I100: =SUM(I101:I102) -> 214336
A101: Расходы на выплаты персоналу в целях обеспечения выполнения функций государственными (муниципальными) органами, казенными учреждениями, органами управления государственными внебюджетными фондами | B101: 001 | C101: 01 | D101: 04 | E101: 73 1 | F101: 00 | G101: С1402 | H101: 100 | I101: =+прил9!I22 -> 214336
...

Sheet Прил12
A1: Приложение № 12
A2: к решению Собрания Депутатов Щекинского сельсовета
A3: Рыльского района от _______ №_____
A4: "О бюджете Щекинского сельсовета Рыльского района
A5: Курской области на 2021 год и плановый период 2022-2023годы"
A7: Распределение бюджетных ассигнований по целевым статьям (муниципальным программам Щекинского сельсовета Рыльского района Курской области и непрограммным направлениям деятельности), группам видов расходов классификации расходов бюджета Щекинского сельсовета Рыльского района Курской области на 2022-2023годы
I8: рублей
A9: Наименование | F9: ЦСР | H9: ВР | I9: Сумма на 2022год | J9: Сумма на 2023год | K9: 2021 | L9: 2021
A10: В С Е Г О | I10: =I12+I29+I36+I41+I50+I55+I60+I67+I79+I83+I88+I92+I97+I11+I24 -> 1139542 | J10: =J12+J29+J36+J41+J50+J55+J60+J67+J79+J83+J88+J92+J97+J11+J24 -> 1128038 | K10: =прил10!I10 -> 1139542 | L10: =I10-K10 -> 0
A11: Условно утвержденные расходы | I11: =прил10!I11 -> 26234 | J11: =прил10!J11 -> 51715
A12: Муниципальная программа Щекинского сельсовета Рыльского района Курской области «Развитие культуры в Щекинском сельсовете Рыльского района Курской области на 2014-2023 годы» | B12: 001 | C12: 08 | D12: 01 | E12: 01 0 | F12: 00 | G12: 00000 | I12: =+I13 -> 603205 | J12: =+J13 -> 572895 | K12: 2022 | L12: 2022
A13: Подпрограмма «Развитие народного творчества и культурно-досуговой деятельности в Щекинском сельсовете Рыльского района Курской области» муниципальной программы Щекинского сельсовета Рыльского района Курской области «Развитие культуры в Щекинском сельсовете Рыльского района Курской области на на 2014-2023 годы» | B13: 001 | C13: 08 | D13: 01 | E13: 01 1 | F13: 00 | G13: 00000 | I13: =I14 -> 603205 | J13: =J14 -> 572895 | K13: =прил10!J10 -> 1128038 | L13: =J10-K13 -> 0
A14: Основное мероприятие "Организация культурно-досуговой деятельности" | B14: 001 | C14: 08 | D14: 01 | E14: 01 1 | F14: 01 | G14: 00000 | I14: =I15+I17 -> 603205 | J14: =J15+J17 -> 572895
A15: Реализация мероприятий, направленных на обеспечение выплат заработной платы и начислений на выплаты по оплате труда работников учреждений культуры муниципальных образований городских и сельских поселений | B15: 001 | C15: 08 | D15: 01 | E15: 01 1 | F15: 01 | G15: S3330 | I15: =I16 -> 446000 | J15: =J16 -> 446000
A16: Расходы на выплаты персоналу в целях обеспечения выполнения функций государственными (муниципальными) органами, казенными учреждениями, органами управления государственными внебюджетными фондами | B16: 001 | C16: 08 | D16: 01 | E16: 01 1 | F16: 01 | G16: S3330 | H16: 100 | I16: =+прил10!I119 -> 446000 | J16: =+прил10!J119 -> 446000
A17: Расходы на обеспечение деятельности (оказание услуг) муниципальных учреждений | E17: 01 1 | F17: 01 | G17: С1401 | I17: =SUM(I18:I19) -> 157205 | J17: =SUM(J18:J19) -> 126895
A18: Закупка товаров, работ и услуг для обеспечения государственных (муниципальных) нужд | B18: 001 | C18: 08 | D18: 01 | E18: 01 1 | F18: 01 | G18: С1401 | H18: 200 | I18: =+прил10!I121 -> 135705 | J18: =+прил10!J121 -> 105395
A19: Иные бюджетные ассигнования | B19: 001 | C19: 08 | D19: 01 | E19: 01 1 | F19: 01 | G19: С1401 | H19: 800 | I19: =+прил10!I122 -> 21500 | J19: =+прил10!J122 -> 21500
A20: Подпрограмма «Наследие» муниципальной программы Щекинского сельсовета Рыльского района Курской области «Развитие культуры в Щекинском сельсовете Рыльского района Курской области на 2014-2023 годы» | B20: 001 | C20: 08 | D20: 04 | E20: 01 2 | F20: 00 | G20: 00000 | I20: =+I21 -> 0 | J20: =+J21 -> 0
A21: Основное мероприятие "Осуществление переданных полномочий от муниципального района сельским поселениям по сохранению, использовании и популяризации объектов культурного наследия (памятников истории и культуры), находящихся в собственности поселения, охрана объектов культурного наследия (памятников истории и культуры) местного (муниципального) значения, расположенных на территории поселения" | B21: 001 | C21: 08 | D21: 04 | E21: 01 2 | F21: 02 | G21: 00000 | I21: =+I22 -> 0 | J21: =+J22 -> 0
A22: Осуществление переданных полномочий по созданию условий для проведения мероприятий в области культуры | B22: 001 | C22: 08 | D22: 04 | E22: 01 2 | F22: 02 | G22: П1463 | I22: =+I23 -> 0 | J22: =+J23 -> 0
A23: Закупка товаров, работ и услуг для обеспечения государственных (муниципальных) нужд | B23: 001 | C23: 08 | D23: 04 | E23: 01 2 | F23: 02 | G23: П1463 | H23: 200 | I23: =+прил10!I128 -> 0 | J23: =+прил10!J128 -> 0
A24: Муниципальная программа Щекинского сельсовета Рыльского района Курской области «Социальная поддержка граждан в Щекинском сельсовете Рыльского района Курской области на 2020 – 2022 годы и на период до 2024 года» | E24: 02 0 | F24: 00 | G24: 00000 | I24: =I25 -> 44384 | J24: =J25 -> 44384
A25: Подпрограмма «Социальная поддержка отдельных категорий граждан» муниципальной программы Щекинского сельсовета Рыльского района Курской области «Социальная поддержка граждан в Щекинском сельсовете Рыльского района Курской области на 2020 – 2022 годы и на период до 2024 года» | E25: 02 1 | F25: 00 | G25: 00000 | I25: =I26 -> 44384 | J25: =J26 -> 44384
A26: Основное мероприятие "Предоставление выплат пенсий за выслугу лет, доплат к пенсиям муниципальных служащих муниципального образования" | E26: 02 1 | F26: 01 | G26: 00000 | I26: =I27 -> 44384 | J26: =J27 -> 44384
A27: Выплата пенсий за выслугу лет и доплат к пенсиям муниципальных служащих | E27: 02 1 | F27: 01 | G27: С1445 | I27: =I28 -> 44384 | J27: =J28 -> 44384
A28: Социальное обеспечение и иные выплаты населению | E28: 02 1 | F28: 01 | G28: С1445 | H28: 300 | I28: =прил10!I135 -> 44384 | J28: =прил10!J135 -> 44384
A29: Муниципальная программа Щекинского сельсовета Рыльского района Курской области "Управление муниципальным имуществом и земельными ресурсами Щекинского сельсовета Рыльского района Курской области на 2019 - 2021 годы и на перспективу до 2023 года" | B29: 001 | C29: 04 | D29: 12 | E29: 04 0 | F29: 00 | G29: 00000 | I29: =I30 -> 7500 | J29: =J30 -> 4500
A30: Подпрограмма "Совершенствование системы управления муниципальным имуществом и земельными ресурсами на территории Щекинского сельсовета Рыльского района Курской области муниципальной программы Щекинского сельсовета Рыльского района Курской области "Управление муниципальным имуществом и земельными ресурсами Щекинского сельсовета Рыльского района Курской области на 2019 - 2021 годы и на перспективу до 2023 года" | B30: 001 | C30: 04 | D30: 12 | E30: 04 1 | F30: 00 | G30: 00000 | I30: =I31 -> 7500 | J30: =J31 -> 4500
A31: Основное мероприятие "Проведение муниципальной политики в области имущественных и земельных отношений на территории Щекинского сельсовета Рыльского района Курской области" | B31: 001 | C31: 04 | D31: 12 | E31: 04 1 | F31: 01 | G31: 00000 | I31: =I32+I34 -> 7500 | J31: =J32+J34 -> 4500
A32: Мероприятия в области имущественных отношений | B32: 001 | C32: 04 | D32: 12 | E32: 04 1 | F32: 01 | G32: С1467 | I32: =I33 -> 1500 | J32: =J33 -> 1500
A33: Закупка товаров, работ и услуг для обеспечения государственных (муниципальных) нужд | B33: 001 | C33: 04 | D33: 12 | E33: 04 1 | F33: 01 | G33: С1467 | H33: 200 | I33: =+прил10!I97 -> 1500 | J33: =+прил10!J97 -> 1500
A34: Мероприятия в области земельных отношений | B34: 001 | C34: 04 | D34: 12 | E34: 04 1 | F34: 01 | G34: С1468 | I34: =I35 -> 6000 | J34: =J35 -> 3000
A35: Закупка товаров, работ и услуг для обеспечения государственных (муниципальных) нужд | B35: 001 | C35: 04 | D35: 12 | E35: 04 1 | F35: 01 | G35: С1468 | H35: 200 | I35: =+прил10!I99 -> 6000 | J35: =+прил10!J99 -> 3000
A36: Муниципальная программа Щекинского сельсовета Рыльского района Курской области «Энергосбережение и повышение энергетической эффективности Щекинского сельсовета Рыльского района Курской области на период 2010– 2015 годы и на перспективу до 2020 года» | B36: 001 | C36: 01 | D36: 13 | E36: 05 0 | F36: 00 | G36: 00000 | I36: =+I37 -> 0 | J36: =+J37 -> 0
A37: Подпрограмма"Активизация работы по повышению энергоэффективности на территории Щекинского сельсовета " муниципальной программы Щекинского сельсовета Рыльского района Курской области "Энергосбережение и повышение энергетической эффективности Щекинского сельсовета Рыльского района Курской области на период 2010– 2015 годы и на перспективу до 2020 года» | B37: 001 | C37: 01 | D37: 13 | E37: 05 1 | F37: 00 | G37: 00000 | I37: =+I38 -> 0 | J37: =+J38 -> 0
A38: Основное мероприятие "Проведение эффективной энергосберегающей политики в Щекинском сельсовете Рыльского района Курской области" | B38: 001 | C38: 01 | D38: 13 | E38: 05 1 | F38: 01 | G38: 00000 | I38: =I39 -> 0 | J38: =J39 -> 0
A39: Мероприятия в области энергосбережения | B39: 001 | C39: 01 | D39: 13 | E39: 05 1 | F39: 01 | G39: С1434 | I39: =I40 -> 0 | J39: =J40 -> 0
A40: Закупка товаров, работ и услуг для обеспечения государственных (муниципальных) нужд | B40: 001 | C40: 01 | D40: 13 | E40: 05 1 | F40: 01 | G40: С1434 | H40: 200 | I40: =+прил10!I39 -> 0 | J40: =+прил10!J39 -> 0
A41: Муниципальная программа Щекинского сельсовета Рыльского района Курской области"Обеспечение доступным и комфортным жильем и коммунальными услугами граждан в Щекинском сельсовете Рыльского района Курской области на 2019-2021 годы и на период до 2023 года» | B41: 001 | C41: 05 | D41: 02 | E41: 07 0 | F41: 00 | G41: 00000 | I41: =+I42 -> 10678 | J41: =+J42 -> 10678
A42: Подпрограмма «Создание условий для обеспечения доступным и комфортным жильем граждан в «М/О» муниципальной программы Щекинского сельсовета Рыльского района Курской области "Обеспечение доступным и комфортным жильем и коммунальными услугами граждан в Щекинском сельсовете Рыльского района Курской области на 2019-2021 годы и на период до 2023 года» | B42: 001 | C42: 05 | D42: 03 | E42: 07 1 | F42: 00 | G42: 00000 | I42: =+I43 -> 10678 | J42: =+J43 -> 10678
A43: Основное мероприятие "Создание благоприятных условий для обеспечения надежной работы жилищно-коммунальгого хозяйства в Щекинском сельсовете Рыльского района Курской области" | B43: 001 | C43: 05 | D43: 03 | E43: 07 1 | F43: 01 | G43: 00000 | I43: =I44 -> 10678 | J43: =J44 -> 10678
A44: Мероприятия по благоустройству | B44: 001 | C44: 05 | D44: 03 | E44: 07 1 | F44: 01 | G44: С1433 | I44: =SUM(I45:I45) -> 10678 | J44: =SUM(J45:J45) -> 10678
A45: Закупка товаров, работ и услуг для обеспечения государственных (муниципальных) нужд | B45: 001 | C45: 05 | D45: 03 | E45: 07 1 | F45: 01 | G45: С1433 | H45: 200 | I45: =+прил10!I112 -> 10678 | J45: =+прил10!J112 -> 10678
A46: Подпрограмма «Обеспечение качественными услугами ЖКХ населения Щекинского сельсовета Рыльского района Курской области» муниципальной программы Щекинского сельсовета Рыльского района Курской области «Обеспечение доступным и комфортным жильем и коммунальными услугами граждан в Щекинском сельсовете Рыльского района Курской области на 2014-2018 годы и на период до 2020 года» | B46: 001 | C46: 05 | D46: 02 | E46: 07 2 | F46: 00 | G46: 00000 | I46: =+I47 -> 0 | J46: =+J47 -> 0
A47: Основное мероприятие "Осуществление переданных полномочий от муниципального района сельским поселениям по организации в границах поселения электро-, тепло-, газо- и водоснабжения населения, водоотведения, снабжения населения топливом в пределах полномочий, установленных законодательством Российской Федерации" | B47: 001 | C47: 05 | D47: 02 | E47: 07 2 | F47: 01 | G47: 00000 | I47: =+I48 -> 0 | J47: =+J48 -> 0
A48: Осуществление переданных полномочий в области коммунального хозяйства | B48: 001 | C48: 05 | D48: 02 | E48: 07 2 | F48: 01 | G48: П1431 | I48: =+I49 -> 0 | J48: =+J49 -> 0
A49: Иные бюджетные ассигнования | B49: 001 | C49: 05 | D49: 02 | E49: 07 2 | F49: 01 | G49: П1431 | H49: 800 | I49: =+прил10!I106 -> 0 | J49: =+прил10!J106 -> 0
A50: Муниципальная программа Щекинского сельсовета Рыльского района Курской области «Создание условий, обеспечивающих повышение мотивации жителей муниципального образования к регулярным занятиям физической культурой и спортом и ведению здорового образа жизни в Щекинском сельсовете Рыльского района Курской области на 2015 – 2019 годы и на период до 2020 года" | B50: 001 | C50: 11 | D50: 02 | E50: 08 0 | F50: 00 | G50: 00000 | I50: =I51 -> 1000 | J50: =J51 -> 1000
A51: Подпрограмма «Реализация муниципальной политики в сфере физической культуры и спорта» муниципальной программы Щекинского сельсовета Рыльского района Курской области «Создание условий, обеспечивающих повышение мотивации жителей муниципального образования к регулярным занятиям физической культурой и спортом и ведению здорового образа жизни в Щекинском сельсовете Рыльского района Курской области на 2015 – 2019 годы и на период до 2020 года" | B51: 001 | C51: 11 | D51: 02 | E51: 08 2 | F51: 00 | G51: 00000 | I51: =+I52 -> 1000 | J51: =+J52 -> 1000
A52: Основное мероприятие "Совершенствование системы физического воспитания для различных групп и категорий населения" | B52: 001 | C52: 11 | D52: 02 | E52: 08 2 | F52: 01 | G52: 00000 | I52: =+I53 -> 1000 | J52: =+J53 -> 1000
A53: Создание условий, обеспечивающих повышение мотивации жителей Рыльского района Курской области к регулярным занятиям физической культурой и спортом и ведению здорового образа жизни | B53: 001 | C53: 11 | D53: 02 | E53: 08 2 | F53: 01 | G53: С1406 | I53: =I54 -> 1000 | J53: =J54 -> 1000
A54: Закупка товаров, работ и услуг для обеспечения государственных (муниципальных) нужд | B54: 001 | C54: 11 | D54: 02 | E54: 08 2 | F54: 01 | G54: С1406 | H54: 200 | I54: =+прил10!I142 -> 1000 | J54: =+прил10!J142 -> 1000
A55: Муниципальная программа Щекинского сельсовета Рыльского района Курской области «Развитие муниципальной службы в Щекинском сельсовете на 2014-2023 годы» | B55: 001 | C55: 01 | D55: 13 | E55: 09 0 | F55: 00 | G55: 00000 | I55: =+I56 -> 4295 | J55: =+J56 -> 4295
A56: Подпрограмма «Реализация мероприятий, направленных на развитие муниципальной службы» муниципальной программы «Развитие муниципальной службы в Щекинском сельсовете на 2014-2023 годы» | B56: 001 | C56: 01 | D56: 13 | E56: 09 1 | F56: 00 | G56: 00000 | I56: =+I58 -> 4295 | J56: =+J58 -> 4295
A57: Основное мероприятие "Создание максимальных условий для прохождения муниципальной службы и укомплектования органов местного самоуправления высокопрофессиональными кадрами" | B57: 001 | C57: 01 | D57: 13 | E57: 09 1 | F57: 01 | G57: 00000 | I57: =I58 -> 4295 | J57: =J58 -> 4295
A58: Мероприятия, направленные на развитие муниципальной службы | B58: 001 | C58: 01 | D58: 13 | E58: 09 1 | F58: 01 | G58: С1437 | I58: =+I59 -> 4295 | J58: =+J59 -> 4295
A59: Закупка товаров, работ и услуг для обеспечения государственных (муниципальных) нужд | B59: 001 | C59: 01 | D59: 13 | E59: 09 1 | F59: 01 | G59: С1437 | H59: 200 | I59: =+прил10!I44 -> 4295 | J59: =+прил10!J44 -> 4295
A60: Муниципальная программа Щекинского сельсовета Рыльского района Курской области"Профилактика преступлений и иных правонарушений в Щекинском сельсовете Рыльского района Курской области на 2014-2023 годы" | B60: 001 | C60: 03 | D60: 14 | E60: 12 0 | F60: 00 | G60: 00000 | I60: =+I61 -> 0 | J60: =+J61 -> 0
A61: Подпрограмма «Обеспечение правопорядка на территории муниципального образования» муниципальной программы Щекинского сельсовета Рыльского района Курской области"Профилактика преступлений и иных правонарушений в Щекинском сельсовете Рыльского района Курской области на 2014-2023 годы" | B61: 001 | C61: 03 | D61: 14 | E61: 12 1 | F61: 00 | G61: 00000 | I61: =+I62 -> 0 | J61: =+J62 -> 0
A62: Основное мероприятие"Реализация мероприятий направленных на обеспечение правопорядка на территории муниципального образования" | B62: 001 | C62: 03 | D62: 14 | E62: 12 1 | F62: 01 | G62: 00000 | I62: =+I63+I65 -> 0 | J62: =+J63+J65 -> 0
A63: Реализация мероприятий направленных на обеспечение правопорядка на территории муниципального образования | B63: 001 | C63: 03 | D63: 14 | E63: 12 1 | F63: 01 | G63: С1435 | I63: =I64 -> 0 | J63: =J64 -> 0
A64: Закупка товаров, работ и услуг для обеспечения государственных (муниципальных) нужд | B64: 001 | C64: 03 | D64: 14 | E64: 12 1 | F64: 01 | G64: С1435 | H64: 200 | I64: =+прил10!I83 -> 0 | J64: =+прил10!J83 -> 0
A65: Реализация мероприятий по переданным полномочиям в сфере участия в профилактике терроризма и экстремизма, а также в минимизации и (или) ликвидации последствий проявлений терроризма и экстремизма в границах поселения | B65: 001 | C65: 03 | D65: 14 | E65: 12 1 | F65: 01 | G65: П1435 | I65: =I66 -> 0 | J65: =J66 -> 0
A66: Закупка товаров, работ и услуг для обеспечения государственных (муниципальных) нужд | B66: 001 | C66: 03 | D66: 14 | E66: 12 1 | F66: 01 | G66: П1435 | H66: 200 | I66: =+прил10!I85 -> 0 | J66: =+прил10!J85 -> 0
A67: Муниципальная программа Щекинского сельсовета Рыльского района Курской области «Пожарная безопасность и защита населения и территории Щекинского сельсовета от чрезвычайных ситуаций на 2014-2020 годы и на период до 2023 года" | B67: 001 | C67: 03 | D67: 09 | E67: 13 0 | F67: 00 | G67: 00000 | I67: =+I68+I75 -> 3000 | J67: =+J68+J75 -> 3000
A68: Подпрограмма «Обеспечение комплексной безопасности жизнедеятельности населения от чрезвычайных ситуаций природного и техногенного характера, стабильности техногенной обстановки на территории Щекинского сельсовета Рыльского района Курской области" муниципальной программы Щекинского сельсовета Рыльского района Курской области «Пожарная безопасность и защита населения и территории Щекинского сельсовета Рыльского района Курской области от чрезвычайных ситуаций на 2014-2016 годы и на период до 2020 года" | B68: 001 | C68: 03 | D68: 09 | E68: 13 1 | F68: 00 | G68: 00000 | I68: =+I69+I72 -> 0 | J68: =+J69+J72 -> 0
A69: Основное направление "Осуществление переданных полномочий от муниципального района сельским поселениям в сфере осуществления мероприятий по территориальной обороне и гражданской обороне, защите населения и территории поселения от чрезвычайных ситуаций природного и техногенного характера" | B69: 001 | C69: 03 | D69: 09 | E69: 13 1 | F69: 02 | G69: 00000 | I69: =+I70 -> 0 | J69: =+J70 -> 0
A70: Осуществление переданных полномочий в области гражданской обороны, защиты населения и территорий от чрезвычайных ситуаций, безопасности людей на водных объектах | B70: 001 | C70: 03 | D70: 09 | E70: 13 1 | F70: 02 | G70: П1460 | I70: =+I71 -> 0 | J70: =+J71 -> 0
A71: Закупка товаров, работ и услуг для обеспечения государственных (муниципальных) нужд | B71: 001 | C71: 03 | D71: 09 | E71: 13 1 | F71: 02 | G71: П1460 | H71: 200 | I71: =+прил10!I68 -> 0 | J71: =+прил10!J68 -> 0
A72: Основное направление "Осуществление переданных полномочий от муниципального района сельским поселениям в сфере создания, содержания и организации деятельности аварийно-спасательных служб и (или) аварийно-спасательных формирований на территории поселения" | B72: 001 | C72: 03 | D72: 09 | E72: 13 1 | F72: 03 | G72: 00000 | I72: =+I73 -> 0 | J72: =+J73 -> 0
A73: Осуществление переданных полномочий в области гражданской обороны, защиты населения и территорий от чрезвычайных ситуаций, безопасности людей на водных объектах | B73: 001 | C73: 03 | D73: 09 | E73: 13 1 | F73: 03 | G73: П1460 | I73: =+I74 -> 0 | J73: =+J74 -> 0
A74: Закупка товаров, работ и услуг для обеспечения государственных (муниципальных) нужд | B74: 001 | C74: 03 | D74: 09 | E74: 13 1 | F74: 03 | G74: П1460 | H74: 200 | I74: =+прил10!I71 -> 0 | J74: =+прил10!J71 -> 0
A75: Подпрограмма «Обеспечение комплексной безопасности жизнедеятельности населения от чрезвычайных ситуаций природного и техногенного характера, стабильности техногенной обстановки» муниципальной программы Щекинского сельсовета Рыльского района Курской области «Пожарная безопасность и защита населения и территории Щекинского сельсовета от чрезвычайных ситуаций на 2014-2020 годы и на период до 2023 года" | B75: 001 | C75: 03 | D75: 10 | E75: 13 2 | F75: 00 | G75: 00000 | I75: =+I76 -> 3000 | J75: =+J76 -> 3000
A76: Основное мероприятие "Организация работы по предупреждению и пресечению нарушений требований пожарной безопасности и правил поведения на водных объектах" | B76: 001 | C76: 03 | D76: 10 | E76: 13 2 | F76: 01 | G76: 00000 | I76: =I77 -> 3000 | J76: =J77 -> 3000
A77: Расходы муниципального образования на обеспечения мер правовой и социальной защиты добровольных пожарных и поддержки общественных объединений пожарной охраны на территории муниципального образования | B77: 001 | C77: 03 | D77: 10 | E77: 13 2 | F77: 01 | G77: С1478 | I77: =+I78 -> 3000 | J77: =+J78 -> 3000
A78: Закупка товаров, работ и услуг для обеспечения государственных (муниципальных) нужд | B78: 001 | C78: 03 | D78: 10 | E78: 13 2 | F78: 01 | G78: С1478 | H78: 200 | I78: =+прил10!I77 -> 3000 | J78: =+прил10!J77 -> 3000
A79: Обеспечение функционирования главы муниципального образования | B79: 001 | C79: 01 | D79: 02 | E79: 71 0 | F79: 00 | G79: 00000 | I79: =+I80 -> 117180 | J79: =+J80 -> 117180
A80: Глава муниципального образования | B80: 001 | C80: 01 | D80: 02 | E80: 71 1 | F80: 00 | G80: 00000 | I80: =+I81 -> 117180 | J80: =+J81 -> 117180
A81: Обеспечение деятельности и выполнение функций органов местного самоуправления | B81: 001 | C81: 01 | D81: 02 | E81: 71 1 | F81: 00 | G81: С1402 | I81: =+I82 -> 117180 | J81: =+J82 -> 117180
A82: Расходы на выплаты персоналу в целях обеспечения выполнения функций государственными (муниципальными) органами, казенными учреждениями, органами управления государственными внебюджетными фондами | B82: 001 | C82: 01 | D82: 02 | E82: 71 1 | F82: 00 | G82: С1402 | H82: 100 | I82: =+прил10!I18 -> 117180 | J82: =+прил10!J18 -> 117180
A83: Обеспечение функционирования местных администраций | B83: 001 | C83: 01 | D83: 04 | E83: 73 0 | F83: 00 | G83: 00000 | I83: =+I84 -> 133960 | J83: =+J84 -> 133960
A84: Обеспечение деятельности администрации муниципального образования | B84: 001 | C84: 01 | D84: 04 | E84: 73 1 | F84: 00 | G84: 00000 | I84: =+I85 -> 133960 | J84: =+J85 -> 133960
A85: Обеспечение деятельности и выполнение функций органов местного самоуправления | B85: 001 | C85: 01 | D85: 04 | E85: 73 1 | F85: 00 | G85: С1402 | I85: =SUM(I86:I87) -> 133960 | J85: =SUM(J86:J87) -> 133960
A86: Расходы на выплаты персоналу в целях обеспечения выполнения функций государственными (муниципальными) органами, казенными учреждениями, органами управления государственными внебюджетными фондами | B86: 001 | C86: 01 | D86: 04 | E86: 73 1 | F86: 00 | G86: С1402 | H86: 100 | I86: =+прил10!I23 -> 133960 | J86: =+прил10!J23 -> 133960
A87: Закупка товаров, работ и услуг для обеспечения государственных (муниципальных) нужд | B87: 001 | C87: 01 | D87: 04 | E87: 73 1 | F87: 00 | G87: С1402 | H87: 200 | I87: =+прил10!I24 -> 0 | J87: =+прил10!J24 -> 0
A88: Обеспечение деятельности контрольно-счетных органов муниципального образования | B88: 001 | C88: 01 | D88: 06 | E88: 74 0 | F88: 00 | G88: 00000 | I88: =+I89 -> 36000 | J88: =+J89 -> 36000
A89: Аппарат контрольно-счетного органа муниципального образования | B89: 001 | C89: 01 | D89: 06 | E89: 74 3 | F89: 00 | G89: 00000 | I89: =+I90 -> 36000 | J89: =+J90 -> 36000
A90: Иные межбюджетные трансферты на осуществление переданных полномочий в сфере внешнего муниципального финансового контроля | B90: 001 | C90: 01 | D90: 06 | E90: 74 3 | F90: 00 | G90: П1484 | I90: =+I91 -> 36000 | J90: =+J91 -> 36000
A91: Межбюджетные трансферты | B91: 001 | C91: 01 | D91: 06 | E91: 74 3 | F91: 00 | G91: П1484 | H91: 500 | I91: =+прил10!I29 -> 36000 | J91: =+прил10!J29 -> 36000
A92: Реализация государственных функций, связанных с общегосударственным управлением | B92: 001 | C92: 01 | D92: 13 | E92: 76 0 | F92: 00 | G92: 00000 | I92: =+I93 -> 55248 | J92: =+J93 -> 48015
A93: Выполнение других обязательств органа местного самоуправления | B93: 001 | C93: 01 | D93: 13 | E93: 76 1 | F93: 00 | G93: 00000 | I93: =I94 -> 55248 | J93: =J94 -> 48015
A94: Выполнение других (прочих) обязательств органа местного самоуправления | B94: 001 | C94: 01 | D94: 13 | E94: 76 1 | F94: 00 | G94: С1404 | I94: =SUM(I95:I96) -> 55248 | J94: =SUM(J95:J96) -> 48015
A95: Закупка товаров, работ и услуг для обеспечения государственных (муниципальных) нужд | B95: 001 | C95: 01 | D95: 13 | E95: 76 1 | F95: 00 | G95: С1404 | H95: 200 | I95: =+прил10!I48 -> 40953 | J95: =+прил10!J48 -> 33720
A96: Иные бюджетные ассигнования | B96: 001 | C96: 01 | D96: 13 | E96: 76 1 | F96: 00 | G96: С1404 | H96: 800 | I96: =+прил10!I49 -> 14295 | J96: =+прил10!J49 -> 14295
A97: Непрограммная деятельность органов местного самоуправления | B97: 001 | C97: 01 | D97: 06 | E97: 77 0 | F97: 00 | G97: 00000 | I97: =+I98 -> 96858 | J97: =+J98 -> 100416
A98: Непрограммные расходы органов местного самоуправления | B98: 001 | C98: 01 | D98: 06 | E98: 77 2 | F98: 00 | G98: 00000 | I98: =+I99+I102+I104+I106 -> 96858 | J98: =+J99+J102+J104+J106 -> 100416
A99: Осуществление первичного воинского учета на территориях, где отсутствуют военные комиссариаты | B99: 001 | C99: 02 | D99: 03 | E99: 77 2 | F99: 00 | G99: 51180 | I99: =SUM(I100:I101) -> 90188 | J99: =SUM(J100:J101) -> 93746
A100: Расходы на выплаты персоналу в целях обеспечения выполнения функций государственными (муниципальными) органами, казенными учреждениями, органами управления государственными внебюджетными фондами | B100: 001 | C100: 02 | D100: 03 | E100: 77 2 | F100: 00 | G100: 51180 | H100: 100 | I100: =+прил10!I60 -> 76557.6 | J100: =+прил10!J60 -> 76557.6
A101: Закупка товаров, работ и услуг для обеспечения государственных (муниципальных) нужд | B101: 001 | C101: 02 | D101: 03 | E101: 77 2 | F101: 00 | G101: 51180 | H101: 200 | I101: =+прил10!I61 -> 13630.4 | J101: =+прил10!J61 -> 17188.4
...

Sheet прил13
A1: Приложение №13
A2: к решению Собрания Депутатов Щекинского сельсовета
A3: Рыльского района от _______ № ____
A4: "О бюджете Щекинского сельсовета Рыльского района
A5: Курской области на 2021 год и плановый период 2022-2023 годы"
A8: Программа муниципальных внутренних заимствований Щекинского сельсовета
A9: Рыльского района Курской области на 2021 год
B12: 1. Привлечение внутренних заимствований
C13: рублей
A14: № п/п | B14: Виды заимствований | C14: Объем привлечения средств в 2021г.
A15: 1 | B15: Муниципальные ценные бумаги | C15: -
A16: 2 | B16: Бюджетные кредиты от других бюджетов бюджетной системы Российской Федерации | C16: =+прил1!C19 -> 0
A17: 3 | B17: Кредиты кредитных организаций | C17: =+прил1!C14 -> 0
B18: Итого | C18: =+C16+C17 -> 0
B21: 2. Погашение внутренних заимствований
A24: № п/п | B24: Виды заимствований | C24: Объем погашения средств в 2021 г.
A25: 1 | B25: Муниципальные ценные бумаги
A26: 2 | B26: Бюджетные кредиты от других бюджетов бюджетной системы Российской Федерации | C26: =+прил1!C21 -> 0
A27: 3 | B27: Кредиты кредитных организаций | C27: =+прил1!C16 -> 0
B28: Итого | C28: =SUM(C26:C27) -> 0

Sheet прил14
A1: Приложение № 14
A2: к решению Собрания Депутатов Щекинского сельсовета
A3: Рыльского района от _______ №_____
A4: "О бюджете Щекинского сельсовета Рыльского района
A5: Курской области на 2021 год и плановый период 2022-2023годы"
A7: Программа муниципальных внутренних заимствований Щекинского сельсовета
A8: Рыльского района Курской области на 2022-2023 годы
B11: 1. Привлечение внутренних заимствований
C12: рублей
A13: № п/п | B13: Виды заимствований | C13: Объем привлечения средств в 2022г. | D13: Объем привлечения средств в 2023г.
A14: 1 | B14: Муниципальные ценные бумаги | C14: - | D14: -
A15: 2 | B15: Бюджетные кредиты от других бюджетов бюджетной системы Российской Федерации | C15: =+прил2!C19 -> 0 | D15: =+прил2!D19 -> 0
A16: 3 | B16: Кредиты кредитных организаций | C16: =+прил2!C14 -> 0 | D16: =+прил2!D14 -> 0
B17: Итого | C17: =SUM(C15:C16) -> 0 | D17: =SUM(D15:D16) -> 0
B20: 2. Погашение внутренних заимствований
C22: рублей
A23: № п/п | B23: Виды заимствований | C23: Объем погашения средств в 2022 г. | D23: Объем погашения средств в 2023 г.
A24: 1 | B24: Муниципальные ценные бумаги
A25: 2 | B25: Бюджетные кредиты от других бюджетов бюджетной системы Российской Федерации | C25: =+прил2!C21 -> 0 | D25: =+прил2!D21 -> 0
A26: 3 | B26: Кредиты кредитных организаций | C26: =+прил2!C16 -> 0 | D26: =+прил2!D16 -> 0
B27: Итого | C27: =SUM(C25:C26) -> 0 | D27: =SUM(D25:D26) -> 0

Sheet прил15
A1: Приложение №15
A2: к решению Собрания Депутатов Щекинского сельсовета
A3: Рыльского района от ________ №____
A4: "О бюджете Щекинского сельсовета Рыльского района
A5: Курской области на 2021 год и на плановый период 2022 и 2023 годов"
B8: Программа муниципальных гарантий
A9: Щекинского сельсовета Рыльского района Курской области на 2021 год
A11: 1.1. Перечень подлежащих предоставлению муниципальных гарантий Щекинского сельсовета Рыльского района в 2021 году
B13: Направление (цель) гарантирования | C13: Наименование принципала | D13: Объем гарантий , рублей | E13: Наличие (отсутствие)права регрессного требования | F13: Наименование кредитора | G13: Срок действия гарантии
A14: 1 | B14: 2 | C14: 3 | D14: 4 | E14: 5 | F14: 6 | G14: 7
B15: - | C15: - | D15: 0 | E15: - | F15: - | G15: -
B16: ВСЕГО | D16: 0
A17: 1.2. Общий объем бюджетных ассигнований, предусмотренных на исполнение муниципальных гарантий
A18: Щекинского сельсовета Рыльского района по возможным гарантийным случаям, в 2021 году
A20: Исполнение муниципальных гарантий Щекинского сельсовета Рыльского района | D20: Объем бюджетных ассигнований на исполнение гарантий по возможным гарантийным случаям, рублей
A21: За счет источников финансирования дефицита бюджета | D21: 0
A22: За счет расходов бюджета | D22: 0

Sheet прил16
A1: Приложение №16
A2: к решению Собрания Депутатов Щекинского сельсовета
A3: Рыльского района от ________ № ____
A4: "О бюджете Щекинского сельсовета Рыльского района
A5: Курской области на 2021 год и на плановый период 2022 и 2023 годов"
B8: Программа муниципальных гарантий
A9: Щекинского сельсовета Рыльского района Курской области в плановом периоде 2022 и 2023 годов
A11: 1.1. Перечень подлежащих предоставлению муниципальных гарантий Щекинского сельсовета Рыльского района в плановом периоде 2022 и 2023 годов
B13: Направление (цель) гарантирования | C13: Наименование принципала | D13: Объем гарантий , рублей | E13: Наличие (отсутствие)права регрессного требования | F13: Наименование кредитора | G13: Срок действия гарантии
A14: 1 | B14: 2 | C14: 3 | D14: 4 | E14: 5 | F14: 6 | G14: 7
B15: - | C15: - | D15: 0 | E15: - | F15: - | G15: -
B16: ВСЕГО | D16: 0
A17: 1.2. Общий объем бюджетных ассигнований, предусмотренных на исполнение муниципальных гарантий
A18: Щекинского сельсовета Рыльского района по возможным гарантийным случаям, в плановом периоде 2022 и 2023 годов
A20: Исполнение муниципальных гарантий Щекинского сельсовета Рыльского района | D20: Объем бюджетных ассигнований на исполнение гарантий по возможным гарантийным случаям в 2022 году, рублей | F20: Объем бюджетных ассигнований на исполнение гарантий по возможным гарантийным случаям в 2023 году, рублей
A21: За счет источников финансирования дефицита бюджета | D21: 0 | F21: 0
A22: За счет расходов бюджета

Sheet прил17
A1: Приложение №17
A2: к решению Собрания Депутатов Щекинского сельсовета
A3: Рыльского района от ________ №_____
A4: "О бюджетеЩекинскогоо сельсовета Рыльского района
A5: Курской области на 2021 год и плановый период 2022-2023 годы"
A8: РАСПРЕДЕЛЕНИЕ БЮДЖЕТНЫХ АССИГНОВАНИЙ НА ПРЕДОСТАВЛЕНИЕ МЕЖБЮДЖЕТНЫХ ТРАНСФЕРТОВ БЮДЖЕТУ РЫЛЬСКОГО РАЙОНА КУРСКОЙ ОБЛАСТИ ПО ЦЕЛЕВЫМ СТАТЬЯМ, РАЗДЕЛАМ И ПОДРАЗДЕЛАМ НА 2021 ГОД И ПЛАНОВЫЙ ПЕРИОД 2022 И 2023 ГОДОВ
H9: руб.
A10: Наименование | B10: ЦСР | D10: Рз | E10: ПР | F10: Сумма на 2022 год | G10: Сумма на 2022 год | H10: Сумма на 2023 год
A11: В С Е Г О | F11: =+F12+F14 -> 42670 | G11: =+G12+G14 -> 42670 | H11: =+H12+H14 -> 42670
A12: Аппарат контрольно-счетного органа муниципального образования | B12: 74 3 00 | C12: 00000 | D12: 00 | E12: 00 | F12: =+F13 -> 36000 | G12: =+G13 -> 36000 | H12: =+H13 -> 36000
A13: Иные межбюджетные трансферты на осуществление переданных полномочий в сфере внешнего муниципального финансового контроля | B13: 74 3 00 | C13: П1484 | D13: 01 | E13: 06 | F13: 36000 | G13: 36000 | H13: 36000
A14: Непрограммные расходы органов местного самоуправления | B14: 77 2 00 | C14: 00000 | D14: 00 | E14: 00 | F14: =+F15 -> 6670 | G14: =+G15 -> 6670 | H14: =+H15 -> 6670
A15: Осуществление переданных полномочий от поселений муниципальному району в сфере внутреннего муниципального финансового контроля | B15: 77 2 00 | C15: П1485 | D15: 01 | E15: 06 | F15: 6670 | G15: 6670 | H15: 6670
